Workbook

Sheet Лист1
B1: библиотеки 2019 | E1: ИТОГО | G1: 2018 | H1: 2019
A2: 1 | B2: Число посещений библиотеки | C2: ='биб-ки'!DZ34 -> 3848.278 | D2: 3.241 | E2: =C2+D2 -> 3851.519
B3: б-ки кду | C3: ='биб-ки'!#REF! -> #REF! | E3: =C3+D3 -> #REF!
B4: ВСЕГО | E4: =SUM(E2:E3) -> #REF! | H4: =E4 -> #REF!
B5: число посещений КИБО | C5: 3.241 | E5: =C5+D5 -> 3.241
B6: библиотеки 2018
B7: Число посещений библиотеки | C7: ='биб-ки'!DY34 -> 3339.593 | D7: 3.121 | E7: =C7+D7 -> 3342.714
B8: б-ки кду | C8: ='биб-ки'!#REF! -> #REF! | E8: =C8+D8 -> #REF!
B9: ВСЕГО | E9: =SUM(E7:E8) -> #REF! | G9: =E9 -> #REF!
B10: число посещений КИБО | C10: 3.121 | E10: =C10+D10 -> 3.121
B12: КДУ 2019
A13: 2 | B13: к-во посещений плат.меропр. | C13: =#REF!/1000 -> #REF! | E13: =C13+D13 -> #REF! | H13: =E13 -> #REF!
B14: к-во уч. КДФ | C14: =#REF!/1000 -> #REF! | E14: =C14+D14 -> #REF! | H14: =E14 -> #REF!
B15: к-во посещ.меропр.с пр.сп.тр. Из общего числа | C15: =1838/1000 -> 1.838 | E15: =C15+D15 -> 1.838
B16: КДУ 2018
A17: 2 | B17: к-во посещений плат.меропр. | C17: =#REF!/1000 -> #REF! | E17: =C17+D17 -> #REF! | G17: =E17 -> #REF!
B18: к-во уч. КДФ | C18: =#REF!/1000 -> #REF! | E18: =C18+D18 -> #REF! | G18: =E18 -> #REF!
B19: к-во посещ.меропр.с пр.сп.тр. Из общего числа | C19: =2456/1000 -> 2.456 | E19: =C19+D19 -> 2.456
B21: музеи 2019
B22: Число посещений музея - всего | C22: =#REF! -> #REF! | E22: =C22+D22 -> #REF! | H22: =E22 -> #REF!
B23: музеи 2018
B24: Число посещений музея - всего | C24: =#REF! -> #REF! | E24: =C24+D24 -> #REF! | G24: =E24 -> #REF!
B26: театры 2019
B27: Численность зрителей на мероп, провед.собств.силами | C27: =#REF! -> #REF! | E27: =C27+D27 -> #REF! | F27: 330.2
B28: негос театры | D28: 34.3 | E28: =C28+D28 -> 34.3
B29: ИТОГО | C29: =C27+C28 -> #REF! | D29: =D27+D28 -> 34.3 | E29: =C29+D29 -> #REF! | H29: =E29 -> #REF!
B30: театры 2018
B31: Численность зрителей на мероп, провед.собств.силами | C31: =#REF! -> #REF! | E31: =C31+D31 -> #REF! | F31: 399.4
B32: негос театры | D32: 36.7 | E32: =C32+D32 -> 36.7
B33: ИТОГО | C33: =C31+C32 -> #REF! | D33: =D31+D32 -> 36.7 | E33: =C33+D33 -> #REF! | G33: =E33 -> #REF!
B35: Концертн.орг.2019
B36: Число зрителей на мер-х, провед.в пред.своего субъекта РФ | C36: =Конц.!AK12 -> 178.5 | E36: =C36+D36 -> 178.5 | H36: =E36 -> 178.5
B37: Концертн.орг.2018
B38: Число зрителей на мер-х, провед.в пред.своего субъекта РФ | C38: =Конц.!AJ12 -> 253.9 | E38: =C38+D38 -> 253.9 | G38: =E38 -> 253.9
B40: зоопарки 2019
B41: Число посещений - всего | C41: =зоопарк!N9 -> 66.3 | E41: =C41+D41 -> 66.3 | H41: =E41 -> 66.3
B42: зоопарки 2019
B43: Число посещений - всего | C43: =зоопарк!M9 -> 61.7 | E43: =C43+D43 -> 61.7 | G43: =E43 -> 61.7
G44: =SUM(G2:G43) -> #REF! | H44: =SUM(H2:H43) -> #REF!
B45: числ.насел получ.услуги автоклубов
B46: библиотеки | G46: =E10 -> 3.121 | H46: =E5 -> 3.241
B47: КДУ | G47: =E19 -> 2.456 | H47: =E15 -> 1.838
B48: ИТОГО | G48: =SUM(G46:G47) -> 5.577 | H48: =SUM(H46:H47) -> 5.079
G50: =G44+G48 -> #REF! | H50: =H44+H48 -> #REF!

Sheet УК гг
A1: Количество учреждений культуры и образования сферы культуры Томской области (сет.ед.)
A2: Наименование учреждений | B2: Количество муниципальных учреждений (МУ) | D2: Количество областных учреждений (ОУ) | F2: ВСЕГО
B3: 2022 | C3: 2023 | D3: 2022 | E3: 2023 | F3: 2022 | G3: 2023
A4: Клубы | B4: 272 | C4: 269 | D4: 4 | E4: 4 | F4: =B4+D4 -> 276 | G4: =C4+E4 -> 273
A5: Библиотеки | B5: 318 | C5: 317 | D5: 2 | E5: 2 | F5: =B5+D5 -> 320 | G5: =C5+E5 -> 319
A6: ДМШ, ДШИ, ДХШ | B6: 24 | C6: 24 | D6: 6 | E6: 6 | F6: =B6+D6 -> 30 | G6: =C6+E6 -> 30
A7: Музеи (всего / в т.ч. филиалы / в т.ч.структурные подразделения) | B7: 9/1/1 | C7: 10/1/1 | D7: 8/6 | E7: 8/6 | F7: 17/7/1 | G7: 18/7/1
A8: Театры | B8: 2 | C8: 2 | D8: 3 | E8: 3 | F8: =B8+D8 -> 5 | G8: =C8+E8 -> 5
A9: Филармония | D9: 1 | E9: 1 | F9: =B9+D9 -> 1 | G9: =C9+E9 -> 1
A10: Учреждения среднего профессионального образования | D10: 2 | E10: 2 | F10: =B10+D10 -> 2 | G10: =C10+E10 -> 2
A11: ТОИУМЦКИ | D11: 1 | E11: 1 | F11: =B11+D11 -> 1 | G11: =C11+E11 -> 1
A12: Центр по охране памятников | D12: 1 | E12: 1 | F12: =B12+D12 -> 1 | G12: =C12+E12 -> 1
A13: Северский природный парк (зоопарк) | B13: 1 | C13: 1 | F13: =B13+D13 -> 1 | G13: =C13+E13 -> 1
A14: Архивы | B14: 1 | C14: 1 | D14: 2 | E14: 2 | F14: =B14+D14 -> 3 | G14: =C14+E14 -> 3
A15: Итого учреждений культуры (в т.ч. филиалы и структурные подразделения): | B15: =SUM(B4:B6)+9+SUM(B8:B14) -> 627 | C15: =SUM(C4:C6)+10+SUM(C8:C14) -> 624 | D15: =SUM(D4:D6)+SUM(D8:D14)+8 -> 30 | E15: =SUM(E4:E6)+SUM(E8:E14)+8 -> 30 | F15: =SUM(F4:F6)+SUM(F8:F14)+17 -> 657 | G15: =SUM(G4:G6)+SUM(G8:G14)+18 -> 654
A16: ЦДСО "Томь" * | D16: 1 | F16: =B16+D16 -> 1 | G16: =C16+E16 -> 0
A17: ВСЕГО: | B17: =B15+B16 -> 627 | C17: =C15+C16 -> 624 | D17: =D15+D16 -> 31 | E17: =E15+E16 -> 30 | F17: =F15+F16 -> 658 | G17: =G15+G16 -> 654
A19: В том числе: Структурные подразделения учр-ний культуры, осуществляющие библиотечную деятельность (справочно) | B19: 2 | C19: 2 | F19: =B19+D19 -> 2
A21: *) ЦДСО "Томь"- основной ОКВЭД: 55.90 (Деятельность по предоставлению прочих мест для временного проживания)

Sheet Кол-во УК
A1: Количество учреждений культуры, искусства и образования сферы культуры Томской области в разрезе муниципальных образований
A3: Наименование | B3: Код стр. | C3: Количество учреждений культуры, искусства и образования сферы культуры , сет.ед.
C4: ВСЕГО | E4: в том числе:
E5: культурно-досуговые учреждения | G5: библиотеки | I5: ДМШ, ДШИ, ДХШ | K5: музеи (всего / в т.ч. филиалы / в т.ч.структурные подразделения) | M5: театрально-зрелищные учреждения | O5: учреждения среднего профессионального образования | Q5: ТОИУМЦКИ | S5: зоопарк | U5: архивы | W5: Центр по охране памятников
C6: 2022 | D6: 2023 | E6: 2022 | F6: 2023 | G6: 2022 | H6: 2023 | I6: 2022 | J6: 2023 | K6: 2022 | L6: 2023 | M6: 2022 | N6: 2023 | O6: 2022 | P6: 2023 | Q6: 2022 | R6: 2023 | S6: 2022 | T6: 2023 | U6: 2022 | V6: 2023 | W6: 2022 | X6: 2023
B7: 1 | C7: 2 | D7: 3 | E7: 4 | F7: 5 | G7: 6 | H7: 7 | I7: 8 | J7: 9 | K7: 10 | L7: 11 | M7: 12 | N7: 13 | O7: 14 | P7: 15 | Q7: 16 | R7: 17 | S7: 18 | T7: 19 | U7: 20 | V7: 21 | W7: 22 | X7: 23
A8: Александровский | B8: 01 | C8: =E8+G8+I8+K8+M8+O8+Q8+S8+U8+W8 -> 17 | D8: =F8+H8+J8+L8+N8+P8+R8+T8+V8+X8 -> 17 | E8: 8 | F8: 7 | G8: 8 | H8: 8 | I8: 1 | J8: 1 | L8: 1
A9: Асиновский | B9: 02 | C9: =E9+G9+I9+K9+M9+O9+Q9+S9+U9+W9 -> 37 | D9: =F9+H9+J9+L9+N9+P9+R9+T9+V9+X9 -> 37 | E9: 17 | F9: 17 | G9: 20 | H9: 20
A10: Бакчарский | B10: 03 | C10: =E10+G10+I10+K10+M10+O10+Q10+S10+U10+W10 -> 32 | D10: =F10+H10+J10+L10+N10+P10+R10+T10+V10+X10 -> 32 | E10: 18 | F10: 18 | G10: 13 | H10: 13 | K10: 1 | L10: 1
A11: Верхнекетский | B11: 04 | C11: =E11+G11+I11+K11+M11+O11+Q11+S11+U11+W11 -> 22 | D11: =F11+H11+J11+L11+N11+P11+R11+T11+V11+X11 -> 21 | E11: 9 | F11: 9 | G11: 13 | H11: 12
A12: Зырянский | B12: 05 | C12: =E12+G12+I12+K12+M12+O12+Q12+S12+U12+W12 -> 40 | D12: =F12+H12+J12+L12+N12+P12+R12+T12+V12+X12 -> 40 | E12: 21 | F12: 21 | G12: 18 | H12: 18 | K12: 1 | L12: 1
A13: Каргасокский | B13: 06 | C13: =E13+G13+I13+K13+M13+O13+Q13+S13+U13+W13 -> 41 | D13: =F13+H13+J13+L13+N13+P13+R13+T13+V13+X13 -> 41 | E13: 18 | F13: 18 | G13: 22 | H13: 22 | I13: 1 | J13: 1
A14: Кожевниковский | B14: 07 | C14: =E14+G14+I14+K14+M14+O14+Q14+S14+U14+W14 -> 45 | D14: =F14+H14+J14+L14+N14+P14+R14+T14+V14+X14 -> 45 | E14: 24 | F14: 24 | G14: 21 | H14: 21
A15: Колпашевский | B15: 08 | C15: =E15+G15+I15+K15+M15+O15+Q15+S15+U15+W15 -> 43 | D15: =F15+H15+J15+L15+N15+P15+R15+T15+V15+X15 -> 43 | E15: 17 | F15: 17 | G15: 25 | H15: 25 | U15: 1 | V15: 1
A16: Кривошеинский | B16: 09 | C16: =E16+G16+I16+K16+M16+O16+Q16+S16+U16+W16 -> 28 | D16: =F16+H16+J16+L16+N16+P16+R16+T16+V16+X16 -> 28 | E16: 15 | F16: 15 | G16: 13 | H16: 13
A17: Молчановский | B17: 10 | C17: =E17+G17+I17+K17+M17+O17+Q17+S17+U17+W17 -> 22 | D17: =F17+H17+J17+L17+N17+P17+R17+T17+V17+X17 -> 22 | E17: 8 | F17: 8 | G17: 13 | H17: 13 | I17: 1 | J17: 1
A18: Парабельский | B18: 11 | C18: =E18+G18+I18+K18+M18+O18+Q18+S18+U18+W18 -> 31 | D18: =F18+H18+J18+L18+N18+P18+R18+T18+V18+X18 -> 31 | E18: 12 | F18: 12 | G18: 17 | H18: 17 | I18: 1 | J18: 1 | K18: 1 | L18: 1
A19: Первомайский | B19: 12 | C19: =E19+G19+I19+2+M19+O19+Q19+S19+U19+W19 -> 45 | D19: =F19+H19+J19+2+N19+P19+R19+T19+V19+X19 -> 45 | E19: 22 | F19: 22 | G19: 20 | H19: 20 | I19: 1 | J19: 1 | K19: 2/1ф | L19: 2/1ф
A20: Тегульдетский | B20: 13 | C20: =E20+G20+I20+K20+M20+O20+Q20+S20+U20+W20 -> 12 | D20: =F20+H20+J20+L20+N20+P20+R20+T20+V20+X20 -> 12 | E20: 6 | F20: 6 | G20: 6 | H20: 6
A21: Томский | B21: 14 | C21: =E21+G21+I21+K21+M21+O21+Q21+S21+U21+W21 -> 82 | D21: =F21+H21+J21+L21+N21+P21+R21+T21+V21+X21 -> 82 | E21: 39 | F21: 39 | G21: 39 | H21: 39 | I21: 4 | J21: 4
A22: Чаинский | B22: 15 | C22: =E22+G22+I22+K22+M22+O22+Q22+S22+U22+W22 -> 32 | D22: =F22+H22+J22+L22+N22+P22+R22+T22+V22+X22 -> 32 | E22: 14 | F22: 14 | G22: 16 | H22: 16 | I22: 2 | J22: 2
A23: Шегарский | B23: 16 | C23: =E23+G23+I23+K23+M23+O23+Q23+S23+U23+W23 -> 31 | D23: =F23+H23+J23+L23+N23+P23+R23+T23+V23+X23 -> 29 | E23: 14 | F23: 12 | G23: 16 | H23: 16 | K23: 1 | L23: 1
A24: г.Кедровый | B24: 17 | C24: =E24+G24+I24+K24+M24+O24+Q24+S24+U24+W24 -> 5 | D24: =F24+H24+J24+L24+N24+P24+R24+T24+V24+X24 -> 5 | E24: 2 | F24: 2 | G24: 2 | H24: 2 | I24: 1 | J24: 1
A25: г.Стрежевой | B25: 18 | C25: =E25+G25+I25+1+M25+O25+Q25+S25+U25+W25 -> 5 | D25: =F25+H25+J25+1+N25+P25+R25+T25+V25+X25 -> 5 | E25: 1 | F25: 1 | G25: 2 | H25: 2 | I25: 1 | J25: 1 | K25: 1стр.подр. | L25: 1стр.подр.
A26: г.Томск | B26: 19 | C26: =E26+G26+I26+K26+M26+O26+Q26+S26+U26+W26 -> 40 | D26: =F26+H26+J26+L26+N26+P26+R26+T26+V26+X26 -> 40 | E26: 5 | F26: 5 | G26: 26 | H26: 26 | I26: 8 | J26: 8 | K26: 1 | L26: 1
A27: ЗАТО Северск | B27: 20 | C27: =E27+G27+I27+K27+M27+O27+Q27+S27+U27+W27 -> 17 | D27: =F27+H27+J27+L27+N27+P27+R27+T27+V27+X27 -> 17 | E27: 2 | F27: 2 | G27: 8 | H27: 8 | I27: 3 | J27: 3 | K27: 1 | L27: 1 | M27: 2 | N27: 2 | S27: 1 | T27: 1
A28: Итого МУ: | B28: 21 | C28: =SUM(C8:C27) -> 627 | D28: =SUM(D8:D27) -> 624 | E28: =SUM(E8:E27) -> 272 | F28: =SUM(F8:F27) -> 269 | G28: =SUM(G8:G27) -> 318 | H28: =SUM(H8:H27) -> 317 | I28: =SUM(I8:I27) -> 24 | J28: =SUM(J8:J27) -> 24 | K28: 9/1/1 | L28: 10/1/1 | M28: =SUM(M8:M27) -> 2 | N28: =SUM(N8:N27) -> 2 | O28: =SUM(O8:O27) -> 0 | P28: =SUM(P8:P27) -> 0 | Q28: =SUM(Q8:Q27) -> 0 | R28: =SUM(R8:R27) -> 0 | S28: =SUM(S8:S27) -> 1 | T28: =SUM(T8:T27) -> 1 | ... X28: =SUM(X8:X27) -> 0
A29: Областные учреждения | B29: 22 | C29: =E29+G29+I29+8+M29+O29+Q29+S29+U29+W29 -> 30 | D29: =F29+H29+J29+8+N29+P29+R29+T29+V29+X29 -> 30 | E29: 4 | F29: 4 | G29: 2 | H29: 2 | I29: 6 | J29: 6 | K29: 8/6 | L29: 8/6 | M29: 4 | N29: 4 | O29: 2 | P29: 2 | Q29: 1 | R29: 1 | U29: 2 | V29: 2 | W29: 1 | X29: 1
A30: ВСЕГО: | B30: 23 | C30: =C28+C29 -> 657 | D30: =D28+D29 -> 654 | E30: =E28+E29 -> 276 | F30: =F28+F29 -> 273 | G30: =G28+G29 -> 320 | H30: =H28+H29 -> 319 | I30: =I28+I29 -> 30 | J30: =J28+J29 -> 30 | K30: 17/7/1 | L30: 18/7/1 | M30: =M28+M29 -> 6 | N30: =N28+N29 -> 6 | O30: =O28+O29 -> 2 | P30: =P28+P29 -> 2 | Q30: =Q28+Q29 -> 1 | R30: =R28+R29 -> 1 | S30: =S28+S29 -> 1 | T30: =T28+T29 -> 1 | ... X30: =X28+X29 -> 1
A31: Кроме того:
A32: Сторонние учреждения культуры | C32: =E32+G32+I32+K32+M32+O32+Q32+S32+U32+W32 -> 7 | D32: =F32+H32+J32+L32+N32+P32+R32+T32+V32+X32 -> 5 | E32: 2 | F32: 2 | G32: 1 | H32: 0 | K32: 1 | L32: 1 | M32: 3 | N32: 2
D34: =D30+D32 -> 659
A36: ВСЕГО: | C36: =C30+C35 -> 657 | D36: =D30+D35 -> 654
C37: =C36-'[1]УК гг '!F17 -> 2 | D37: =D36-'[1]УК гг '!G17 -> -4

Sheet биб-ки
A1: Общие сведения по библиотекам | AL1: Электронные ресурсы библиотек | BM1: Среднее количество населения на одну библиотеку в муниципальных образованиях (тыс.чел.) | CF1: Движение библиотечного фонда | DI1: Работа с пользователями | DV1: 13.07.2023 разговаривала с Курто Е.В. - общее число посещений нужно добавить в ст.сборник; далее решить самим: что оставить, что убрать | FA1: Персонал библиотек | FY1: Поступление и использование финансовых средств библиотек за 2023 г.
A3: N п/п | B3: Наименование | C3: Код стр. | D3: Общее число библиотек и библиотек-филиалов на конец отч. года, всего (сет. ед.) | J3: из общего числа библиотек имеют помещения | T3: Число детских библиотек, сет. ед. | V3: из общего числа библиотек имеют | AH3: Число пунктов вне стационарного обслуживания пользователей б-ки, ед. | AL3: N п/п | AM3: Наименование | AN3: Код стр. | AO3: Из общего числа библиотек | BF3: Объем электронного каталога на конец отчетного года, тыс. ед. | BM3: N п/п | BN3: Наименование районов и городов | BO3: Код стр. | BP3: Численность постоянного населения на 1 января соотв. года | BV3: Среднее число жителей на одну библиотеку | CF3: N п/п | CG3: Наименование | CH3: Код стр. | CI3: Библиотечный фонд (состоит документов на конец отчетного года), тыс.экз. | CR3: Поступило документов за отчетный год, тыс.экз. | DA3: Поступило документов за год в среднем на 1000 жителей, ед. | DD3: Обеспеченность жителей фондами библиотек (на 1 жителя), экз. | DG3: Место среди районов | DI3: N п/п | DJ3: Наименование | DK3: Код стр. | DL3: Число зарегистрированных пользователей библиотеки - всего, тыс. чел. | DO3: из них пользователей, обслуженных в стационарных условиях | DR3: % охвата населения библиотечным обслуживанием | DU3: Место среди районов | DV3: Число посещений библиотеки - всего, тыс.ед | DY3: в том числе в стационарных условиях - всего | EB3: Число обращений к библиотеке удаленных пользователей - всего, тыс. ед. | EE3: Обеспеченность пользователей фондами библиотек, экз. | EH3: Число библиотечных мероприятий, ед. | EK3: Выдано (просмотрено) документов из фондов данной библиотеки - ВСЕГО (в стационарном, во внестационарном и удаленном режиме), тыс.ед. | EN3: Читаемость | EQ3: Обращаемость | ET3: Выполнено справок и консультаций - ВСЕГО (в стационарном, во внестационарном и удаленном режиме), тыс.ед. | EW3: Выдано (просмотрено) документов из фондов других библиотек - ВСЕГО (в стационарном, во внестационарном и удаленном режиме), тыс.ед. | FA3: N п/п | FB3: Наименование | FC3: Код стр. | FD3: Численность работников - всего, чел. | FG3: из общей численности работников - основной персонал | FJ3: из численности работников, относящихся к основному персоналу, имеют образование | FP3: % работников осн. перс. с высш. и ср.професс. образованием 2023 г. | FQ3: Место среди районов | FR3: Нагрузка на одного библиотечного работника | FY3: N п/п | FZ3: Наименование | GA3: Код стр. | GB3: Поступило за год - всего, тыс. руб. | GC3: В сред-нем на 1 библиотеку, тыс. руб. | GD3: Место среди районов | GE3: из общей суммы поступлений | GK3: Израсходовано за год - всего, тыс. руб. | GL3: из них расходы на: | GS3: Количество финансовых средств
J4: в оперативном управлении | L4: из них | R4: % библиотек, работающих в помещениях, находящихся в неудовлетв. состоянии | V4: пункты вне стационарного обслуживания пользователей библиотеки | Y4: посадочные места для пользователей | AO4: имеют доступ в Интернет | AR4: из них имеют доступ посетители | AU4: % библиотек, имеющих доступ в Интернет | AW4: имеют собственный Интернет-сайт или Интернет-страницу | AZ4: создают, приобретают электронные каталогии | BC4: из них доступных в Интернете | GE4: бюджетные ассигнования учредителя | GF4: финансирование из бюджетов других уровней | GG4: поступл. от оказания услуг (выполнения работ) на платной основе и от иной приносящей доход деят-сти, всего | GH4: из них | GJ4: % бюджетного финансирования | GL4: оплату труда | GM4: кап. ремонт и реконструкцию | GN4: приобретение (замену) оборудования | GO4: из них для улучш. условий доступности для инвалидов и лиц с ОВЗ | GP4: комплектование фонда | GQ4: организацию и провед. мероприятий | GR4: информатизацию библ-ной деят-сти
L5: требуют капитального ремонта | O5: аварийные | Y5: всего | AB5: из них компьютеризированные (из гр.23 и гр.24 соотв-но) | AE5: из них с возможностью выхода в Интернет (из гр.26 и гр.27 соотв-но) | BF5: общее число записей | BI5: из них число записей, доступных в Интернете | BP5: 2022* | BS5: 2023 | BV5: 2022 | BY5: 2023 г. | CB5: Отклонения к 2022 г. | CI5: Всего | CL5: Город | CO5: Село | CR5: Всего | CU5: Город | CX5: Село | FJ5: высшее | FM5: среднее профессиональное | FR5: Число пользователей, чел. | FU5: Выдача фонда, тыс.экз. | GH5: благотворительные и спонсорские вклады | GI5: от сдачи имущества в аренду | GS5: на 1 жителя, руб. | GT5: Место среди районов | GU5: на 1 читателя, руб. | GV5: Место среди районов
D6: 2022 | G6: 2023
D8: Всего | E8: Город | F8: Село | G8: Всего | H8: Город | I8: Село | J8: 2022 | K8: 2023 | L8: 2022 | M8: 2023 | N8: отк. | O8: 2022 | P8: 2023 | Q8: отк. | R8: 2022 | S8: 2023 | T8: 2022 | U8: 2023 | V8: 2022 | W8: 2023 | X8: отк. | Y8: 2022 | Z8: 2023 | AA8: отк. | AB8: 2022 | AC8: 2023 | AD8: отк. | AE8: 2022 | AF8: 2023 | AG8: отк. | AH8: 2022 | AI8: 2023 | AJ8: отк. | AO8: 2022 | AP8: 2023 | AQ8: отк. | AR8: 2022 | AS8: 2023 | AT8: отк. | AU8: 2022 | AV8: 2023 | AW8: 2022 | AX8: 2023 | AY8: отк. | AZ8: 2022 | BA8: 2023 | BB8: отк. | BC8: 2022 | BD8: 2023 | BE8: отк. | BF8: 2022 | BG8: 2023 | BH8: отк. | BI8: 2022 | BJ8: 2023 | BK8: отк. | BP8: Всего | BQ8: Город | BR8: Село | BS8: Всего | BT8: Город | BU8: Село | BV8: Всего | BW8: Город | BX8: Село | BY8: Всего | BZ8: Город | CA8: Село | CB8: Всего | CC8: Город | CD8: Село | CI8: 2022 | CJ8: 2023 | CK8: отк. | CL8: 2022 | CM8: 2023 | CN8: отк. | CO8: 2022 | CP8: 2023 | CQ8: отк. | CR8: 2022 | CS8: 2023 | CT8: отк. | CU8: 2022 | CV8: 2023 | CW8: отк. | CX8: 2022 | CY8: 2023 | CZ8: отк. | DA8: 2022 | DB8: 2023 | DC8: отк. | DD8: 2022 | DE8: 2023 | DF8: отк. | DL8: 2022 | DM8: 2023 | DN8: отк. | DO8: 2022 | DP8: 2023 | DQ8: отк. | DR8: 2022 | DS8: 2023 | DT8: отк. | DV8: 2022 | DW8: 2023 | DX8: отк. | DY8: 2022 | DZ8: 2023 | EA8: отк. | EB8: 2022 | EC8: 2023 | ED8: отк. | EE8: 2022 | EF8: 2023 | EG8: отк. | EH8: 2022 | EI8: 2023 | EJ8: отк. | EK8: 2022 | EL8: 2023 | EM8: отк. | EN8: 2022 | EO8: 2023 | EP8: отк. | EQ8: 2022 | ER8: 2023 | ES8: отк. | ET8: 2022 | EU8: 2023 | EV8: отк. | EW8: 2022 | EX8: 2023 | EY8: отк. | FD8: 2022 | FE8: 2023 | FF8: отк. | FG8: 2022 | FH8: 2023 | FI8: отк. | FJ8: 2022 | FK8: 2023 | FL8: отк. | FM8: 2022 | FN8: 2023 | FO8: отк. | FR8: 2022 | FS8: 2023 | FT8: отк. | FU8: 2022 | FV8: 2023 | FW8: отк.
C9: 1 | D9: 2 | E9: 3 | F9: 4 | G9: 5 | H9: 6 | I9: 7 | J9: 8 | K9: 9 | L9: 10 | M9: 11 | N9: 12 | O9: 13 | P9: 14 | Q9: 15 | R9: 16 | S9: 17 | T9: 18 | U9: 19 | V9: 20 | W9: 21 | X9: 22 | Y9: 23 | Z9: 24 | AA9: 25 | AB9: 26 | AC9: 27 | AD9: 28 | AE9: 29 | AF9: 30 | AG9: 31 | AH9: 32 | AI9: 33 | AJ9: 34 | AN9: 1 | AO9: 2 | AP9: 3 | AQ9: 4 | AR9: 5 | AS9: 6 | AT9: 7 | AU9: 8 | AV9: 9 | AW9: 10 | AX9: 11 | AY9: 12 | AZ9: 13 | BA9: 14 | BB9: 15 | BC9: 16 | BD9: 17 | BE9: 18 | BF9: 19 | BG9: 20 | BH9: 21 | BI9: 22 | BJ9: 23 | BK9: 24 | BO9: 1 | BP9: 2 | BQ9: 3 | BR9: 4 | BS9: 5 | BT9: 6 | BU9: 7 | BV9: 8 | BW9: 9 | BX9: 10 | BY9: 11 | BZ9: 12 | CA9: 13 | CB9: 14 | CC9: 15 | CD9: 16 | CH9: 1 | CI9: 2 | CJ9: 3 | CK9: 4 | CL9: 5 | CM9: 6 | CN9: 7 | CO9: 8 | CP9: 9 | CQ9: 10 | CR9: 11 | CS9: 12 | CT9: 13 | CU9: 14 | CV9: 15 | CW9: 16 | CX9: 17 | CY9: 18 | CZ9: 19 | DA9: 20 | DB9: 21 | DC9: 22 | DD9: 23 | DE9: 24 | DF9: 25 | DG9: 26 | DK9: 1 | DL9: 2 | DM9: 3 | DN9: 4 | DO9: 5 | DP9: 6 | DQ9: 7 | DR9: 8 | DS9: 9 | DT9: 10 | DU9: 11 | DV9: 12 | DW9: 13 | DX9: 14 | DY9: 15 | DZ9: 16 | EA9: 17 | EB9: 18 | EC9: 19 | ED9: 20 | EE9: 21 | EF9: 22 | EG9: 23 | EH9: 24 | EI9: 25 | EJ9: 26 | EK9: 27 | EL9: 28 | EM9: 29 | EN9: 30 | EO9: 31 | EP9: 32 | EQ9: 33 | ER9: 34 | ES9: 35 | ET9: 36 | EU9: 37 | EV9: 38 | EW9: 39 | EX9: 40 | EY9: 41 | FC9: 1 | FD9: 2 | FE9: 3 | FF9: 4 | FG9: 5 | FH9: 6 | FI9: 7 | FJ9: 8 | FK9: 9 | FL9: 10 | FM9: 11 | FN9: 12 | FO9: 13 | FP9: 14 | FQ9: 15 | FR9: 16 | FS9: 17 | FT9: 18 | FU9: 19 | FV9: 20 | FW9: 21 | GA9: 1 | GB9: 2 | GC9: 3 | GD9: 4 | GE9: 5 | GF9: 6 | GG9: 7 | GH9: 8 | GI9: 9 | GJ9: 10 | GK9: 11 | GL9: 12 | GM9: 13 | GN9: 14 | GO9: 15 | GP9: 16 | GQ9: 17 | GR9: 18 | GS9: 19 | GT9: 20 | GU9: 21 | GV9: 22
A10: 1 | B10: Александровский | C10: 01 | D10: =E10+F10 -> 8 | F10: 8 | G10: =H10+I10 -> 8 | I10: 8 | J10: 8 | K10: 8 | N10: =M10-L10 -> 0 | Q10: =P10-O10 -> 0 | R10: =ROUND((L10+O10)/D10*100,1) -> 0 | S10: =ROUND((M10+P10)/G10*100,1) -> 0 | T10: 1 | U10: 1 | X10: =W10-V10 -> 0 | Y10: 7 | Z10: 7 | AA10: =Z10-Y10 -> 0 | AB10: 2 | AC10: 3 | AD10: =AC10-AB10 -> 1 | AE10: 1 | AF10: 1 | AG10: =AF10-AE10 -> 0 | AJ10: =AI10-AH10 -> 0 | AL10: 1 | AM10: Александровский | AN10: 01 | AO10: 2 | AP10: 2 | AQ10: =AP10-AO10 -> 0 | AR10: 2 | AS10: 2 | AT10: =AS10-AR10 -> 0 | AU10: =ROUND(AO10/D10*100,1) -> 25 | AV10: =ROUND(AP10/G10*100,1) -> 25 | AW10: 2 | AX10: 2 | AY10: =AX10-AW10 -> 0 | AZ10: 2 | BA10: 2 | BB10: =BA10-AZ10 -> 0 | BC10: 2 | BD10: 2 | BE10: =BD10-BC10 -> 0 | BF10: 19.698 | BG10: 21.075 | BH10: =BG10-BF10 -> 1.377 | BI10: 19.698 | BJ10: 21.075 | BK10: =BJ10-BI10 -> 1.377 | BM10: 1 | BN10: Александровский | BO10: 01 | BP10: =BQ10+BR10 -> 7.598 | BR10: 7.598 | BS10: =BT10+BU10 -> 7.4 | BU10: 7.4 | BV10: =ROUND(BP10/D10,2) -> 0.95 | BX10: =ROUND(BR10/F10,2) -> 0.95 | BY10: =ROUND(BS10/G10,2) -> 0.93 | CA10: =ROUND(BU10/I10,2) -> 0.93 | CB10: =BY10-BV10 -> -0.02 | CC10: =BZ10-BW10 -> 0 | CD10: =CA10-BX10 -> -0.02 | CF10: 1 | CG10: Александровский | CH10: 01 | CI10: =CL10+CO10 -> 69.352 | CJ10: =CM10+CP10 -> 68.563 | CK10: =CJ10-CI10 -> -0.789 | CN10: =CM10-CL10 -> 0 | CO10: 69.352 | CP10: 68.563 | CQ10: =CP10-CO10 -> -0.789 | CR10: =CU10+CX10 -> 2.729 | CS10: =CV10+CY10 -> 2.606 | CT10: =CS10-CR10 -> -0.123 | CW10: =CV10-CU10 -> 0 | CX10: 2.729 | CY10: 2.606 | CZ10: =CY10-CX10 -> -0.123 | DA10: =ROUND(CR10*1000/BP10,0) -> 359 | DB10: =ROUND(CS10*1000/BS10,0) -> 352 | DC10: =DB10-DA10 -> -7 | DD10: =ROUND(CI10/BP10,1) -> 9.1 | DE10: =ROUND(CJ10/BS10,1) -> 9.3 | DF10: =DE10-DD10 -> 0.2 | DG10: 9 | DI10: 1 | DJ10: Александровский | DK10: 01 | DL10: 2.364 | DM10: 2.353 | DN10: =DM10-DL10 -> -0.011 | DO10: 2.361 | DP10: 2.344 | DQ10: =DP10-DO10 -> -0.017 | DR10: =ROUND(DL10/BP10*100,1) -> 31.1 | DS10: =ROUND(DM10/BS10*100,1) -> 31.8 | DT10: =DS10-DR10 -> 0.7 | DU10: 18 | DV10: 23.834 | DW10: 42.163 | DX10: =DW10-DV10 -> 18.329 | DY10: 23.744 | DZ10: 41.081 | EA10: =DZ10-DY10 -> 17.337 | EB10: 3.98 | EC10: 2.559 | ED10: =EC10-EB10 -> -1.421 | EE10: =ROUND(CI10/DL10,1) -> 29.3 | EF10: =ROUND(CJ10/DM10,1) -> 29.1 | EG10: =EF10-EE10 -> -0.2 | EH10: 294 | EI10: 377 | EJ10: =EI10-EH10 -> 83 | EK10: 105.52 | EL10: 103.819 | EM10: =EL10-EK10 -> -1.701 | EN10: =ROUND(EK10/DL10,1) -> 44.6 | EO10: =ROUND(EL10/DM10,1) -> 44.1 | EP10: =EO10-EN10 -> -0.5 | EQ10: =ROUND(EK10/CI10,1) -> 1.5 | ER10: =ROUND(EL10/CJ10,1) -> 1.5 | ES10: =ER10-EQ10 -> 0 | ET10: 1.267 | EU10: 1.268 | EV10: =EU10-ET10 -> 0.001 | EW10: 0.01 | EX10: 0.006 | EY10: =EX10-EW10 -> -0.004 | FA10: 1 | FB10: Александровский | FC10: 01 | FD10: 19 | FE10: 18 | FF10: =FE10-FD10 -> -1 | FG10: 11 | FH10: 11 | FI10: =FH10-FG10 -> 0 | FJ10: 4 | FK10: 4 | FL10: =FK10-FJ10 -> 0 | FM10: 6 | FN10: 5 | FO10: =FN10-FM10 -> -1 | FP10: =ROUND((FK10+FN10)/FH10*100,1) -> 81.8 | FQ10: 12 | FR10: =ROUND(DL10*1000/FG10,0) -> 215 | FS10: =ROUND(DM10*1000/FH10,0) -> 214 | FT10: =FS10-FR10 -> -1 | FU10: =ROUND(EK10/FG10,1) -> 9.6 | FV10: =ROUND(EL10/FH10,1) -> 9.4 | FW10: =FV10-FU10 -> -0.2 | FY10: 1 | FZ10: Александровский | GA10: 01 | GB10: =GE10+GF10+GG10 -> 20044.3 | GC10: =ROUND(GB10/G10,0) -> 2506 | GD10: 7 | GE10: 9672.4 | GF10: 10371.9 | GJ10: =ROUND((GE10+GF10)/GB10*100,1) -> 100 | GK10: 20034.1 | GL10: 15337.8 | GN10: 2005.5 | GP10: 424.9 | GS10: =ROUND(GB10/BS10,0) -> 2709 | GT10: 6 | GU10: =ROUND(GB10/DM10,0) -> 8519 | GV10: 1
A11: 2 | B11: Асиновский | C11: 02 | D11: =E11+F11 -> 20 | E11: 6 | F11: 14 | G11: =H11+I11 -> 20 | H11: 6 | I11: 14 | J11: 20 | K11: 20 | N11: =M11-L11 -> 0 | Q11: =P11-O11 -> 0 | R11: =ROUND((L11+O11)/D11*100,1) -> 0 | S11: =ROUND((M11+P11)/G11*100,1) -> 0 | T11: 1 | U11: 1 | V11: 3 | W11: 3 | X11: =W11-V11 -> 0 | Y11: 20 | Z11: 20 | AA11: =Z11-Y11 -> 0 | AB11: 18 | AC11: 18 | AD11: =AC11-AB11 -> 0 | AE11: 18 | AF11: 18 | AG11: =AF11-AE11 -> 0 | AH11: 3 | AI11: 3 | AJ11: =AI11-AH11 -> 0 | AL11: 2 | AM11: Асиновский | AN11: 02 | AO11: 18 | AP11: 18 | AQ11: =AP11-AO11 -> 0 | AR11: 18 | AS11: 18 | AT11: =AS11-AR11 -> 0 | AU11: =ROUND(AO11/D11*100,1) -> 90 | AV11: =ROUND(AP11/G11*100,1) -> 90 | AW11: 17 | AX11: 18 | AY11: =AX11-AW11 -> 1 | AZ11: 1 | BA11: 1 | BB11: =BA11-AZ11 -> 0 | BC11: 1 | BD11: 1 | BE11: =BD11-BC11 -> 0 | BF11: 96.311 | BG11: 102.496 | BH11: =BG11-BF11 -> 6.185 | BI11: 96.311 | BJ11: 102.496 | BK11: =BJ11-BI11 -> 6.185 | BM11: 2 | BN11: Асиновский | BO11: 02 | BP11: =BQ11+BR11 -> 33.733 | BQ11: 24.818 | BR11: 8.915 | BS11: =BT11+BU11 -> 33.5 | BT11: 24.7 | BU11: 8.8 | BV11: =ROUND(BP11/D11,2) -> 1.69 | BW11: =ROUND(BQ11/E11,2) -> 4.14 | BX11: =ROUND(BR11/F11,2) -> 0.64 | BY11: =ROUND(BS11/G11,2) -> 1.68 | BZ11: =ROUND(BT11/H11,2) -> 4.12 | CA11: =ROUND(BU11/I11,2) -> 0.63 | CB11: =BY11-BV11 -> -0.01 | CC11: =BZ11-BW11 -> -0.02 | CD11: =CA11-BX11 -> -0.01 | CF11: 2 | CG11: Асиновский | CH11: 02 | CI11: =CL11+CO11 -> 212.768 | CJ11: =CM11+CP11 -> 211.056 | CK11: =CJ11-CI11 -> -1.712 | CL11: 89.13 | CM11: 88.799 | CN11: =CM11-CL11 -> -0.331 | CO11: 123.638 | CP11: 122.257 | CQ11: =CP11-CO11 -> -1.381 | CR11: =CU11+CX11 -> 6.032 | CS11: =CV11+CY11 -> 3.346 | CT11: =CS11-CR11 -> -2.686 | CU11: 4.506 | CV11: 1.839 | CW11: =CV11-CU11 -> -2.667 | CX11: 1.526 | CY11: 1.507 | CZ11: =CY11-CX11 -> -0.019 | DA11: =ROUND(CR11*1000/BP11,0) -> 179 | DB11: =ROUND(CS11*1000/BS11,0) -> 100 | DC11: =DB11-DA11 -> -79 | DD11: =ROUND(CI11/BP11,1) -> 6.3 | DE11: =ROUND(CJ11/BS11,1) -> 6.3 | DF11: =DE11-DD11 -> 0 | DG11: 15 | DI11: 2 | DJ11: Асиновский | DK11: 02 | DL11: 20.005 | DM11: 20.006 | DN11: =DM11-DL11 -> 0.001 | DO11: 19.624 | DP11: 19.587 | DQ11: =DP11-DO11 -> -0.037 | DR11: =ROUND(DL11/BP11*100,1) -> 59.3 | DS11: =ROUND(DM11/BS11*100,1) -> 59.7 | DT11: =DS11-DR11 -> 0.4 | DU11: 5 | DV11: 219.795 | DW11: 239.367 | DX11: =DW11-DV11 -> 19.572 | DY11: 206.144 | DZ11: 217.613 | EA11: =DZ11-DY11 -> 11.469 | EB11: 37.079 | EC11: 29.157 | ED11: =EC11-EB11 -> -7.922 | EE11: =ROUND(CI11/DL11,1) -> 10.6 | EF11: =ROUND(CJ11/DM11,1) -> 10.5 | EG11: =EF11-EE11 -> -0.1 | EH11: 2728 | EI11: 3172 | EJ11: =EI11-EH11 -> 444 | EK11: 521.183 | EL11: 517.395 | EM11: =EL11-EK11 -> -3.788 | EN11: =ROUND(EK11/DL11,1) -> 26.1 | EO11: =ROUND(EL11/DM11,1) -> 25.9 | EP11: =EO11-EN11 -> -0.2 | EQ11: =ROUND(EK11/CI11,1) -> 2.4 | ER11: =ROUND(EL11/CJ11,1) -> 2.5 | ES11: =ER11-EQ11 -> 0.1 | ET11: 26.465 | EU11: 28.047 | EV11: =EU11-ET11 -> 1.582 | EW11: 0.299 | EX11: 0.221 | EY11: =EX11-EW11 -> -0.078 | FA11: 2 | FB11: Асиновский | FC11: 02 | FD11: 57 | FE11: 57 | FF11: =FE11-FD11 -> 0 | FG11: 47 | FH11: 47 | FI11: =FH11-FG11 -> 0 | FJ11: 25 | FK11: 25 | FL11: =FK11-FJ11 -> 0 | FM11: 22 | FN11: 21 | FO11: =FN11-FM11 -> -1 | FP11: =ROUND((FK11+FN11)/FH11*100,1) -> 97.9 | FQ11: 2 | FR11: =ROUND(DL11*1000/FG11,0) -> 426 | FS11: =ROUND(DM11*1000/FH11,0) -> 426 | FT11: =FS11-FR11 -> 0 | FU11: =ROUND(EK11/FG11,1) -> 11.1 | FV11: =ROUND(EL11/FH11,1) -> 11 | FW11: =FV11-FU11 -> -0.1 | FY11: 2 | FZ11: Асиновский | GA11: 02 | GB11: =GE11+GF11+GG11 -> 38754.7 | GC11: =ROUND(GB11/G11,0) -> 1938 | GD11: 11 | GE11: 21292.7 | GF11: 17267.3 | GG11: 194.7 | GJ11: =ROUND((GE11+GF11)/GB11*100,1) -> 99.5 | GK11: 38814.8 | GL11: 33352.5 | GN11: 210.5 | GO11: 35.3 | GP11: 887.4 | GQ11: 304.4 | GS11: =ROUND(GB11/BS11,0) -> 1157 | GT11: 15 | GU11: =ROUND(GB11/DM11,0) -> 1937 | GV11: 18
A12: 3 | B12: Бакчарский | C12: 03 | D12: =E12+F12 -> 13 | F12: 13 | G12: =H12+I12 -> 13 | I12: 13 | J12: 2 | K12: 2 | N12: =M12-L12 -> 0 | Q12: =P12-O12 -> 0 | R12: =ROUND((L12+O12)/D12*100,1) -> 0 | S12: =ROUND((M12+P12)/G12*100,1) -> 0 | T12: 1 | U12: 1 | V12: 5 | W12: 13 | X12: =W12-V12 -> 8 | Y12: 13 | Z12: 13 | AA12: =Z12-Y12 -> 0 | AB12: 12 | AC12: 10 | AD12: =AC12-AB12 -> -2 | AE12: 11 | AF12: 9 | AG12: =AF12-AE12 -> -2 | AH12: 28 | AI12: 23 | AJ12: =AI12-AH12 -> -5 | AL12: 3 | AM12: Бакчарский | AN12: 03 | AO12: 12 | AP12: 13 | AQ12: =AP12-AO12 -> 1 | AR12: 12 | AS12: 13 | AT12: =AS12-AR12 -> 1 | AU12: =ROUND(AO12/D12*100,1) -> 92.3 | AV12: =ROUND(AP12/G12*100,1) -> 100 | AW12: 1 | AX12: 1 | AY12: =AX12-AW12 -> 0 | AZ12: 1 | BA12: 1 | BB12: =BA12-AZ12 -> 0 | BC12: 1 | BD12: 1 | BE12: =BD12-BC12 -> 0 | BF12: 18.79 | BG12: 19.472 | BH12: =BG12-BF12 -> 0.682 | BI12: 18.79 | BJ12: 19.472 | BK12: =BJ12-BI12 -> 0.682 | BM12: 3 | BN12: Бакчарский | BO12: 03 | BP12: =BQ12+BR12 -> 11.313 | BR12: 11.313 | BS12: =BT12+BU12 -> 11.2 | BU12: 11.2 | BV12: =ROUND(BP12/D12,2) -> 0.87 | BX12: =ROUND(BR12/F12,2) -> 0.87 | BY12: =ROUND(BS12/G12,2) -> 0.86 | CA12: =ROUND(BU12/I12,2) -> 0.86 | CB12: =BY12-BV12 -> -0.01 | CC12: =BZ12-BW12 -> 0 | CD12: =CA12-BX12 -> -0.01 | CF12: 3 | CG12: Бакчарский | CH12: 03 | CI12: =CL12+CO12 -> 74.812 | CJ12: =CM12+CP12 -> 75.033 | CK12: =CJ12-CI12 -> 0.221 | CN12: =CM12-CL12 -> 0 | CO12: 74.812 | CP12: 75.033 | CQ12: =CP12-CO12 -> 0.221 | CR12: =CU12+CX12 -> 3.25 | CS12: =CV12+CY12 -> 1.504 | CT12: =CS12-CR12 -> -1.746 | CW12: =CV12-CU12 -> 0 | CX12: 3.25 | CY12: 1.504 | CZ12: =CY12-CX12 -> -1.746 | DA12: =ROUND(CR12*1000/BP12,0) -> 287 | DB12: =ROUND(CS12*1000/BS12,0) -> 134 | DC12: =DB12-DA12 -> -153 | DD12: =ROUND(CI12/BP12,1) -> 6.6 | DE12: =ROUND(CJ12/BS12,1) -> 6.7 | DF12: =DE12-DD12 -> 0.1 | DG12: 14 | DI12: 3 | DJ12: Бакчарский | DK12: 03 | DL12: 5.128 | DM12: 5.157 | DN12: =DM12-DL12 -> 0.029 | DO12: 5.025 | DP12: 4.71 | DQ12: =DP12-DO12 -> -0.315 | DR12: =ROUND(DL12/BP12*100,1) -> 45.3 | DS12: =ROUND(DM12/BS12*100,1) -> 46 | DT12: =DS12-DR12 -> 0.7 | DU12: 12 | DV12: 80.511 | DW12: 98.251 | DX12: =DW12-DV12 -> 17.74 | DY12: 74.366 | DZ12: 88.716 | EA12: =DZ12-DY12 -> 14.35 | EB12: 8.05 | EC12: 16.243 | ED12: =EC12-EB12 -> 8.193 | EE12: =ROUND(CI12/DL12,1) -> 14.6 | EF12: =ROUND(CJ12/DM12,1) -> 14.5 | EG12: =EF12-EE12 -> -0.1 | EH12: 2472 | EI12: 2304 | EJ12: =EI12-EH12 -> -168 | EK12: 126.055 | EL12: 127.356 | EM12: =EL12-EK12 -> 1.301 | EN12: =ROUND(EK12/DL12,1) -> 24.6 | EO12: =ROUND(EL12/DM12,1) -> 24.7 | EP12: =EO12-EN12 -> 0.1 | EQ12: =ROUND(EK12/CI12,1) -> 1.7 | ER12: =ROUND(EL12/CJ12,1) -> 1.7 | ES12: =ER12-EQ12 -> 0 | ET12: 2.166 | EU12: 4.22 | EV12: =EU12-ET12 -> 2.054 | EY12: =EX12-EW12 -> 0 | FA12: 3 | FB12: Бакчарский | FC12: 03 | FD12: 24 | FE12: 23 | FF12: =FE12-FD12 -> -1 | FG12: 21 | FH12: 20 | FI12: =FH12-FG12 -> -1 | FJ12: 11 | FK12: 15 | FL12: =FK12-FJ12 -> 4 | FM12: 5 | FN12: 4 | FO12: =FN12-FM12 -> -1 | FP12: =ROUND((FK12+FN12)/FH12*100,1) -> 95 | FQ12: 8 | FR12: =ROUND(DL12*1000/FG12,0) -> 244 | FS12: =ROUND(DM12*1000/FH12,0) -> 258 | FT12: =FS12-FR12 -> 14 | FU12: =ROUND(EK12/FG12,1) -> 6 | FV12: =ROUND(EL12/FH12,1) -> 6.4 | FW12: =FV12-FU12 -> 0.4 | FY12: 3 | FZ12: Бакчарский | GA12: 03 | GB12: =GE12+GF12+GG12 -> 19445.4 | GC12: =ROUND(GB12/G12,0) -> 1496 | GD12: 16 | GE12: 19261.3 | GG12: 184.1 | GJ12: =ROUND((GE12+GF12)/GB12*100,1) -> 99.1 | GK12: 19445.4 | GL12: 16725.7 | GN12: 293.1 | GP12: 409.5 | GQ12: 118.7 | GS12: =ROUND(GB12/BS12,0) -> 1736 | GT12: 11 | GU12: =ROUND(GB12/DM12,0) -> 3771 | GV12: 11
A13: 4 | B13: Верхнекетский | C13: 04 | D13: =E13+F13 -> 13 | E13: 2 | F13: 11 | G13: =H13+I13 -> 12 | H13: 2 | I13: 10 | J13: 11 | K13: 12 | L13: 1 | M13: 1 | N13: =M13-L13 -> 0 | Q13: =P13-O13 -> 0 | R13: =ROUND((L13+O13)/D13*100,1) -> 7.7 | S13: =ROUND((M13+P13)/G13*100,1) -> 8.3 | T13: 1 | U13: 1 | V13: 8 | W13: 7 | X13: =W13-V13 -> -1 | Y13: 12 | Z13: 12 | AA13: =Z13-Y13 -> 0 | AB13: 6 | AC13: 6 | AD13: =AC13-AB13 -> 0 | AE13: 6 | AF13: 6 | AG13: =AF13-AE13 -> 0 | AH13: 33 | AI13: 28 | AJ13: =AI13-AH13 -> -5 | AL13: 4 | AM13: Верхнекетский | AN13: 04 | AO13: 11 | AP13: 11 | AQ13: =AP13-AO13 -> 0 | AR13: 6 | AS13: 6 | AT13: =AS13-AR13 -> 0 | AU13: =ROUND(AO13/D13*100,1) -> 84.6 | AV13: =ROUND(AP13/G13*100,1) -> 91.7 | AW13: 1 | AX13: 1 | AY13: =AX13-AW13 -> 0 | AZ13: 1 | BA13: 1 | BB13: =BA13-AZ13 -> 0 | BE13: =BD13-BC13 -> 0 | BF13: 38.594 | BG13: 43.413 | BH13: =BG13-BF13 -> 4.819 | BK13: =BJ13-BI13 -> 0 | BM13: 4 | BN13: Верхнекетский | BO13: 04 | BP13: =BQ13+BR13 -> 14.766 | BQ13: 7.882 | BR13: 6.884 | BS13: =BT13+BU13 -> 14.6 | BT13: 7.8 | BU13: 6.8 | BV13: =ROUND(BP13/D13,2) -> 1.14 | BW13: =ROUND(BQ13/E13,2) -> 3.94 | BX13: =ROUND(BR13/F13,2) -> 0.63 | BY13: =ROUND(BS13/G13,2) -> 1.22 | BZ13: =ROUND(BT13/H13,2) -> 3.9 | CA13: =ROUND(BU13/I13,2) -> 0.68 | CB13: =BY13-BV13 -> 0.08 | CC13: =BZ13-BW13 -> -0.04 | CD13: =CA13-BX13 -> 0.05 | CF13: 4 | CG13: Верхнекетский | CH13: 04 | CI13: =CL13+CO13 -> 106.657 | CJ13: =CM13+CP13 -> 104.484 | CK13: =CJ13-CI13 -> -2.173 | CL13: 41.813 | CM13: 41.141 | CN13: =CM13-CL13 -> -0.672 | CO13: 64.844 | CP13: 63.343 | CQ13: =CP13-CO13 -> -1.501 | CR13: =CU13+CX13 -> 4.759 | CS13: =CV13+CY13 -> 3.687 | CT13: =CS13-CR13 -> -1.072 | CU13: 1.402 | CV13: 1.381 | CW13: =CV13-CU13 -> -0.021 | CX13: 3.357 | CY13: 2.306 | CZ13: =CY13-CX13 -> -1.051 | DA13: =ROUND(CR13*1000/BP13,0) -> 322 | DB13: =ROUND(CS13*1000/BS13,0) -> 253 | DC13: =DB13-DA13 -> -69 | DD13: =ROUND(CI13/BP13,1) -> 7.2 | DE13: =ROUND(CJ13/BS13,1) -> 7.2 | DF13: =DE13-DD13 -> 0 | DG13: 12 | DI13: 4 | DJ13: Верхнекетский | DK13: 04 | DL13: 6.796 | DM13: 6.828 | DN13: =DM13-DL13 -> 0.032 | DO13: 6.223 | DP13: 6.216 | DQ13: =DP13-DO13 -> -0.007 | DR13: =ROUND(DL13/BP13*100,1) -> 46 | DS13: =ROUND(DM13/BS13*100,1) -> 46.8 | DT13: =DS13-DR13 -> 0.8 | DU13: 11 | DV13: 142.606 | DW13: 151.37 | DX13: =DW13-DV13 -> 8.764 | DY13: 129.501 | DZ13: 135.236 | EA13: =DZ13-DY13 -> 5.735 | EB13: 32.244 | EC13: 56.811 | ED13: =EC13-EB13 -> 24.567 | EE13: =ROUND(CI13/DL13,1) -> 15.7 | EF13: =ROUND(CJ13/DM13,1) -> 15.3 | EG13: =EF13-EE13 -> -0.4 | EH13: 1789 | EI13: 1846 | EJ13: =EI13-EH13 -> 57 | EK13: 224.808 | EL13: 222.318 | EM13: =EL13-EK13 -> -2.49 | EN13: =ROUND(EK13/DL13,1) -> 33.1 | EO13: =ROUND(EL13/DM13,1) -> 32.6 | EP13: =EO13-EN13 -> -0.5 | EQ13: =ROUND(EK13/CI13,1) -> 2.1 | ER13: =ROUND(EL13/CJ13,1) -> 2.1 | ES13: =ER13-EQ13 -> 0 | ET13: 1.58 | EU13: 1.548 | EV13: =EU13-ET13 -> -0.032 | EY13: =EX13-EW13 -> 0 | FA13: 4 | FB13: Верхнекетский | FC13: 04 | FD13: 33 | FE13: 33 | FF13: =FE13-FD13 -> 0 | FG13: 24 | FH13: 24 | FI13: =FH13-FG13 -> 0 | FJ13: 10 | FK13: 9 | FL13: =FK13-FJ13 -> -1 | FM13: 14 | FN13: 15 | FO13: =FN13-FM13 -> 1 | FP13: =ROUND((FK13+FN13)/FH13*100,1) -> 100 | FQ13: 1 | FR13: =ROUND(DL13*1000/FG13,0) -> 283 | FS13: =ROUND(DM13*1000/FH13,0) -> 285 | FT13: =FS13-FR13 -> 2 | FU13: =ROUND(EK13/FG13,1) -> 9.4 | FV13: =ROUND(EL13/FH13,1) -> 9.3 | FW13: =FV13-FU13 -> -0.1 | FY13: 4 | FZ13: Верхнекетский | GA13: 04 | GB13: =GE13+GF13+GG13 -> 28470.2 | GC13: =ROUND(GB13/G13,0) -> 2373 | GD13: 9 | GE13: 28199.3 | GG13: 270.9 | GJ13: =ROUND((GE13+GF13)/GB13*100,1) -> 99 | GK13: 28460.9 | GL13: 24811.4 | GN13: 214.4 | GP13: 626.1 | GQ13: 76 | GS13: =ROUND(GB13/BS13,0) -> 1950 | GT13: 9 | GU13: =ROUND(GB13/DM13,0) -> 4170 | GV13: 9
A14: 5 | B14: Зырянский | C14: 05 | D14: =E14+F14 -> 18 | F14: 18 | G14: =H14+I14 -> 18 | I14: 18 | J14: 18 | K14: 18 | N14: =M14-L14 -> 0 | Q14: =P14-O14 -> 0 | R14: =ROUND((L14+O14)/D14*100,1) -> 0 | S14: =ROUND((M14+P14)/G14*100,1) -> 0 | X14: =W14-V14 -> 0 | Y14: 18 | Z14: 18 | AA14: =Z14-Y14 -> 0 | AB14: 16 | AC14: 16 | AD14: =AC14-AB14 -> 0 | AE14: 16 | AF14: 16 | AG14: =AF14-AE14 -> 0 | AJ14: =AI14-AH14 -> 0 | AL14: 5 | AM14: Зырянский | AN14: 05 | AO14: 16 | AP14: 16 | AQ14: =AP14-AO14 -> 0 | AR14: 16 | AS14: 16 | AT14: =AS14-AR14 -> 0 | AU14: =ROUND(AO14/D14*100,1) -> 88.9 | AV14: =ROUND(AP14/G14*100,1) -> 88.9 | AW14: 3 | AX14: 3 | AY14: =AX14-AW14 -> 0 | AZ14: 1 | BA14: 1 | BB14: =BA14-AZ14 -> 0 | BC14: 1 | BD14: 1 | BE14: =BD14-BC14 -> 0 | BF14: 17.472 | BG14: 19.061 | BH14: =BG14-BF14 -> 1.589 | BI14: 17.472 | BJ14: 19.061 | BK14: =BJ14-BI14 -> 1.589 | BM14: 5 | BN14: Зырянский | BO14: 05 | BP14: =BQ14+BR14 -> 11.232 | BR14: 11.232 | BS14: =BT14+BU14 -> 11.1 | BU14: 11.1 | BV14: =ROUND(BP14/D14,2) -> 0.62 | BX14: =ROUND(BR14/F14,2) -> 0.62 | BY14: =ROUND(BS14/G14,2) -> 0.62 | CA14: =ROUND(BU14/I14,2) -> 0.62 | CB14: =BY14-BV14 -> 0 | CC14: =BZ14-BW14 -> 0 | CD14: =CA14-BX14 -> 0 | CF14: 5 | CG14: Зырянский | CH14: 05 | CI14: =CL14+CO14 -> 166.707 | CJ14: =CM14+CP14 -> 164.386 | CK14: =CJ14-CI14 -> -2.321 | CN14: =CM14-CL14 -> 0 | CO14: 166.707 | CP14: 164.386 | CQ14: =CP14-CO14 -> -2.321 | CR14: =CU14+CX14 -> 4.691 | CS14: =CV14+CY14 -> 1.572 | CT14: =CS14-CR14 -> -3.119 | CW14: =CV14-CU14 -> 0 | CX14: 4.691 | CY14: 1.572 | CZ14: =CY14-CX14 -> -3.119 | DA14: =ROUND(CR14*1000/BP14,0) -> 418 | DB14: =ROUND(CS14*1000/BS14,0) -> 142 | DC14: =DB14-DA14 -> -276 | DD14: =ROUND(CI14/BP14,1) -> 14.8 | DE14: =ROUND(CJ14/BS14,1) -> 14.8 | DF14: =DE14-DD14 -> 0 | DG14: 1 | DI14: 5 | DJ14: Зырянский | DK14: 05 | DL14: 6.038 | DM14: 6.041 | DN14: =DM14-DL14 -> 0.003 | DO14: 6.038 | DP14: 6.041 | DQ14: =DP14-DO14 -> 0.003 | DR14: =ROUND(DL14/BP14*100,1) -> 53.8 | DS14: =ROUND(DM14/BS14*100,1) -> 54.4 | DT14: =DS14-DR14 -> 0.6 | DU14: 7 | DV14: 107.349 | DW14: 134.501 | DX14: =DW14-DV14 -> 27.152 | DY14: 102.546 | DZ14: 124.64 | EA14: =DZ14-DY14 -> 22.094 | EB14: 29.316 | EC14: 39.598 | ED14: =EC14-EB14 -> 10.282 | EE14: =ROUND(CI14/DL14,1) -> 27.6 | EF14: =ROUND(CJ14/DM14,1) -> 27.2 | EG14: =EF14-EE14 -> -0.4 | EH14: 1218 | EI14: 1543 | EJ14: =EI14-EH14 -> 325 | EK14: 179.854 | EL14: 183.364 | EM14: =EL14-EK14 -> 3.51 | EN14: =ROUND(EK14/DL14,1) -> 29.8 | EO14: =ROUND(EL14/DM14,1) -> 30.4 | EP14: =EO14-EN14 -> 0.6 | EQ14: =ROUND(EK14/CI14,1) -> 1.1 | ER14: =ROUND(EL14/CJ14,1) -> 1.1 | ES14: =ER14-EQ14 -> 0 | ET14: 4.467 | EU14: 4.804 | EV14: =EU14-ET14 -> 0.337 | EW14: 0.027 | EX14: 0.225 | EY14: =EX14-EW14 -> 0.198 | FA14: 5 | FB14: Зырянский | FC14: 05 | FD14: 30 | FE14: 31 | FF14: =FE14-FD14 -> 1 | FG14: 25 | FH14: 26 | FI14: =FH14-FG14 -> 1 | FJ14: 8 | FK14: 6 | FL14: =FK14-FJ14 -> -2 | FM14: 17 | FN14: 19 | FO14: =FN14-FM14 -> 2 | FP14: =ROUND((FK14+FN14)/FH14*100,1) -> 96.2 | FQ14: 4 | FR14: =ROUND(DL14*1000/FG14,0) -> 242 | FS14: =ROUND(DM14*1000/FH14,0) -> 232 | FT14: =FS14-FR14 -> -10 | FU14: =ROUND(EK14/FG14,1) -> 7.2 | FV14: =ROUND(EL14/FH14,1) -> 7.1 | FW14: =FV14-FU14 -> -0.1 | FY14: 5 | FZ14: Зырянский | GA14: 05 | GB14: =GE14+GF14+GG14 -> 14493 | GC14: =ROUND(GB14/G14,0) -> 805 | GD14: 19 | GE14: 8372 | GF14: 6090 | GG14: 31 | GJ14: =ROUND((GE14+GF14)/GB14*100,1) -> 99.8 | GK14: 14499 | GL14: 12013 | GM14: 234 | GN14: 30 | GP14: 1062 | GQ14: 20 | GS14: =ROUND(GB14/BS14,0) -> 1306 | GT14: 13 | GU14: =ROUND(GB14/DM14,0) -> 2399 | GV14: 13
A15: 6 | B15: Каргасокский | C15: 06 | D15: =E15+F15 -> 22 | F15: 22 | G15: =H15+I15 -> 22 | I15: 22 | J15: 22 | K15: 22 | N15: =M15-L15 -> 0 | Q15: =P15-O15 -> 0 | R15: =ROUND((L15+O15)/D15*100,1) -> 0 | S15: =ROUND((M15+P15)/G15*100,1) -> 0 | T15: 1 | U15: 1 | V15: 13 | W15: 16 | X15: =W15-V15 -> 3 | Y15: 22 | Z15: 22 | AA15: =Z15-Y15 -> 0 | AB15: 7 | AC15: 7 | AD15: =AC15-AB15 -> 0 | AE15: 7 | AF15: 7 | AG15: =AF15-AE15 -> 0 | AH15: 26 | AI15: 30 | AJ15: =AI15-AH15 -> 4 | AL15: 6 | AM15: Каргасокский | AN15: 06 | AO15: 15 | AP15: 15 | AQ15: =AP15-AO15 -> 0 | AR15: 7 | AS15: 7 | AT15: =AS15-AR15 -> 0 | AU15: =ROUND(AO15/D15*100,1) -> 68.2 | AV15: =ROUND(AP15/G15*100,1) -> 68.2 | AW15: 11 | AX15: 12 | AY15: =AX15-AW15 -> 1 | AZ15: 1 | BA15: 1 | BB15: =BA15-AZ15 -> 0 | BC15: 1 | BD15: 1 | BE15: =BD15-BC15 -> 0 | BF15: 28.765 | BG15: 32.407 | BH15: =BG15-BF15 -> 3.642 | BI15: 28.765 | BJ15: 32.407 | BK15: =BJ15-BI15 -> 3.642 | BM15: 6 | BN15: Каргасокский | BO15: 06 | BP15: =BQ15+BR15 -> 17.642 | BR15: 17.642 | BS15: =BT15+BU15 -> 17.5 | BU15: 17.5 | BV15: =ROUND(BP15/D15,2) -> 0.8 | BX15: =ROUND(BR15/F15,2) -> 0.8 | BY15: =ROUND(BS15/G15,2) -> 0.8 | CA15: =ROUND(BU15/I15,2) -> 0.8 | CB15: =BY15-BV15 -> 0 | CC15: =BZ15-BW15 -> 0 | CD15: =CA15-BX15 -> 0 | CF15: 6 | CG15: Каргасокский | CH15: 06 | CI15: =CL15+CO15 -> 163.249 | CJ15: =CM15+CP15 -> 160.354 | CK15: =CJ15-CI15 -> -2.895 | CN15: =CM15-CL15 -> 0 | CO15: 163.249 | CP15: 160.354 | CQ15: =CP15-CO15 -> -2.895 | CR15: =CU15+CX15 -> 5.51 | CS15: =CV15+CY15 -> 8.73 | CT15: =CS15-CR15 -> 3.22 | CW15: =CV15-CU15 -> 0 | CX15: 5.51 | CY15: 8.73 | CZ15: =CY15-CX15 -> 3.22 | DA15: =ROUND(CR15*1000/BP15,0) -> 312 | DB15: =ROUND(CS15*1000/BS15,0) -> 499 | DC15: =DB15-DA15 -> 187 | DD15: =ROUND(CI15/BP15,1) -> 9.3 | DE15: =ROUND(CJ15/BS15,1) -> 9.2 | DF15: =DE15-DD15 -> -0.1 | DG15: 10 | DI15: 6 | DJ15: Каргасокский | DK15: 06 | DL15: 18.878 | DM15: 9.354 | DN15: =DM15-DL15 -> -9.524 | DO15: 7.805 | DP15: 8.825 | DQ15: =DP15-DO15 -> 1.02 | DR15: =ROUND(DL15/BP15*100,1) -> 107 | DS15: =ROUND(DM15/BS15*100,1) -> 53.5 | DT15: =DS15-DR15 -> -53.5 | DU15: 8 | DV15: 137.373 | DW15: 193.302 | DX15: =DW15-DV15 -> 55.929 | DY15: 133.089 | DZ15: 190.922 | EA15: =DZ15-DY15 -> 57.833 | EB15: 10.242 | EC15: 3.698 | ED15: =EC15-EB15 -> -6.544 | EE15: =ROUND(CI15/DL15,1) -> 8.6 | EF15: =ROUND(CJ15/DM15,1) -> 17.1 | EG15: =EF15-EE15 -> 8.5 | EH15: 2111 | EI15: 5198 | EJ15: =EI15-EH15 -> 3087 | EK15: 214.189 | EL15: 228.589 | EM15: =EL15-EK15 -> 14.4 | EN15: =ROUND(EK15/DL15,1) -> 11.3 | EO15: =ROUND(EL15/DM15,1) -> 24.4 | EP15: =EO15-EN15 -> 13.1 | EQ15: =ROUND(EK15/CI15,1) -> 1.3 | ER15: =ROUND(EL15/CJ15,1) -> 1.4 | ES15: =ER15-EQ15 -> 0.1 | ET15: 4.965 | EU15: 6.092 | EV15: =EU15-ET15 -> 1.127 | EY15: =EX15-EW15 -> 0 | FA15: 6 | FB15: Каргасокский | FC15: 06 | FD15: 54 | FE15: 56 | FF15: =FE15-FD15 -> 2 | FG15: 39 | FH15: 39 | FI15: =FH15-FG15 -> 0 | FJ15: 16 | FK15: 16 | FL15: =FK15-FJ15 -> 0 | FM15: 20 | FN15: 20 | FO15: =FN15-FM15 -> 0 | FP15: =ROUND((FK15+FN15)/FH15*100,1) -> 92.3 | FQ15: 10 | FR15: =ROUND(DL15*1000/FG15,0) -> 484 | FS15: =ROUND(DM15*1000/FH15,0) -> 240 | FT15: =FS15-FR15 -> -244 | FU15: =ROUND(EK15/FG15,1) -> 5.5 | FV15: =ROUND(EL15/FH15,1) -> 5.9 | FW15: =FV15-FU15 -> 0.4 | FY15: 6 | FZ15: Каргасокский | GA15: 06 | GB15: =GE15+GF15+GG15 -> 52544.7 | GC15: =ROUND(GB15/G15,0) -> 2388 | GD15: 8 | GE15: 51727.9 | GF15: 297.1 | GG15: 519.7 | GH15: 105 | GJ15: =ROUND((GE15+GF15)/GB15*100,1) -> 99 | GK15: 52274.3 | GL15: 44272.6 | GN15: 0 | GP15: 1094.5 | GQ15: 87.9 | GS15: =ROUND(GB15/BS15,0) -> 3003 | GT15: 4 | GU15: =ROUND(GB15/DM15,0) -> 5617 | GV15: 6
A16: 7 | B16: Кожевниковский | C16: 07 | D16: =E16+F16 -> 21 | F16: 21 | G16: =H16+I16 -> 21 | I16: 21 | J16: 2 | K16: 20 | N16: =M16-L16 -> 0 | Q16: =P16-O16 -> 0 | R16: =ROUND((L16+O16)/D16*100,1) -> 0 | S16: =ROUND((M16+P16)/G16*100,1) -> 0 | V16: 9 | W16: 10 | X16: =W16-V16 -> 1 | Y16: 20 | Z16: 20 | AA16: =Z16-Y16 -> 0 | AB16: 20 | AC16: 20 | AD16: =AC16-AB16 -> 0 | AE16: 15 | AF16: 14 | AG16: =AF16-AE16 -> -1 | AH16: 16 | AI16: 17 | AJ16: =AI16-AH16 -> 1 | AL16: 7 | AM16: Кожевниковский | AN16: 07 | AO16: 19 | AP16: 19 | AQ16: =AP16-AO16 -> 0 | AR16: 14 | AS16: 14 | AT16: =AS16-AR16 -> 0 | AU16: =ROUND(AO16/D16*100,1) -> 90.5 | AV16: =ROUND(AP16/G16*100,1) -> 90.5 | AW16: 19 | AX16: 19 | AY16: =AX16-AW16 -> 0 | AZ16: 1 | BA16: 1 | BB16: =BA16-AZ16 -> 0 | BC16: 1 | BD16: 1 | BE16: =BD16-BC16 -> 0 | BF16: 24.412 | BG16: 25.348 | BH16: =BG16-BF16 -> 0.936 | BI16: 24.412 | BJ16: 25.348 | BK16: =BJ16-BI16 -> 0.936 | BM16: 7 | BN16: Кожевниковский | BO16: 07 | BP16: =BQ16+BR16 -> 20.366 | BR16: 20.366 | BS16: =BT16+BU16 -> 20.3 | BU16: 20.3 | BV16: =ROUND(BP16/D16,2) -> 0.97 | BX16: =ROUND(BR16/F16,2) -> 0.97 | BY16: =ROUND(BS16/G16,2) -> 0.97 | CA16: =ROUND(BU16/I16,2) -> 0.97 | CB16: =BY16-BV16 -> 0 | CC16: =BZ16-BW16 -> 0 | CD16: =CA16-BX16 -> 0 | CF16: 7 | CG16: Кожевниковский | CH16: 07 | CI16: =CL16+CO16 -> 192.397 | CJ16: =CM16+CP16 -> 189.634 | CK16: =CJ16-CI16 -> -2.763 | CN16: =CM16-CL16 -> 0 | CO16: 192.397 | CP16: 189.634 | CQ16: =CP16-CO16 -> -2.763 | CR16: =CU16+CX16 -> 1.693 | CS16: =CV16+CY16 -> 1.531 | CT16: =CS16-CR16 -> -0.162 | CW16: =CV16-CU16 -> 0 | CX16: 1.693 | CY16: 1.531 | CZ16: =CY16-CX16 -> -0.162 | DA16: =ROUND(CR16*1000/BP16,0) -> 83 | DB16: =ROUND(CS16*1000/BS16,0) -> 75 | DC16: =DB16-DA16 -> -8 | DD16: =ROUND(CI16/BP16,1) -> 9.4 | DE16: =ROUND(CJ16/BS16,1) -> 9.3 | DF16: =DE16-DD16 -> -0.1 | DG16: 9 | DI16: 7 | DJ16: Кожевниковский | DK16: 07 | DL16: 14.048 | DM16: 13.977 | DN16: =DM16-DL16 -> -0.071 | DO16: 12.445 | DP16: 12.577 | DQ16: =DP16-DO16 -> 0.132 | DR16: =ROUND(DL16/BP16*100,1) -> 69 | DS16: =ROUND(DM16/BS16*100,1) -> 68.9 | DT16: =DS16-DR16 -> -0.1 | DU16: 3 | DV16: 160.331 | DW16: 227.355 | DX16: =DW16-DV16 -> 67.024 | DY16: 147.011 | DZ16: 165.168 | EA16: =DZ16-DY16 -> 18.157 | EB16: 25.531 | EC16: 4.346 | ED16: =EC16-EB16 -> -21.185 | EE16: =ROUND(CI16/DL16,1) -> 13.7 | EF16: =ROUND(CJ16/DM16,1) -> 13.6 | EG16: =EF16-EE16 -> -0.1 | EH16: 1504 | EI16: 1406 | EJ16: =EI16-EH16 -> -98 | EK16: 209.799 | EL16: 232.536 | EM16: =EL16-EK16 -> 22.737 | EN16: =ROUND(EK16/DL16,1) -> 14.9 | EO16: =ROUND(EL16/DM16,1) -> 16.6 | EP16: =EO16-EN16 -> 1.7 | EQ16: =ROUND(EK16/CI16,1) -> 1.1 | ER16: =ROUND(EL16/CJ16,1) -> 1.2 | ES16: =ER16-EQ16 -> 0.1 | ET16: 67.336 | EU16: 78.565 | EV16: =EU16-ET16 -> 11.229 | EW16: 0.528 | EX16: 0.737 | EY16: =EX16-EW16 -> 0.209 | FA16: 7 | FB16: Кожевниковский | FC16: 07 | FD16: 34 | FE16: 36 | FF16: =FE16-FD16 -> 2 | FG16: 31 | FH16: 32 | FI16: =FH16-FG16 -> 1 | FJ16: 9 | FK16: 9 | FL16: =FK16-FJ16 -> 0 | FM16: 21 | FN16: 21 | FO16: =FN16-FM16 -> 0 | FP16: =ROUND((FK16+FN16)/FH16*100,1) -> 93.8 | FQ16: 9 | FR16: =ROUND(DL16*1000/FG16,0) -> 453 | FS16: =ROUND(DM16*1000/FH16,0) -> 437 | FT16: =FS16-FR16 -> -16 | FU16: =ROUND(EK16/FG16,1) -> 6.8 | FV16: =ROUND(EL16/FH16,1) -> 7.3 | FW16: =FV16-FU16 -> 0.5 | FY16: 7 | FZ16: Кожевниковский | GA16: 07 | GB16: =GE16+GF16+GG16 -> 21102.6 | GC16: =ROUND(GB16/G16,0) -> 1005 | GD16: 18 | GE16: 21102.6 | GJ16: =ROUND((GE16+GF16)/GB16*100,1) -> 100 | GK16: 20999.4 | GL16: 18244.4 | GN16: 46.4 | GP16: 513.4 | GQ16: 30.9 | GS16: =ROUND(GB16/BS16,0) -> 1040 | GT16: 16 | GU16: =ROUND(GB16/DM16,0) -> 1510 | GV16: 19
A17: 8 | B17: Колпашевский | C17: 08 | D17: =E17+F17 -> 25 | E17: 5 | F17: 20 | G17: =H17+I17 -> 25 | H17: 6 | I17: 19 | J17: 24 | K17: 24 | N17: =M17-L17 -> 0 | Q17: =P17-O17 -> 0 | R17: =ROUND((L17+O17)/D17*100,1) -> 0 | S17: =ROUND((M17+P17)/G17*100,1) -> 0 | T17: 2 | U17: 2 | V17: 4 | W17: 4 | X17: =W17-V17 -> 0 | Y17: 25 | Z17: 25 | AA17: =Z17-Y17 -> 0 | AB17: 10 | AC17: 12 | AD17: =AC17-AB17 -> 2 | AE17: 10 | AF17: 12 | AG17: =AF17-AE17 -> 2 | AH17: 9 | AI17: 16 | AJ17: =AI17-AH17 -> 7 | AL17: 8 | AM17: Колпашевский | AN17: 08 | AO17: 25 | AP17: 25 | AQ17: =AP17-AO17 -> 0 | AR17: 25 | AS17: 25 | AT17: =AS17-AR17 -> 0 | AU17: =ROUND(AO17/D17*100,1) -> 100 | AV17: =ROUND(AP17/G17*100,1) -> 100 | AW17: 25 | AX17: 25 | AY17: =AX17-AW17 -> 0 | AZ17: 1 | BA17: 1 | BB17: =BA17-AZ17 -> 0 | BC17: 1 | BD17: 1 | BE17: =BD17-BC17 -> 0 | BF17: 97.495 | BG17: 101.561 | BH17: =BG17-BF17 -> 4.066 | BI17: 96.584 | BJ17: 100.65 | BK17: =BJ17-BI17 -> 4.066 | BM17: 8 | BN17: Колпашевский | BO17: 08 | BP17: =BQ17+BR17 -> 33.07 | BQ17: 20.677 | BR17: 12.393 | BS17: =BT17+BU17 -> 32.6 | BT17: 20.3 | BU17: 12.3 | BV17: =ROUND(BP17/D17,2) -> 1.32 | BW17: =ROUND(BQ17/E17,2) -> 4.14 | BX17: =ROUND(BR17/F17,2) -> 0.62 | BY17: =ROUND(BS17/G17,2) -> 1.3 | BZ17: =ROUND(BT17/H17,2) -> 3.38 | CA17: =ROUND(BU17/I17,2) -> 0.65 | CB17: =BY17-BV17 -> -0.02 | CC17: =BZ17-BW17 -> -0.76 | CD17: =CA17-BX17 -> 0.03 | CF17: 8 | CG17: Колпашевский | CH17: 08 | CI17: =CL17+CO17 -> 283.25 | CJ17: =CM17+CP17 -> 308.622 | CK17: =CJ17-CI17 -> 25.372 | CL17: 149.724 | CM17: 174.823 | CN17: =CM17-CL17 -> 25.099 | CO17: 133.526 | CP17: 133.799 | CQ17: =CP17-CO17 -> 0.273 | CR17: =CU17+CX17 -> 10.727 | CS17: =CV17+CY17 -> 25.457 | CT17: =CS17-CR17 -> 14.73 | CU17: 2.19 | CV17: 23.246 | CW17: =CV17-CU17 -> 21.056 | CX17: 8.537 | CY17: 2.211 | CZ17: =CY17-CX17 -> -6.326 | DA17: =ROUND(CR17*1000/BP17,0) -> 324 | DB17: =ROUND(CS17*1000/BS17,0) -> 781 | DC17: =DB17-DA17 -> 457 | DD17: =ROUND(CI17/BP17,1) -> 8.6 | DE17: =ROUND(CJ17/BS17,1) -> 9.5 | DF17: =DE17-DD17 -> 0.9 | DG17: 8 | DI17: 8 | DJ17: Колпашевский | DK17: 08 | DL17: 14.161 | DM17: 14.832 | DN17: =DM17-DL17 -> 0.671 | DO17: 13.027 | DP17: 13.596 | DQ17: =DP17-DO17 -> 0.569 | DR17: =ROUND(DL17/BP17*100,1) -> 42.8 | DS17: =ROUND(DM17/BS17*100,1) -> 45.5 | DT17: =DS17-DR17 -> 2.7 | DU17: 13 | DV17: 286.226 | DW17: 324.19 | DX17: =DW17-DV17 -> 37.964 | DY17: 241.176 | DZ17: 257.551 | EA17: =DZ17-DY17 -> 16.375 | EB17: 47.451 | EC17: 55.834 | ED17: =EC17-EB17 -> 8.383 | EE17: =ROUND(CI17/DL17,1) -> 20 | EF17: =ROUND(CJ17/DM17,1) -> 20.8 | EG17: =EF17-EE17 -> 0.8 | EH17: 2790 | EI17: 3168 | EJ17: =EI17-EH17 -> 378 | EK17: 492.973 | EL17: 466.623 | EM17: =EL17-EK17 -> -26.35 | EN17: =ROUND(EK17/DL17,1) -> 34.8 | EO17: =ROUND(EL17/DM17,1) -> 31.5 | EP17: =EO17-EN17 -> -3.3 | EQ17: =ROUND(EK17/CI17,1) -> 1.7 | ER17: =ROUND(EL17/CJ17,1) -> 1.5 | ES17: =ER17-EQ17 -> -0.2 | ET17: 38.989 | EU17: 39.048 | EV17: =EU17-ET17 -> 0.059 | EW17: 5.394 | EX17: 3.328 | EY17: =EX17-EW17 -> -2.066 | FA17: 8 | FB17: Колпашевский | FC17: 08 | FD17: 78 | FE17: 77 | FF17: =FE17-FD17 -> -1 | FG17: 55 | FH17: 54 | FI17: =FH17-FG17 -> -1 | FJ17: 29 | FK17: 29 | FL17: =FK17-FJ17 -> 0 | FM17: 26 | FN17: 25 | FO17: =FN17-FM17 -> -1 | FP17: =ROUND((FK17+FN17)/FH17*100,1) -> 100 | FQ17: 1 | FR17: =ROUND(DL17*1000/FG17,0) -> 257 | FS17: =ROUND(DM17*1000/FH17,0) -> 275 | FT17: =FS17-FR17 -> 18 | FU17: =ROUND(EK17/FG17,1) -> 9 | FV17: =ROUND(EL17/FH17,1) -> 8.6 | FW17: =FV17-FU17 -> -0.4 | FY17: 8 | FZ17: Колпашевский | GA17: 08 | GB17: =GE17+GF17+GG17 -> 74104.5 | GC17: =ROUND(GB17/G17,0) -> 2964 | GD17: 6 | GE17: 73394.8 | GF17: 303.1 | GG17: 406.6 | GJ17: =ROUND((GE17+GF17)/GB17*100,1) -> 99.5 | GK17: 74104.5 | GL17: 46395 | GN17: 1188 | GO17: 7.6 | GP17: 2300 | GQ17: 233.9 | GS17: =ROUND(GB17/BS17,0) -> 2273 | GT17: 7 | GU17: =ROUND(GB17/DM17,0) -> 4996 | GV17: 7
A18: 9 | B18: Кривошеинский | C18: 09 | D18: =E18+F18 -> 13 | F18: 13 | G18: =H18+I18 -> 13 | I18: 13 | J18: 13 | K18: 13 | L18: 1 | M18: 1 | N18: =M18-L18 -> 0 | Q18: =P18-O18 -> 0 | R18: =ROUND((L18+O18)/D18*100,1) -> 7.7 | S18: =ROUND((M18+P18)/G18*100,1) -> 7.7 | V18: 3 | W18: 3 | X18: =W18-V18 -> 0 | Y18: 13 | Z18: 13 | AA18: =Z18-Y18 -> 0 | AB18: 7 | AC18: 7 | AD18: =AC18-AB18 -> 0 | AE18: 7 | AF18: 7 | AG18: =AF18-AE18 -> 0 | AH18: 11 | AI18: 11 | AJ18: =AI18-AH18 -> 0 | AL18: 9 | AM18: Кривошеинский | AN18: 09 | AO18: 11 | AP18: 11 | AQ18: =AP18-AO18 -> 0 | AR18: 7 | AS18: 7 | AT18: =AS18-AR18 -> 0 | AU18: =ROUND(AO18/D18*100,1) -> 84.6 | AV18: =ROUND(AP18/G18*100,1) -> 84.6 | AW18: 10 | AX18: 10 | AY18: =AX18-AW18 -> 0 | AZ18: 1 | BA18: 1 | BB18: =BA18-AZ18 -> 0 | BC18: 1 | BD18: 1 | BE18: =BD18-BC18 -> 0 | BF18: 26.14 | BG18: 27.747 | BH18: =BG18-BF18 -> 1.607 | BI18: 26.14 | BJ18: 27.747 | BK18: =BJ18-BI18 -> 1.607 | BM18: 9 | BN18: Кривошеинский | BO18: 09 | BP18: =BQ18+BR18 -> 12.153 | BR18: 12.153 | BS18: =BT18+BU18 -> 12.1 | BU18: 12.1 | BV18: =ROUND(BP18/D18,2) -> 0.93 | BX18: =ROUND(BR18/F18,2) -> 0.93 | BY18: =ROUND(BS18/G18,2) -> 0.93 | CA18: =ROUND(BU18/I18,2) -> 0.93 | CB18: =BY18-BV18 -> 0 | CC18: =BZ18-BW18 -> 0 | CD18: =CA18-BX18 -> 0 | CF18: 9 | CG18: Кривошеинский | CH18: 09 | CI18: =CL18+CO18 -> 132.198 | CJ18: =CM18+CP18 -> 133.936 | CK18: =CJ18-CI18 -> 1.738 | CN18: =CM18-CL18 -> 0 | CO18: 132.198 | CP18: 133.936 | CQ18: =CP18-CO18 -> 1.738 | CR18: =CU18+CX18 -> 0.974 | CS18: =CV18+CY18 -> 2.789 | CT18: =CS18-CR18 -> 1.815 | CW18: =CV18-CU18 -> 0 | CX18: 0.974 | CY18: 2.789 | CZ18: =CY18-CX18 -> 1.815 | DA18: =ROUND(CR18*1000/BP18,0) -> 80 | DB18: =ROUND(CS18*1000/BS18,0) -> 230 | DC18: =DB18-DA18 -> 150 | DD18: =ROUND(CI18/BP18,1) -> 10.9 | DE18: =ROUND(CJ18/BS18,1) -> 11.1 | DF18: =DE18-DD18 -> 0.2 | DG18: 4 | DI18: 9 | DJ18: Кривошеинский | DK18: 09 | DL18: 8.983 | DM18: 9.152 | DN18: =DM18-DL18 -> 0.169 | DO18: 8.207 | DP18: 8.436 | DQ18: =DP18-DO18 -> 0.229 | DR18: =ROUND(DL18/BP18*100,1) -> 73.9 | DS18: =ROUND(DM18/BS18*100,1) -> 75.6 | DT18: =DS18-DR18 -> 1.7 | DU18: 1 | DV18: 112.497 | DW18: 187.455 | DX18: =DW18-DV18 -> 74.958 | DY18: 105.627 | DZ18: 180.175 | EA18: =DZ18-DY18 -> 74.548 | EB18: 4.438 | EC18: 0 | ED18: =EC18-EB18 -> -4.438 | EE18: =ROUND(CI18/DL18,1) -> 14.7 | EF18: =ROUND(CJ18/DM18,1) -> 14.6 | EG18: =EF18-EE18 -> -0.1 | EH18: 898 | EI18: 1072 | EJ18: =EI18-EH18 -> 174 | EK18: 262.783 | EL18: 265.578 | EM18: =EL18-EK18 -> 2.795 | EN18: =ROUND(EK18/DL18,1) -> 29.3 | EO18: =ROUND(EL18/DM18,1) -> 29 | EP18: =EO18-EN18 -> -0.3 | EQ18: =ROUND(EK18/CI18,1) -> 2 | ER18: =ROUND(EL18/CJ18,1) -> 2 | ES18: =ER18-EQ18 -> 0 | ET18: 6.24 | EU18: 6.461 | EV18: =EU18-ET18 -> 0.221 | EX18: 0.123 | EY18: =EX18-EW18 -> 0.123 | FA18: 9 | FB18: Кривошеинский | FC18: 09 | FD18: 26 | FE18: 26 | FF18: =FE18-FD18 -> 0 | FG18: 21 | FH18: 21 | FI18: =FH18-FG18 -> 0 | FJ18: 9 | FK18: 11 | FL18: =FK18-FJ18 -> 2 | FM18: 10 | FN18: 9 | FO18: =FN18-FM18 -> -1 | FP18: =ROUND((FK18+FN18)/FH18*100,1) -> 95.2 | FQ18: 7 | FR18: =ROUND(DL18*1000/FG18,0) -> 428 | FS18: =ROUND(DM18*1000/FH18,0) -> 436 | FT18: =FS18-FR18 -> 8 | FU18: =ROUND(EK18/FG18,1) -> 12.5 | FV18: =ROUND(EL18/FH18,1) -> 12.6 | FW18: =FV18-FU18 -> 0.1 | FY18: 9 | FZ18: Кривошеинский | GA18: 09 | GB18: =GE18+GF18+GG18 -> 22448 | GC18: =ROUND(GB18/G18,0) -> 1727 | GD18: 12 | GE18: 10326.4 | GF18: 12057.6 | GG18: 64 | GJ18: =ROUND((GE18+GF18)/GB18*100,1) -> 99.7 | GK18: 22448 | GL18: 17255.4 | GN18: 2508.1 | GP18: 918.6 | GS18: =ROUND(GB18/BS18,0) -> 1855 | GT18: 10 | GU18: =ROUND(GB18/DM18,0) -> 2453 | GV18: 12
A19: 10 | B19: Молчановский | C19: 10 | D19: =E19+F19 -> 13 | F19: 13 | G19: =H19+I19 -> 13 | I19: 13 | J19: 8 | K19: 8 | L19: 1 | N19: =M19-L19 -> -1 | Q19: =P19-O19 -> 0 | R19: =ROUND((L19+O19)/D19*100,1) -> 7.7 | S19: =ROUND((M19+P19)/G19*100,1) -> 0 | X19: =W19-V19 -> 0 | Y19: 12 | Z19: 12 | AA19: =Z19-Y19 -> 0 | AB19: 6 | AC19: 6 | AD19: =AC19-AB19 -> 0 | AE19: 6 | AF19: 6 | AG19: =AF19-AE19 -> 0 | AJ19: =AI19-AH19 -> 0 | AL19: 10 | AM19: Молчановский | AN19: 10 | AO19: 13 | AP19: 13 | AQ19: =AP19-AO19 -> 0 | AR19: 6 | AS19: 6 | AT19: =AS19-AR19 -> 0 | AU19: =ROUND(AO19/D19*100,1) -> 100 | AV19: =ROUND(AP19/G19*100,1) -> 100 | AW19: 1 | AX19: 1 | AY19: =AX19-AW19 -> 0 | AZ19: 1 | BA19: 1 | BB19: =BA19-AZ19 -> 0 | BC19: 1 | BD19: 1 | BE19: =BD19-BC19 -> 0 | BF19: 35.793 | BG19: 37.255 | BH19: =BG19-BF19 -> 1.462 | BI19: 35.793 | BJ19: 37.255 | BK19: =BJ19-BI19 -> 1.462 | BM19: 10 | BN19: Молчановский | BO19: 10 | BP19: =BQ19+BR19 -> 12.274 | BR19: 12.274 | BS19: =BT19+BU19 -> 12.2 | BU19: 12.2 | BV19: =ROUND(BP19/D19,2) -> 0.94 | BX19: =ROUND(BR19/F19,2) -> 0.94 | BY19: =ROUND(BS19/G19,2) -> 0.94 | CA19: =ROUND(BU19/I19,2) -> 0.94 | CB19: =BY19-BV19 -> 0 | CC19: =BZ19-BW19 -> 0 | CD19: =CA19-BX19 -> 0 | CF19: 10 | CG19: Молчановский | CH19: 10 | CI19: =CL19+CO19 -> 120.232 | CJ19: =CM19+CP19 -> 121.697 | CK19: =CJ19-CI19 -> 1.465 | CN19: =CM19-CL19 -> 0 | CO19: 120.232 | CP19: 121.697 | CQ19: =CP19-CO19 -> 1.465 | CR19: =CU19+CX19 -> 2.625 | CS19: =CV19+CY19 -> 2.574 | CT19: =CS19-CR19 -> -0.051 | CW19: =CV19-CU19 -> 0 | CX19: 2.625 | CY19: 2.574 | CZ19: =CY19-CX19 -> -0.051 | DA19: =ROUND(CR19*1000/BP19,0) -> 214 | DB19: =ROUND(CS19*1000/BS19,0) -> 211 | DC19: =DB19-DA19 -> -3 | DD19: =ROUND(CI19/BP19,1) -> 9.8 | DE19: =ROUND(CJ19/BS19,1) -> 10 | DF19: =DE19-DD19 -> 0.2 | DG19: 7 | DI19: 10 | DJ19: Молчановский | DK19: 10 | DL19: 8.586 | DM19: 8.793 | DN19: =DM19-DL19 -> 0.207 | DO19: 7.746 | DP19: 7.876 | DQ19: =DP19-DO19 -> 0.13 | DR19: =ROUND(DL19/BP19*100,1) -> 70 | DS19: =ROUND(DM19/BS19*100,1) -> 72.1 | DT19: =DS19-DR19 -> 2.1 | DU19: 2 | DV19: 123.78 | DW19: 132.395 | DX19: =DW19-DV19 -> 8.615 | DY19: 118.092 | DZ19: 123.413 | EA19: =DZ19-DY19 -> 5.321 | EB19: 10.596 | EC19: 12.823 | ED19: =EC19-EB19 -> 2.227 | EE19: =ROUND(CI19/DL19,1) -> 14 | EF19: =ROUND(CJ19/DM19,1) -> 13.8 | EG19: =EF19-EE19 -> -0.2 | EH19: 1420 | EI19: 1633 | EJ19: =EI19-EH19 -> 213 | EK19: 177.524 | EL19: 171.47 | EM19: =EL19-EK19 -> -6.054 | EN19: =ROUND(EK19/DL19,1) -> 20.7 | EO19: =ROUND(EL19/DM19,1) -> 19.5 | EP19: =EO19-EN19 -> -1.2 | EQ19: =ROUND(EK19/CI19,1) -> 1.5 | ER19: =ROUND(EL19/CJ19,1) -> 1.4 | ES19: =ER19-EQ19 -> -0.1 | ET19: 11.799 | EU19: 11.842 | EV19: =EU19-ET19 -> 0.043 | EY19: =EX19-EW19 -> 0 | FA19: 10 | FB19: Молчановский | FC19: 10 | FD19: 29 | FE19: 29 | FF19: =FE19-FD19 -> 0 | FG19: 23 | FH19: 23 | FI19: =FH19-FG19 -> 0 | FJ19: 12 | FK19: 11 | FL19: =FK19-FJ19 -> -1 | FM19: 11 | FN19: 12 | FO19: =FN19-FM19 -> 1 | FP19: =ROUND((FK19+FN19)/FH19*100,1) -> 100 | FQ19: 1 | FR19: =ROUND(DL19*1000/FG19,0) -> 373 | FS19: =ROUND(DM19*1000/FH19,0) -> 382 | FT19: =FS19-FR19 -> 9 | FU19: =ROUND(EK19/FG19,1) -> 7.7 | FV19: =ROUND(EL19/FH19,1) -> 7.5 | FW19: =FV19-FU19 -> -0.2 | FY19: 10 | FZ19: Молчановский | GA19: 10 | GB19: =GE19+GF19+GG19 -> 19812.9 | GC19: =ROUND(GB19/G19,0) -> 1524 | GD19: 15 | GE19: 19707 | GF19: 75 | GG19: 30.9 | GJ19: =ROUND((GE19+GF19)/GB19*100,1) -> 99.8 | GK19: 19791.7 | GL19: 17916.2 | GM19: 10 | GN19: 89.1 | GP19: 184.8 | GS19: =ROUND(GB19/BS19,0) -> 1624 | GT19: 12 | GU19: =ROUND(GB19/DM19,0) -> 2253 | GV19: 15
A20: 11 | B20: Парабельский | C20: 11 | D20: =E20+F20 -> 17 | F20: 17 | G20: =H20+I20 -> 17 | I20: 17 | J20: 17 | K20: 17 | N20: =M20-L20 -> 0 | Q20: =P20-O20 -> 0 | R20: =ROUND((L20+O20)/D20*100,1) -> 0 | S20: =ROUND((M20+P20)/G20*100,1) -> 0 | X20: =W20-V20 -> 0 | Y20: 17 | Z20: 17 | AA20: =Z20-Y20 -> 0 | AB20: 17 | AC20: 17 | AD20: =AC20-AB20 -> 0 | AE20: 11 | AF20: 13 | AG20: =AF20-AE20 -> 2 | AJ20: =AI20-AH20 -> 0 | AL20: 11 | AM20: Парабельский | AN20: 11 | AO20: 11 | AP20: 13 | AQ20: =AP20-AO20 -> 2 | AR20: 11 | AS20: 13 | AT20: =AS20-AR20 -> 2 | AU20: =ROUND(AO20/D20*100,1) -> 64.7 | AV20: =ROUND(AP20/G20*100,1) -> 76.5 | AW20: 1 | AX20: 13 | AY20: =AX20-AW20 -> 12 | AZ20: 1 | BA20: 1 | BB20: =BA20-AZ20 -> 0 | BC20: 1 | BD20: 1 | BE20: =BD20-BC20 -> 0 | BF20: 57.521 | BG20: 60.969 | BH20: =BG20-BF20 -> 3.448 | BI20: 57.521 | BJ20: 60.969 | BK20: =BJ20-BI20 -> 3.448 | BM20: 11 | BN20: Парабельский | BO20: 11 | BP20: =BQ20+BR20 -> 11.466 | BR20: 11.466 | BS20: =BT20+BU20 -> 11.4 | BU20: 11.4 | BV20: =ROUND(BP20/D20,2) -> 0.67 | BX20: =ROUND(BR20/F20,2) -> 0.67 | BY20: =ROUND(BS20/G20,2) -> 0.67 | CA20: =ROUND(BU20/I20,2) -> 0.67 | CB20: =BY20-BV20 -> 0 | CC20: =BZ20-BW20 -> 0 | CD20: =CA20-BX20 -> 0 | CF20: 11 | CG20: Парабельский | CH20: 11 | CI20: =CL20+CO20 -> 99.977 | CJ20: =CM20+CP20 -> 100.547 | CK20: =CJ20-CI20 -> 0.57 | CN20: =CM20-CL20 -> 0 | CO20: 99.977 | CP20: 100.547 | CQ20: =CP20-CO20 -> 0.57 | CR20: =CU20+CX20 -> 5.266 | CS20: =CV20+CY20 -> 4.438 | CT20: =CS20-CR20 -> -0.828 | CW20: =CV20-CU20 -> 0 | CX20: 5.266 | CY20: 4.438 | CZ20: =CY20-CX20 -> -0.828 | DA20: =ROUND(CR20*1000/BP20,0) -> 459 | DB20: =ROUND(CS20*1000/BS20,0) -> 389 | DC20: =DB20-DA20 -> -70 | DD20: =ROUND(CI20/BP20,1) -> 8.7 | DE20: =ROUND(CJ20/BS20,1) -> 8.8 | DF20: =DE20-DD20 -> 0.1 | DG20: 11 | DI20: 11 | DJ20: Парабельский | DK20: 11 | DL20: 5.028 | DM20: 5.001 | DN20: =DM20-DL20 -> -0.027 | DO20: 4.944 | DP20: 4.908 | DQ20: =DP20-DO20 -> -0.036 | DR20: =ROUND(DL20/BP20*100,1) -> 43.9 | DS20: =ROUND(DM20/BS20*100,1) -> 43.9 | DT20: =DS20-DR20 -> 0 | DU20: 14 | DV20: 92.132 | DW20: 99.932 | DX20: =DW20-DV20 -> 7.8 | DY20: 91.162 | DZ20: 98.962 | EA20: =DZ20-DY20 -> 7.8 | EB20: 6.748 | EC20: 8.927 | ED20: =EC20-EB20 -> 2.179 | EE20: =ROUND(CI20/DL20,1) -> 19.9 | EF20: =ROUND(CJ20/DM20,1) -> 20.1 | EG20: =EF20-EE20 -> 0.2 | EH20: 2474 | EI20: 2480 | EJ20: =EI20-EH20 -> 6 | EK20: 167.619 | EL20: 152.803 | EM20: =EL20-EK20 -> -14.816 | EN20: =ROUND(EK20/DL20,1) -> 33.3 | EO20: =ROUND(EL20/DM20,1) -> 30.6 | EP20: =EO20-EN20 -> -2.7 | EQ20: =ROUND(EK20/CI20,1) -> 1.7 | ER20: =ROUND(EL20/CJ20,1) -> 1.5 | ES20: =ER20-EQ20 -> -0.2 | ET20: 3.568 | EU20: 3.666 | EV20: =EU20-ET20 -> 0.098 | EY20: =EX20-EW20 -> 0 | FA20: 11 | FB20: Парабельский | FC20: 11 | FD20: 37 | FE20: 35 | FF20: =FE20-FD20 -> -2 | FG20: 29 | FH20: 29 | FI20: =FH20-FG20 -> 0 | FJ20: 10 | FK20: 9 | FL20: =FK20-FJ20 -> -1 | FM20: 9 | FN20: 13 | FO20: =FN20-FM20 -> 4 | FP20: =ROUND((FK20+FN20)/FH20*100,1) -> 75.9 | FQ20: 13 | FR20: =ROUND(DL20*1000/FG20,0) -> 173 | FS20: =ROUND(DM20*1000/FH20,0) -> 172 | FT20: =FS20-FR20 -> -1 | FU20: =ROUND(EK20/FG20,1) -> 5.8 | FV20: =ROUND(EL20/FH20,1) -> 5.3 | FW20: =FV20-FU20 -> -0.5 | FY20: 11 | FZ20: Парабельский | GA20: 11 | GB20: =GE20+GF20+GG20 -> 38145.9 | GC20: =ROUND(GB20/G20,0) -> 2244 | GD20: 10 | GE20: 37647.8 | GG20: 498.1 | GJ20: =ROUND((GE20+GF20)/GB20*100,1) -> 98.7 | GK20: 38032.9 | GL20: 30337.2 | GN20: 2340.8 | GO20: 156 | GP20: 1353.3 | GS20: =ROUND(GB20/BS20,0) -> 3346 | GT20: 2 | GU20: =ROUND(GB20/DM20,0) -> 7628 | GV20: 2
A21: 12 | B21: Первомайский | C21: 12 | D21: =E21+F21 -> 20 | F21: 20 | G21: =H21+I21 -> 20 | I21: 20 | J21: 2 | K21: 4 | N21: =M21-L21 -> 0 | Q21: =P21-O21 -> 0 | R21: =ROUND((L21+O21)/D21*100,1) -> 0 | S21: =ROUND((M21+P21)/G21*100,1) -> 0 | T21: 1 | U21: 1 | V21: 7 | W21: 7 | X21: =W21-V21 -> 0 | Y21: 20 | Z21: 20 | AA21: =Z21-Y21 -> 0 | AB21: 20 | AC21: 20 | AD21: =AC21-AB21 -> 0 | AE21: 20 | AF21: 20 | AG21: =AF21-AE21 -> 0 | AH21: 38 | AI21: 38 | AJ21: =AI21-AH21 -> 0 | AL21: 12 | AM21: Первомайский | AN21: 12 | AO21: 20 | AP21: 20 | AQ21: =AP21-AO21 -> 0 | AR21: 20 | AS21: 20 | AT21: =AS21-AR21 -> 0 | AU21: =ROUND(AO21/D21*100,1) -> 100 | AV21: =ROUND(AP21/G21*100,1) -> 100 | AW21: 19 | AX21: 19 | AY21: =AX21-AW21 -> 0 | AZ21: 1 | BA21: 1 | BB21: =BA21-AZ21 -> 0 | BC21: 1 | BD21: 1 | BE21: =BD21-BC21 -> 0 | BF21: 90.817 | BG21: 94.951 | BH21: =BG21-BF21 -> 4.134 | BI21: 90.817 | BJ21: 94.951 | BK21: =BJ21-BI21 -> 4.134 | BM21: 12 | BN21: Первомайский | BO21: 12 | BP21: =BQ21+BR21 -> 16.955 | BR21: 16.955 | BS21: =BT21+BU21 -> 16.7 | BU21: 16.7 | BV21: =ROUND(BP21/D21,2) -> 0.85 | BX21: =ROUND(BR21/F21,2) -> 0.85 | BY21: =ROUND(BS21/G21,2) -> 0.84 | CA21: =ROUND(BU21/I21,2) -> 0.84 | CB21: =BY21-BV21 -> -0.01 | CC21: =BZ21-BW21 -> 0 | CD21: =CA21-BX21 -> -0.01 | CF21: 12 | CG21: Первомайский | CH21: 12 | CI21: =CL21+CO21 -> 179.948 | CJ21: =CM21+CP21 -> 180.404 | CK21: =CJ21-CI21 -> 0.456 | CN21: =CM21-CL21 -> 0 | CO21: 179.948 | CP21: 180.404 | CQ21: =CP21-CO21 -> 0.456 | CR21: =CU21+CX21 -> 3.338 | CS21: =CV21+CY21 -> 5.815 | CT21: =CS21-CR21 -> 2.477 | CW21: =CV21-CU21 -> 0 | CX21: 3.338 | CY21: 5.815 | CZ21: =CY21-CX21 -> 2.477 | DA21: =ROUND(CR21*1000/BP21,0) -> 197 | DB21: =ROUND(CS21*1000/BS21,0) -> 348 | DC21: =DB21-DA21 -> 151 | DD21: =ROUND(CI21/BP21,1) -> 10.6 | DE21: =ROUND(CJ21/BS21,1) -> 10.8 | DF21: =DE21-DD21 -> 0.2 | DG21: 5 | DI21: 12 | DJ21: Первомайский | DK21: 12 | DL21: 8.021 | DM21: 8.058 | DN21: =DM21-DL21 -> 0.037 | DO21: 7.667 | DP21: 7.716 | DQ21: =DP21-DO21 -> 0.049 | DR21: =ROUND(DL21/BP21*100,1) -> 47.3 | DS21: =ROUND(DM21/BS21*100,1) -> 48.3 | DT21: =DS21-DR21 -> 1 | DU21: 10 | DV21: 104.772 | DW21: 124.547 | DX21: =DW21-DV21 -> 19.775 | DY21: 95.942 | DZ21: 113.44 | EA21: =DZ21-DY21 -> 17.498 | EB21: 123.386 | EC21: 174.362 | ED21: =EC21-EB21 -> 50.976 | EE21: =ROUND(CI21/DL21,1) -> 22.4 | EF21: =ROUND(CJ21/DM21,1) -> 22.4 | EG21: =EF21-EE21 -> 0 | EH21: 2376 | EI21: 2126 | EJ21: =EI21-EH21 -> -250 | EK21: 124.172 | EL21: 124.534 | EM21: =EL21-EK21 -> 0.362 | EN21: =ROUND(EK21/DL21,1) -> 15.5 | EO21: =ROUND(EL21/DM21,1) -> 15.5 | EP21: =EO21-EN21 -> 0 | EQ21: =ROUND(EK21/CI21,1) -> 0.7 | ER21: =ROUND(EL21/CJ21,1) -> 0.7 | ES21: =ER21-EQ21 -> 0 | ET21: 8.832 | EU21: 8.853 | EV21: =EU21-ET21 -> 0.021 | EW21: 0.171 | EX21: 0.174 | EY21: =EX21-EW21 -> 0.003 | FA21: 12 | FB21: Первомайский | FC21: 12 | FD21: 40 | FE21: 40 | FF21: =FE21-FD21 -> 0 | FG21: 33 | FH21: 33 | FI21: =FH21-FG21 -> 0 | FJ21: 10 | FK21: 12 | FL21: =FK21-FJ21 -> 2 | FM21: 20 | FN21: 20 | FO21: =FN21-FM21 -> 0 | FP21: =ROUND((FK21+FN21)/FH21*100,1) -> 97 | FQ21: 3 | FR21: =ROUND(DL21*1000/FG21,0) -> 243 | FS21: =ROUND(DM21*1000/FH21,0) -> 244 | FT21: =FS21-FR21 -> 1 | FU21: =ROUND(EK21/FG21,1) -> 3.8 | FV21: =ROUND(EL21/FH21,1) -> 3.8 | FW21: =FV21-FU21 -> 0 | FY21: 12 | FZ21: Первомайский | GA21: 12 | GB21: =GE21+GF21+GG21 -> 32686.7 | GC21: =ROUND(GB21/G21,0) -> 1634 | GD21: 13 | GE21: 32559.1 | GG21: 127.6 | GH21: 60 | GJ21: =ROUND((GE21+GF21)/GB21*100,1) -> 99.6 | GK21: 32686.7 | GL21: 20069.1 | GM21: 3727 | GN21: 5120.1 | GO21: 127 | GP21: 1641.2 | GS21: =ROUND(GB21/BS21,0) -> 1957 | GT21: 8 | GU21: =ROUND(GB21/DM21,0) -> 4056 | GV21: 10
A22: 13 | B22: Тегульдетский | C22: 13 | D22: =E22+F22 -> 6 | F22: 6 | G22: =H22+I22 -> 6 | I22: 6 | J22: 2 | K22: 6 | N22: =M22-L22 -> 0 | Q22: =P22-O22 -> 0 | R22: =ROUND((L22+O22)/D22*100,1) -> 0 | S22: =ROUND((M22+P22)/G22*100,1) -> 0 | T22: 1 | U22: 1 | V22: 2 | W22: 2 | X22: =W22-V22 -> 0 | Y22: 6 | Z22: 6 | AA22: =Z22-Y22 -> 0 | AB22: 6 | AC22: 6 | AD22: =AC22-AB22 -> 0 | AE22: 6 | AF22: 5 | AG22: =AF22-AE22 -> -1 | AH22: 3 | AI22: 3 | AJ22: =AI22-AH22 -> 0 | AL22: 13 | AM22: Тегульдетский | AN22: 13 | AO22: 6 | AP22: 5 | AQ22: =AP22-AO22 -> -1 | AR22: 6 | AS22: 5 | AT22: =AS22-AR22 -> -1 | AU22: =ROUND(AO22/D22*100,1) -> 100 | AV22: =ROUND(AP22/G22*100,1) -> 83.3 | AW22: 1 | AX22: 1 | AY22: =AX22-AW22 -> 0 | AZ22: 1 | BA22: 1 | BB22: =BA22-AZ22 -> 0 | BC22: 1 | BD22: 1 | BE22: =BD22-BC22 -> 0 | BF22: 2.81 | BG22: 3.268 | BH22: =BG22-BF22 -> 0.458 | BI22: 2.81 | BJ22: 3.268 | BK22: =BJ22-BI22 -> 0.458 | BM22: 13 | BN22: Тегульдетский | BO22: 13 | BP22: =BQ22+BR22 -> 6.427 | BR22: 6.427 | BS22: =BT22+BU22 -> 6.4 | BU22: 6.4 | BV22: =ROUND(BP22/D22,2) -> 1.07 | BX22: =ROUND(BR22/F22,2) -> 1.07 | BY22: =ROUND(BS22/G22,2) -> 1.07 | CA22: =ROUND(BU22/I22,2) -> 1.07 | CB22: =BY22-BV22 -> 0 | CC22: =BZ22-BW22 -> 0 | CD22: =CA22-BX22 -> 0 | CF22: 13 | CG22: Тегульдетский | CH22: 13 | CI22: =CL22+CO22 -> 92.392 | CJ22: =CM22+CP22 -> 92.197 | CK22: =CJ22-CI22 -> -0.195 | CN22: =CM22-CL22 -> 0 | CO22: 92.392 | CP22: 92.197 | CQ22: =CP22-CO22 -> -0.195 | CR22: =CU22+CX22 -> 0.973 | CS22: =CV22+CY22 -> 0.677 | CT22: =CS22-CR22 -> -0.296 | CW22: =CV22-CU22 -> 0 | CX22: 0.973 | CY22: 0.677 | CZ22: =CY22-CX22 -> -0.296 | DA22: =ROUND(CR22*1000/BP22,0) -> 151 | DB22: =ROUND(CS22*1000/BS22,0) -> 106 | DC22: =DB22-DA22 -> -45 | DD22: =ROUND(CI22/BP22,1) -> 14.4 | DE22: =ROUND(CJ22/BS22,1) -> 14.4 | DF22: =DE22-DD22 -> 0 | DG22: 2 | DI22: 13 | DJ22: Тегульдетский | DK22: 13 | DL22: 3.359 | DM22: 3.251 | DN22: =DM22-DL22 -> -0.108 | DO22: 3.081 | DP22: 3.193 | DQ22: =DP22-DO22 -> 0.112 | DR22: =ROUND(DL22/BP22*100,1) -> 52.3 | DS22: =ROUND(DM22/BS22*100,1) -> 50.8 | DT22: =DS22-DR22 -> -1.5 | DU22: 9 | DV22: 55.565 | DW22: 64.5 | DX22: =DW22-DV22 -> 8.935 | DY22: 41.937 | DZ22: 49.881 | EA22: =DZ22-DY22 -> 7.944 | EB22: 2.584 | EC22: 2.506 | ED22: =EC22-EB22 -> -0.078 | EE22: =ROUND(CI22/DL22,1) -> 27.5 | EF22: =ROUND(CJ22/DM22,1) -> 28.4 | EG22: =EF22-EE22 -> 0.9 | EH22: 1382 | EI22: 1409 | EJ22: =EI22-EH22 -> 27 | EK22: 56.841 | EL22: 51.124 | EM22: =EL22-EK22 -> -5.717 | EN22: =ROUND(EK22/DL22,1) -> 16.9 | EO22: =ROUND(EL22/DM22,1) -> 15.7 | EP22: =EO22-EN22 -> -1.2 | EQ22: =ROUND(EK22/CI22,1) -> 0.6 | ER22: =ROUND(EL22/CJ22,1) -> 0.6 | ES22: =ER22-EQ22 -> 0 | ET22: 4.076 | EU22: 3.564 | EV22: =EU22-ET22 -> -0.512 | EY22: =EX22-EW22 -> 0 | FA22: 13 | FB22: Тегульдетский | FC22: 13 | FD22: 18 | FE22: 18 | FF22: =FE22-FD22 -> 0 | FG22: 11 | FH22: 11 | FI22: =FH22-FG22 -> 0 | FJ22: 3 | FK22: 4 | FL22: =FK22-FJ22 -> 1 | FM22: 8 | FN22: 7 | FO22: =FN22-FM22 -> -1 | FP22: =ROUND((FK22+FN22)/FH22*100,1) -> 100 | FQ22: 1 | FR22: =ROUND(DL22*1000/FG22,0) -> 305 | FS22: =ROUND(DM22*1000/FH22,0) -> 296 | FT22: =FS22-FR22 -> -9 | FU22: =ROUND(EK22/FG22,1) -> 5.2 | FV22: =ROUND(EL22/FH22,1) -> 4.6 | FW22: =FV22-FU22 -> -0.6 | FY22: 13 | FZ22: Тегульдетский | GA22: 13 | GB22: =GE22+GF22+GG22 -> 19263.7 | GC22: =ROUND(GB22/G22,0) -> 3211 | GD22: 4 | GE22: 10515.7 | GF22: 8670.9 | GG22: 77.1 | GJ22: =ROUND((GE22+GF22)/GB22*100,1) -> 99.6 | GK22: 19031 | GL22: 13958.5 | GN22: 2533.1 | GO22: 46 | GP22: 231.9 | GQ22: 246.1 | GS22: =ROUND(GB22/BS22,0) -> 3010 | GT22: 3 | GU22: =ROUND(GB22/DM22,0) -> 5925 | GV22: 5
A23: 14 | B23: Томский | C23: 14 | D23: =E23+F23 -> 39 | F23: 39 | G23: =H23+I23 -> 39 | I23: 39 | K23: 38 | N23: =M23-L23 -> 0 | Q23: =P23-O23 -> 0 | R23: =ROUND((L23+O23)/D23*100,1) -> 0 | S23: =ROUND((M23+P23)/G23*100,1) -> 0 | V23: 3 | W23: 3 | X23: =W23-V23 -> 0 | Y23: 39 | Z23: 39 | AA23: =Z23-Y23 -> 0 | AB23: 34 | AC23: 34 | AD23: =AC23-AB23 -> 0 | AE23: 34 | AF23: 34 | AG23: =AF23-AE23 -> 0 | AH23: 3 | AI23: 3 | AJ23: =AI23-AH23 -> 0 | AL23: 14 | AM23: Томский | AN23: 14 | AO23: 37 | AP23: 37 | AQ23: =AP23-AO23 -> 0 | AR23: 34 | AS23: 34 | AT23: =AS23-AR23 -> 0 | AU23: =ROUND(AO23/D23*100,1) -> 94.9 | AV23: =ROUND(AP23/G23*100,1) -> 94.9 | AW23: 39 | AX23: 39 | AY23: =AX23-AW23 -> 0 | AZ23: 1 | BA23: 1 | BB23: =BA23-AZ23 -> 0 | BC23: 1 | BD23: 1 | BE23: =BD23-BC23 -> 0 | BF23: 101.117 | BG23: 111.51 | BH23: =BG23-BF23 -> 10.393 | BI23: 101.117 | BJ23: 111.51 | BK23: =BJ23-BI23 -> 10.393 | BM23: 14 | BN23: Томский | BO23: 14 | BP23: =BQ23+BR23 -> 88.816 | BR23: 88.816 | BS23: =BT23+BU23 -> 88.8 | BU23: 88.8 | BV23: =ROUND(BP23/D23,2) -> 2.28 | BX23: =ROUND(BR23/F23,2) -> 2.28 | BY23: =ROUND(BS23/G23,2) -> 2.28 | CA23: =ROUND(BU23/I23,2) -> 2.28 | CB23: =BY23-BV23 -> 0 | CC23: =BZ23-BW23 -> 0 | CD23: =CA23-BX23 -> 0 | CF23: 14 | CG23: Томский | CH23: 14 | CI23: =CL23+CO23 -> 293.047 | CJ23: =CM23+CP23 -> 285.225 | CK23: =CJ23-CI23 -> -7.822 | CN23: =CM23-CL23 -> 0 | CO23: 293.047 | CP23: 285.225 | CQ23: =CP23-CO23 -> -7.822 | CR23: =CU23+CX23 -> 6.853 | CS23: =CV23+CY23 -> 4.957 | CT23: =CS23-CR23 -> -1.896 | CW23: =CV23-CU23 -> 0 | CX23: 6.853 | CY23: 4.957 | CZ23: =CY23-CX23 -> -1.896 | DA23: =ROUND(CR23*1000/BP23,0) -> 77 | DB23: =ROUND(CS23*1000/BS23,0) -> 56 | DC23: =DB23-DA23 -> -21 | DD23: =ROUND(CI23/BP23,1) -> 3.3 | DE23: =ROUND(CJ23/BS23,1) -> 3.2 | DF23: =DE23-DD23 -> -0.1 | DG23: 18 | DI23: 14 | DJ23: Томский | DK23: 14 | DL23: 11.761 | DM23: 11.416 | DN23: =DM23-DL23 -> -0.345 | DO23: 11.588 | DP23: 11.26 | DQ23: =DP23-DO23 -> -0.328 | DR23: =ROUND(DL23/BP23*100,1) -> 13.2 | DS23: =ROUND(DM23/BS23*100,1) -> 12.9 | DT23: =DS23-DR23 -> -0.3 | DU23: 19 | DV23: 191.3 | DW23: 210.768 | DX23: =DW23-DV23 -> 19.468 | DY23: 173.592 | DZ23: 189.815 | EA23: =DZ23-DY23 -> 16.223 | EB23: 42.893 | EC23: 121.372 | ED23: =EC23-EB23 -> 78.479 | EE23: =ROUND(CI23/DL23,1) -> 24.9 | EF23: =ROUND(CJ23/DM23,1) -> 25 | EG23: =EF23-EE23 -> 0.1 | EH23: 3716 | EI23: 3597 | EJ23: =EI23-EH23 -> -119 | EK23: 287.736 | EL23: 282.743 | EM23: =EL23-EK23 -> -4.993 | EN23: =ROUND(EK23/DL23,1) -> 24.5 | EO23: =ROUND(EL23/DM23,1) -> 24.8 | EP23: =EO23-EN23 -> 0.3 | EQ23: =ROUND(EK23/CI23,1) -> 1 | ER23: =ROUND(EL23/CJ23,1) -> 1 | ES23: =ER23-EQ23 -> 0 | ET23: 9.531 | EU23: 9.273 | EV23: =EU23-ET23 -> -0.258 | EW23: 0.557 | EX23: 0.072 | EY23: =EX23-EW23 -> -0.485 | FA23: 14 | FB23: Томский | FC23: 14 | FD23: 62 | FE23: 61 | FF23: =FE23-FD23 -> -1 | FG23: 56 | FH23: 55 | FI23: =FH23-FG23 -> -1 | FJ23: 21 | FK23: 20 | FL23: =FK23-FJ23 -> -1 | FM23: 35 | FN23: 35 | FO23: =FN23-FM23 -> 0 | FP23: =ROUND((FK23+FN23)/FH23*100,1) -> 100 | FQ23: 1 | FR23: =ROUND(DL23*1000/FG23,0) -> 210 | FS23: =ROUND(DM23*1000/FH23,0) -> 208 | FT23: =FS23-FR23 -> -2 | FU23: =ROUND(EK23/FG23,1) -> 5.1 | FV23: =ROUND(EL23/FH23,1) -> 5.1 | FW23: =FV23-FU23 -> 0 | FY23: 14 | FZ23: Томский | GA23: 14 | GB23: =GE23+GF23+GG23 -> 49670 | GC23: =ROUND(GB23/G23,0) -> 1274 | GD23: 17 | GE23: 49645.9 | GG23: 24.1 | GJ23: =ROUND((GE23+GF23)/GB23*100,1) -> 100 | GK23: 49376.2 | GL23: 31325.6 | GN23: 631.5 | GP23: 1418.1 | GS23: =ROUND(GB23/BS23,0) -> 559 | GT23: 18 | GU23: =ROUND(GB23/DM23,0) -> 4351 | GV23: 8
A24: 15 | B24: Чаинский | C24: 15 | D24: =E24+F24 -> 16 | F24: 16 | G24: =H24+I24 -> 16 | I24: 16 | J24: 1 | K24: 1 | N24: =M24-L24 -> 0 | Q24: =P24-O24 -> 0 | R24: =ROUND((L24+O24)/D24*100,1) -> 0 | S24: =ROUND((M24+P24)/G24*100,1) -> 0 | V24: 3 | W24: 3 | X24: =W24-V24 -> 0 | Y24: 14 | Z24: 15 | AA24: =Z24-Y24 -> 1 | AB24: 14 | AC24: 15 | AD24: =AC24-AB24 -> 1 | AE24: 14 | AF24: 15 | AG24: =AF24-AE24 -> 1 | AH24: 3 | AI24: 3 | AJ24: =AI24-AH24 -> 0 | AL24: 15 | AM24: Чаинский | AN24: 15 | AO24: 15 | AP24: 15 | AQ24: =AP24-AO24 -> 0 | AR24: 15 | AS24: 15 | AT24: =AS24-AR24 -> 0 | AU24: =ROUND(AO24/D24*100,1) -> 93.8 | AV24: =ROUND(AP24/G24*100,1) -> 93.8 | AW24: 15 | AX24: 15 | AY24: =AX24-AW24 -> 0 | AZ24: 1 | BA24: 1 | BB24: =BA24-AZ24 -> 0 | BC24: 1 | BD24: 1 | BE24: =BD24-BC24 -> 0 | BF24: 50.794 | BG24: 54.515 | BH24: =BG24-BF24 -> 3.721 | BI24: 50.794 | BJ24: 54.515 | BK24: =BJ24-BI24 -> 3.721 | BM24: 15 | BN24: Чаинский | BO24: 15 | BP24: =BQ24+BR24 -> 11.717 | BR24: 11.717 | BS24: =BT24+BU24 -> 11.7 | BU24: 11.7 | BV24: =ROUND(BP24/D24,2) -> 0.73 | BX24: =ROUND(BR24/F24,2) -> 0.73 | BY24: =ROUND(BS24/G24,2) -> 0.73 | CA24: =ROUND(BU24/I24,2) -> 0.73 | CB24: =BY24-BV24 -> 0 | CC24: =BZ24-BW24 -> 0 | CD24: =CA24-BX24 -> 0 | CF24: 15 | CG24: Чаинский | CH24: 15 | CI24: =CL24+CO24 -> 132.814 | CJ24: =CM24+CP24 -> 131.303 | CK24: =CJ24-CI24 -> -1.511 | CN24: =CM24-CL24 -> 0 | CO24: 132.814 | CP24: 131.303 | CQ24: =CP24-CO24 -> -1.511 | CR24: =CU24+CX24 -> 3.203 | CS24: =CV24+CY24 -> 4.191 | CT24: =CS24-CR24 -> 0.988 | CW24: =CV24-CU24 -> 0 | CX24: 3.203 | CY24: 4.191 | CZ24: =CY24-CX24 -> 0.988 | DA24: =ROUND(CR24*1000/BP24,0) -> 273 | DB24: =ROUND(CS24*1000/BS24,0) -> 358 | DC24: =DB24-DA24 -> 85 | DD24: =ROUND(CI24/BP24,1) -> 11.3 | DE24: =ROUND(CJ24/BS24,1) -> 11.2 | DF24: =DE24-DD24 -> -0.1 | DG24: 3 | DI24: 15 | DJ24: Чаинский | DK24: 15 | DL24: 7.775 | DM24: 7.444 | DN24: =DM24-DL24 -> -0.331 | DO24: 7.686 | DP24: 7.328 | DQ24: =DP24-DO24 -> -0.358 | DR24: =ROUND(DL24/BP24*100,1) -> 66.4 | DS24: =ROUND(DM24/BS24*100,1) -> 63.6 | DT24: =DS24-DR24 -> -2.8 | DU24: 4 | DV24: 124.149 | DW24: 146.243 | DX24: =DW24-DV24 -> 22.094 | DY24: 103.468 | DZ24: 102.907 | EA24: =DZ24-DY24 -> -0.561 | EB24: 14.461 | EC24: 31.642 | ED24: =EC24-EB24 -> 17.181 | EE24: =ROUND(CI24/DL24,1) -> 17.1 | EF24: =ROUND(CJ24/DM24,1) -> 17.6 | EG24: =EF24-EE24 -> 0.5 | EH24: 1613 | EI24: 1687 | EJ24: =EI24-EH24 -> 74 | EK24: 212.271 | EL24: 220.64 | EM24: =EL24-EK24 -> 8.369 | EN24: =ROUND(EK24/DL24,1) -> 27.3 | EO24: =ROUND(EL24/DM24,1) -> 29.6 | EP24: =EO24-EN24 -> 2.3 | EQ24: =ROUND(EK24/CI24,1) -> 1.6 | ER24: =ROUND(EL24/CJ24,1) -> 1.7 | ES24: =ER24-EQ24 -> 0.1 | ET24: 16.459 | EU24: 13.473 | EV24: =EU24-ET24 -> -2.986 | EW24: 0.05 | EX24: 0.026 | EY24: =EX24-EW24 -> -0.024 | FA24: 15 | FB24: Чаинский | FC24: 15 | FD24: 29 | FE24: 29 | FF24: =FE24-FD24 -> 0 | FG24: 27 | FH24: 27 | FI24: =FH24-FG24 -> 0 | FJ24: 11 | FK24: 11 | FL24: =FK24-FJ24 -> 0 | FM24: 16 | FN24: 16 | FO24: =FN24-FM24 -> 0 | FP24: =ROUND((FK24+FN24)/FH24*100,1) -> 100 | FQ24: 1 | FR24: =ROUND(DL24*1000/FG24,0) -> 288 | FS24: =ROUND(DM24*1000/FH24,0) -> 276 | FT24: =FS24-FR24 -> -12 | FU24: =ROUND(EK24/FG24,1) -> 7.9 | FV24: =ROUND(EL24/FH24,1) -> 8.2 | FW24: =FV24-FU24 -> 0.3 | FY24: 15 | FZ24: Чаинский | GA24: 15 | GB24: =GE24+GF24+GG24 -> 48200.1 | GC24: =ROUND(GB24/G24,0) -> 3013 | GD24: 5 | GE24: 22983.1 | GF24: 24164.2 | GG24: 1052.8 | GH24: 25 | GJ24: =ROUND((GE24+GF24)/GB24*100,1) -> 97.8 | GK24: 48361 | GL24: 26526.9 | GM24: 8473.8 | GN24: 7796.5 | GO24: 89.1 | GP24: 1474.7 | GS24: =ROUND(GB24/BS24,0) -> 4120 | GT24: 1 | GU24: =ROUND(GB24/DM24,0) -> 6475 | GV24: 3
A25: 16 | B25: Шегарский | C25: 16 | D25: =E25+F25 -> 16 | F25: 16 | G25: =H25+I25 -> 16 | I25: 16 | J25: 5 | K25: 15 | N25: =M25-L25 -> 0 | Q25: =P25-O25 -> 0 | R25: =ROUND((L25+O25)/D25*100,1) -> 0 | S25: =ROUND((M25+P25)/G25*100,1) -> 0 | T25: 1 | U25: 1 | V25: 6 | W25: 6 | X25: =W25-V25 -> 0 | Y25: 16 | Z25: 16 | AA25: =Z25-Y25 -> 0 | AB25: 16 | AC25: 16 | AD25: =AC25-AB25 -> 0 | AE25: 15 | AF25: 15 | AG25: =AF25-AE25 -> 0 | AH25: 10 | AI25: 10 | AJ25: =AI25-AH25 -> 0 | AL25: 16 | AM25: Шегарский | AN25: 16 | AO25: 15 | AP25: 15 | AQ25: =AP25-AO25 -> 0 | AR25: 15 | AS25: 15 | AT25: =AS25-AR25 -> 0 | AU25: =ROUND(AO25/D25*100,1) -> 93.8 | AV25: =ROUND(AP25/G25*100,1) -> 93.8 | AW25: 1 | AX25: 1 | AY25: =AX25-AW25 -> 0 | AZ25: 1 | BA25: 1 | BB25: =BA25-AZ25 -> 0 | BC25: 1 | BD25: 1 | BE25: =BD25-BC25 -> 0 | BF25: 13.331 | BG25: 14.356 | BH25: =BG25-BF25 -> 1.025 | BI25: 13.331 | BJ25: 14.356 | BK25: =BJ25-BI25 -> 1.025 | BM25: 16 | BN25: Шегарский | BO25: 16 | BP25: =BQ25+BR25 -> 19.922 | BR25: 19.922 | BS25: =BT25+BU25 -> 19.9 | BU25: 19.9 | BV25: =ROUND(BP25/D25,2) -> 1.25 | BX25: =ROUND(BR25/F25,2) -> 1.25 | BY25: =ROUND(BS25/G25,2) -> 1.24 | CA25: =ROUND(BU25/I25,2) -> 1.24 | CB25: =BY25-BV25 -> -0.01 | CC25: =BZ25-BW25 -> 0 | CD25: =CA25-BX25 -> -0.01 | CF25: 16 | CG25: Шегарский | CH25: 16 | CI25: =CL25+CO25 -> 143.911 | CJ25: =CM25+CP25 -> 140.352 | CK25: =CJ25-CI25 -> -3.559 | CN25: =CM25-CL25 -> 0 | CO25: 143.911 | CP25: 140.352 | CQ25: =CP25-CO25 -> -3.559 | CR25: =CU25+CX25 -> 2.714 | CS25: =CV25+CY25 -> 1.909 | CT25: =CS25-CR25 -> -0.805 | CW25: =CV25-CU25 -> 0 | CX25: 2.714 | CY25: 1.909 | CZ25: =CY25-CX25 -> -0.805 | DA25: =ROUND(CR25*1000/BP25,0) -> 136 | DB25: =ROUND(CS25*1000/BS25,0) -> 96 | DC25: =DB25-DA25 -> -40 | DD25: =ROUND(CI25/BP25,1) -> 7.2 | DE25: =ROUND(CJ25/BS25,1) -> 7.1 | DF25: =DE25-DD25 -> -0.1 | DG25: 13 | DI25: 16 | DJ25: Шегарский | DK25: 16 | DL25: 11.084 | DM25: 11.243 | DN25: =DM25-DL25 -> 0.159 | DO25: 9.545 | DP25: 9.662 | DQ25: =DP25-DO25 -> 0.117 | DR25: =ROUND(DL25/BP25*100,1) -> 55.6 | DS25: =ROUND(DM25/BS25*100,1) -> 56.5 | DT25: =DS25-DR25 -> 0.9 | DU25: 6 | DV25: 136.784 | DW25: 163.587 | DX25: =DW25-DV25 -> 26.803 | DY25: 127.396 | DZ25: 155.013 | EA25: =DZ25-DY25 -> 27.617 | EB25: 100.214 | EC25: 131.953 | ED25: =EC25-EB25 -> 31.739 | EE25: =ROUND(CI25/DL25,1) -> 13 | EF25: =ROUND(CJ25/DM25,1) -> 12.5 | EG25: =EF25-EE25 -> -0.5 | EH25: 2432 | EI25: 2857 | EJ25: =EI25-EH25 -> 425 | EK25: 251.851 | EL25: 271.27 | EM25: =EL25-EK25 -> 19.419 | EN25: =ROUND(EK25/DL25,1) -> 22.7 | EO25: =ROUND(EL25/DM25,1) -> 24.1 | EP25: =EO25-EN25 -> 1.4 | EQ25: =ROUND(EK25/CI25,1) -> 1.8 | ER25: =ROUND(EL25/CJ25,1) -> 1.9 | ES25: =ER25-EQ25 -> 0.1 | ET25: 4.917 | EU25: 5.464 | EV25: =EU25-ET25 -> 0.547 | EW25: 0.335 | EX25: 0.396 | EY25: =EX25-EW25 -> 0.061 | FA25: 16 | FB25: Шегарский | FC25: 16 | FD25: 39 | FE25: 39 | FF25: =FE25-FD25 -> 0 | FG25: 26 | FH25: 26 | FI25: =FH25-FG25 -> 0 | FJ25: 11 | FK25: 10 | FL25: =FK25-FJ25 -> -1 | FM25: 14 | FN25: 14 | FO25: =FN25-FM25 -> 0 | FP25: =ROUND((FK25+FN25)/FH25*100,1) -> 92.3 | FQ25: 10 | FR25: =ROUND(DL25*1000/FG25,0) -> 426 | FS25: =ROUND(DM25*1000/FH25,0) -> 432 | FT25: =FS25-FR25 -> 6 | FU25: =ROUND(EK25/FG25,1) -> 9.7 | FV25: =ROUND(EL25/FH25,1) -> 10.4 | FW25: =FV25-FU25 -> 0.7 | FY25: 16 | FZ25: Шегарский | GA25: 16 | GB25: =GE25+GF25+GG25 -> 25148.5 | GC25: =ROUND(GB25/G25,0) -> 1572 | GD25: 14 | GE25: 14503.1 | GF25: 10519.1 | GG25: 126.3 | GH25: 120.6 | GJ25: =ROUND((GE25+GF25)/GB25*100,1) -> 99.5 | GK25: 24386.2 | GL25: 20308.4 | GM25: 1166.4 | GN25: 133.5 | GP25: 494.3 | GQ25: 82 | GS25: =ROUND(GB25/BS25,0) -> 1264 | GT25: 14 | GU25: =ROUND(GB25/DM25,0) -> 2237 | GV25: 16
A26: 17 | B26: г.Кедровый | C26: 17 | D26: =E26+F26 -> 2 | E26: 1 | F26: 1 | G26: =H26+I26 -> 2 | H26: 1 | I26: 1 | J26: 1 | K26: 2 | N26: =M26-L26 -> 0 | Q26: =P26-O26 -> 0 | R26: =ROUND((L26+O26)/D26*100,1) -> 0 | S26: =ROUND((M26+P26)/G26*100,1) -> 0 | X26: =W26-V26 -> 0 | Y26: 2 | Z26: 2 | AA26: =Z26-Y26 -> 0 | AB26: 2 | AC26: 2 | AD26: =AC26-AB26 -> 0 | AE26: 2 | AF26: 2 | AG26: =AF26-AE26 -> 0 | AJ26: =AI26-AH26 -> 0 | AL26: 17 | AM26: г.Кедровый | AN26: 17 | AO26: 2 | AP26: 2 | AQ26: =AP26-AO26 -> 0 | AR26: 2 | AS26: 2 | AT26: =AS26-AR26 -> 0 | AU26: =ROUND(AO26/D26*100,1) -> 100 | AV26: =ROUND(AP26/G26*100,1) -> 100 | AW26: 2 | AX26: 2 | AY26: =AX26-AW26 -> 0 | AZ26: 1 | BA26: 1 | BB26: =BA26-AZ26 -> 0 | BC26: 1 | BD26: 1 | BE26: =BD26-BC26 -> 0 | BF26: 13.011 | BG26: 14.465 | BH26: =BG26-BF26 -> 1.454 | BI26: 13.011 | BJ26: 14.465 | BK26: =BJ26-BI26 -> 1.454 | BM26: 17 | BN26: г.Кедровый | BO26: 17 | BP26: =BQ26+BR26 -> 2.638 | BQ26: 1.796 | BR26: 0.842 | BS26: =BT26+BU26 -> 2.6 | BT26: 1.8 | BU26: 0.8 | BV26: =ROUND(BP26/D26,2) -> 1.32 | BW26: =ROUND(BQ26/E26,2) -> 1.8 | BX26: =ROUND(BR26/F26,2) -> 0.84 | BY26: =ROUND(BS26/G26,2) -> 1.3 | BZ26: =ROUND(BT26/H26,2) -> 1.8 | CA26: =ROUND(BU26/I26,2) -> 0.8 | CB26: =BY26-BV26 -> -0.02 | CC26: =BZ26-BW26 -> 0 | CD26: =CA26-BX26 -> -0.04 | CF26: 17 | CG26: г.Кедровый | CH26: 17 | CI26: =CL26+CO26 -> 26.446 | CJ26: =CM26+CP26 -> 26.229 | CK26: =CJ26-CI26 -> -0.217 | CL26: 16.1 | CM26: 16.007 | CN26: =CM26-CL26 -> -0.093 | CO26: 10.346 | CP26: 10.222 | CQ26: =CP26-CO26 -> -0.124 | CR26: =CU26+CX26 -> 0.495 | CS26: =CV26+CY26 -> 0.396 | CT26: =CS26-CR26 -> -0.099 | CU26: 0.309 | CV26: 0.241 | CW26: =CV26-CU26 -> -0.068 | CX26: 0.186 | CY26: 0.155 | CZ26: =CY26-CX26 -> -0.031 | DA26: =ROUND(CR26*1000/BP26,0) -> 188 | DB26: =ROUND(CS26*1000/BS26,0) -> 152 | DC26: =DB26-DA26 -> -36 | DD26: =ROUND(CI26/BP26,1) -> 10 | DE26: =ROUND(CJ26/BS26,1) -> 10.1 | DF26: =DE26-DD26 -> 0.1 | DG26: 6 | DI26: 17 | DJ26: г.Кедровый | DK26: 17 | DL26: 1.175 | DM26: 1.134 | DN26: =DM26-DL26 -> -0.041 | DO26: 1.175 | DP26: 1.134 | DQ26: =DP26-DO26 -> -0.041 | DR26: =ROUND(DL26/BP26*100,1) -> 44.5 | DS26: =ROUND(DM26/BS26*100,1) -> 43.6 | DT26: =DS26-DR26 -> -0.9 | DU26: 15 | DV26: 9.254 | DW26: 8.77 | DX26: =DW26-DV26 -> -0.484 | DY26: 8.48 | DZ26: 7.996 | EA26: =DZ26-DY26 -> -0.484 | EB26: 2.65 | EC26: 3.915 | ED26: =EC26-EB26 -> 1.265 | EE26: =ROUND(CI26/DL26,1) -> 22.5 | EF26: =ROUND(CJ26/DM26,1) -> 23.1 | EG26: =EF26-EE26 -> 0.6 | EH26: 333 | EI26: 307 | EJ26: =EI26-EH26 -> -26 | EK26: 12.712 | EL26: 12.014 | EM26: =EL26-EK26 -> -0.698 | EN26: =ROUND(EK26/DL26,1) -> 10.8 | EO26: =ROUND(EL26/DM26,1) -> 10.6 | EP26: =EO26-EN26 -> -0.2 | EQ26: =ROUND(EK26/CI26,1) -> 0.5 | ER26: =ROUND(EL26/CJ26,1) -> 0.5 | ES26: =ER26-EQ26 -> 0 | ET26: 2.208 | EU26: 2.673 | EV26: =EU26-ET26 -> 0.465 | EW26: 0.003 | EX26: 0.001 | EY26: =EX26-EW26 -> -0.002 | FA26: 17 | FB26: г.Кедровый | FC26: 17 | FD26: 7 | FE26: 7 | FF26: =FE26-FD26 -> 0 | FG26: 6 | FH26: 6 | FI26: =FH26-FG26 -> 0 | FJ26: 1 | FK26: 1 | FL26: =FK26-FJ26 -> 0 | FM26: 5 | FN26: 5 | FO26: =FN26-FM26 -> 0 | FP26: =ROUND((FK26+FN26)/FH26*100,1) -> 100 | FQ26: 1 | FR26: =ROUND(DL26*1000/FG26,0) -> 196 | FS26: =ROUND(DM26*1000/FH26,0) -> 189 | FT26: =FS26-FR26 -> -7 | FU26: =ROUND(EK26/FG26,1) -> 2.1 | FV26: =ROUND(EL26/FH26,1) -> 2 | FW26: =FV26-FU26 -> -0.1 | FY26: 17 | FZ26: г.Кедровый | GA26: 17 | GB26: =GE26+GF26+GG26 -> 7172 | GC26: =ROUND(GB26/G26,0) -> 3586 | GD26: 3 | GE26: 3213.8 | GF26: 3895.3 | GG26: 62.9 | GH26: 62.9 | GJ26: =ROUND((GE26+GF26)/GB26*100,1) -> 99.1 | GK26: 7171.7 | GL26: 6120 | GN26: 177 | GO26: 5.2 | GP26: 90.3 | GQ26: 84.5 | GS26: =ROUND(GB26/BS26,0) -> 2758 | GT26: 5 | GU26: =ROUND(GB26/DM26,0) -> 6325 | GV26: 4
A27: 18 | B27: г.Стрежевой | C27: 18 | D27: =E27+F27 -> 2 | E27: 2 | G27: =H27+I27 -> 2 | H27: 2 | J27: 2 | K27: 2 | N27: =M27-L27 -> 0 | O27: 1 | Q27: =P27-O27 -> -1 | R27: =ROUND((L27+O27)/D27*100,1) -> 50 | S27: =ROUND((M27+P27)/G27*100,1) -> 0 | V27: 1 | W27: 1 | X27: =W27-V27 -> 0 | Y27: 2 | Z27: 2 | AA27: =Z27-Y27 -> 0 | AB27: 2 | AC27: 2 | AD27: =AC27-AB27 -> 0 | AE27: 2 | AF27: 2 | AG27: =AF27-AE27 -> 0 | AH27: 5 | AI27: 5 | AJ27: =AI27-AH27 -> 0 | AL27: 18 | AM27: г.Стрежевой | AN27: 18 | AO27: 2 | AP27: 2 | AQ27: =AP27-AO27 -> 0 | AR27: 2 | AS27: 2 | AT27: =AS27-AR27 -> 0 | AU27: =ROUND(AO27/D27*100,1) -> 100 | AV27: =ROUND(AP27/G27*100,1) -> 100 | AW27: 2 | AX27: 2 | AY27: =AX27-AW27 -> 0 | AZ27: 1 | BA27: 1 | BB27: =BA27-AZ27 -> 0 | BC27: 1 | BD27: 1 | BE27: =BD27-BC27 -> 0 | BF27: 68.834 | BG27: 69.419 | BH27: =BG27-BF27 -> 0.585 | BI27: 68.834 | BJ27: 69.419 | BK27: =BJ27-BI27 -> 0.585 | BM27: 18 | BN27: г.Стрежевой | BO27: 18 | BP27: =BQ27+BR27 -> 38.905 | BQ27: 38.905 | BS27: =BT27+BU27 -> 38.1 | BT27: 38.1 | BV27: =ROUND(BP27/D27,2) -> 19.45 | BW27: =ROUND(BQ27/E27,2) -> 19.45 | BY27: =ROUND(BS27/G27,2) -> 19.05 | BZ27: =ROUND(BT27/H27,2) -> 19.05 | CB27: =BY27-BV27 -> -0.4 | CC27: =BZ27-BW27 -> -0.4 | CD27: =CA27-BX27 -> 0 | CF27: 18 | CG27: г.Стрежевой | CH27: 18 | CI27: =CL27+CO27 -> 148.499 | CJ27: =CM27+CP27 -> 147.626 | CK27: =CJ27-CI27 -> -0.873 | CL27: 148.499 | CM27: 147.626 | CN27: =CM27-CL27 -> -0.873 | CQ27: =CP27-CO27 -> 0 | CR27: =CU27+CX27 -> 2.264 | CS27: =CV27+CY27 -> 0.671 | CT27: =CS27-CR27 -> -1.593 | CU27: 2.264 | CV27: 0.671 | CW27: =CV27-CU27 -> -1.593 | CZ27: =CY27-CX27 -> 0 | DA27: =ROUND(CR27*1000/BP27,0) -> 58 | DB27: =ROUND(CS27*1000/BS27,0) -> 18 | DC27: =DB27-DA27 -> -40 | DD27: =ROUND(CI27/BP27,1) -> 3.8 | DE27: =ROUND(CJ27/BS27,1) -> 3.9 | DF27: =DE27-DD27 -> 0.1 | DG27: 16 | DI27: 18 | DJ27: г.Стрежевой | DK27: 18 | DL27: 10.651 | DM27: 13.092 | DN27: =DM27-DL27 -> 2.441 | DO27: 8.958 | DP27: 12.913 | DQ27: =DP27-DO27 -> 3.955 | DR27: =ROUND(DL27/BP27*100,1) -> 27.4 | DS27: =ROUND(DM27/BS27*100,1) -> 34.4 | DT27: =DS27-DR27 -> 7 | DU27: 17 | DV27: 76.289 | DW27: 210.268 | DX27: =DW27-DV27 -> 133.979 | DY27: 59.332 | DZ27: 133.088 | EA27: =DZ27-DY27 -> 73.756 | EB27: 8.408 | EC27: 7.071 | ED27: =EC27-EB27 -> -1.337 | EE27: =ROUND(CI27/DL27,1) -> 13.9 | EF27: =ROUND(CJ27/DM27,1) -> 11.3 | EG27: =EF27-EE27 -> -2.6 | EH27: 773 | EI27: 847 | EJ27: =EI27-EH27 -> 74 | EK27: 191.044 | EL27: 339.07 | EM27: =EL27-EK27 -> 148.026 | EN27: =ROUND(EK27/DL27,1) -> 17.9 | EO27: =ROUND(EL27/DM27,1) -> 25.9 | EP27: =EO27-EN27 -> 8 | EQ27: =ROUND(EK27/CI27,1) -> 1.3 | ER27: =ROUND(EL27/CJ27,1) -> 2.3 | ES27: =ER27-EQ27 -> 1 | ET27: 29.037 | EU27: 32.638 | EV27: =EU27-ET27 -> 3.601 | EY27: =EX27-EW27 -> 0 | FA27: 18 | FB27: г.Стрежевой | FC27: 18 | FD27: 22 | FE27: 26 | FF27: =FE27-FD27 -> 4 | FG27: 22 | FH27: 23 | FI27: =FH27-FG27 -> 1 | FJ27: 12 | FK27: 13 | FL27: =FK27-FJ27 -> 1 | FM27: 10 | FN27: 7 | FO27: =FN27-FM27 -> -3 | FP27: =ROUND((FK27+FN27)/FH27*100,1) -> 87 | FQ27: 11 | FR27: =ROUND(DL27*1000/FG27,0) -> 484 | FS27: =ROUND(DM27*1000/FH27,0) -> 569 | FT27: =FS27-FR27 -> 85 | FU27: =ROUND(EK27/FG27,1) -> 8.7 | FV27: =ROUND(EL27/FH27,1) -> 14.7 | FW27: =FV27-FU27 -> 6 | FY27: 18 | FZ27: г.Стрежевой | GA27: 18 | GB27: =GE27+GF27+GG27 -> 0 | GC27: =ROUND(GB27/G27,0) -> 0 | GJ27: 0 | GS27: =ROUND(GB27/BS27,0) -> 0 | GU27: =ROUND(GB27/DM27,0) -> 0
A28: 19 | B28: г.Томск | C28: 19 | D28: =E28+F28 -> 26 | E28: 26 | G28: =H28+I28 -> 26 | H28: 26 | J28: 26 | K28: 26 | N28: =M28-L28 -> 0 | Q28: =P28-O28 -> 0 | R28: =ROUND((L28+O28)/D28*100,1) -> 0 | S28: =ROUND((M28+P28)/G28*100,1) -> 0 | V28: 7 | W28: 3 | X28: =W28-V28 -> -4 | Y28: 26 | Z28: 26 | AA28: =Z28-Y28 -> 0 | AB28: 23 | AC28: 24 | AD28: =AC28-AB28 -> 1 | AE28: 23 | AF28: 24 | AG28: =AF28-AE28 -> 1 | AH28: 20 | AI28: 10 | AJ28: =AI28-AH28 -> -10 | AL28: 19 | AM28: г.Томск | AN28: 19 | AO28: 26 | AP28: 26 | AQ28: =AP28-AO28 -> 0 | AR28: 26 | AS28: 26 | AT28: =AS28-AR28 -> 0 | AU28: =ROUND(AO28/D28*100,1) -> 100 | AV28: =ROUND(AP28/G28*100,1) -> 100 | AW28: 3 | AX28: 3 | AY28: =AX28-AW28 -> 0 | AZ28: 1 | BA28: 1 | BB28: =BA28-AZ28 -> 0 | BC28: 1 | BD28: 1 | BE28: =BD28-BC28 -> 0 | BF28: 392.278 | BG28: 369.406 | BH28: =BG28-BF28 -> -22.872 | BI28: 392.278 | BJ28: 369.406 | BK28: =BJ28-BI28 -> -22.872 | BM28: 19 | BN28: г.Томск | BO28: 19 | BP28: =BQ28+BR28 -> 579.329 | BQ28: 579.329 | BS28: =BT28+BU28 -> 572 | BT28: 572 | BV28: =ROUND(BP28/D28,2) -> 22.28 | BW28: =ROUND(BQ28/E28,2) -> 22.28 | BY28: =ROUND(BS28/G28,2) -> 22 | BZ28: =ROUND(BT28/H28,2) -> 22 | CB28: =BY28-BV28 -> -0.28 | CC28: =BZ28-BW28 -> -0.28 | CD28: =CA28-BX28 -> 0 | CF28: 19 | CG28: г.Томск | CH28: 19 | CI28: =CL28+CO28 -> 411.635 | CJ28: =CM28+CP28 -> 412.786 | CK28: =CJ28-CI28 -> 1.151 | CL28: 411.635 | CM28: 412.786 | CN28: =CM28-CL28 -> 1.151 | CQ28: =CP28-CO28 -> 0 | CR28: =CU28+CX28 -> 15.168 | CS28: =CV28+CY28 -> 17.03 | CT28: =CS28-CR28 -> 1.862 | CU28: 15.168 | CV28: 17.03 | CW28: =CV28-CU28 -> 1.862 | CZ28: =CY28-CX28 -> 0 | DA28: =ROUND(CR28*1000/BP28,0) -> 26 | DB28: =ROUND(CS28*1000/BS28,0) -> 30 | DC28: =DB28-DA28 -> 4 | DD28: =ROUND(CI28/BP28,1) -> 0.7 | DE28: =ROUND(CJ28/BS28,1) -> 0.7 | DF28: =DE28-DD28 -> 0 | DG28: 19 | DI28: 19 | DJ28: г.Томск | DK28: 19 | DL28: 69.424 | DM28: 69.107 | DN28: =DM28-DL28 -> -0.317 | DO28: 65.723 | DP28: 66.108 | DQ28: =DP28-DO28 -> 0.385 | DR28: =ROUND(DL28/BP28*100,1) -> 12 | DS28: =ROUND(DM28/BS28*100,1) -> 12.1 | DT28: =DS28-DR28 -> 0.1 | DU28: 20 | DV28: 618.309 | DW28: 725.466 | DX28: =DW28-DV28 -> 107.157 | DY28: 574.561 | DZ28: 671.862 | EA28: =DZ28-DY28 -> 97.301 | EB28: 150.462 | EC28: 183.076 | ED28: =EC28-EB28 -> 32.614 | EE28: =ROUND(CI28/DL28,1) -> 5.9 | EF28: =ROUND(CJ28/DM28,1) -> 6 | EG28: =EF28-EE28 -> 0.1 | EH28: 3590 | EI28: 4363 | EJ28: =EI28-EH28 -> 773 | EK28: 1113.676 | EL28: 1148.425 | EM28: =EL28-EK28 -> 34.749 | EN28: =ROUND(EK28/DL28,1) -> 16 | EO28: =ROUND(EL28/DM28,1) -> 16.6 | EP28: =EO28-EN28 -> 0.6 | EQ28: =ROUND(EK28/CI28,1) -> 2.7 | ER28: =ROUND(EL28/CJ28,1) -> 2.8 | ES28: =ER28-EQ28 -> 0.1 | ET28: 71.221 | EU28: 76.743 | EV28: =EU28-ET28 -> 5.522 | EW28: 19.744 | EX28: 28.549 | EY28: =EX28-EW28 -> 8.805 | FA28: 19 | FB28: г.Томск | FC28: 19 | FD28: 265 | FE28: 254 | FF28: =FE28-FD28 -> -11 | FG28: 136 | FH28: 140 | FI28: =FH28-FG28 -> 4 | FJ28: 109 | FK28: 106 | FL28: =FK28-FJ28 -> -3 | FM28: 22 | FN28: 28 | FO28: =FN28-FM28 -> 6 | FP28: =ROUND((FK28+FN28)/FH28*100,1) -> 95.7 | FQ28: 6 | FR28: =ROUND(DL28*1000/FG28,0) -> 510 | FS28: =ROUND(DM28*1000/FH28,0) -> 494 | FT28: =FS28-FR28 -> -16 | FU28: =ROUND(EK28/FG28,1) -> 8.2 | FV28: =ROUND(EL28/FH28,1) -> 8.2 | FW28: =FV28-FU28 -> 0 | FY28: 19 | FZ28: г.Томск | GA28: 19 | GB28: =GE28+GF28+GG28 -> 148167.5 | GC28: =ROUND(GB28/G28,0) -> 5699 | GD28: 2 | GE28: 147136.3 | GG28: 1031.2 | GH28: 30.4 | GI28: 242 | GJ28: =ROUND((GE28+GF28)/GB28*100,1) -> 99.3 | GK28: 148793.4 | GL28: 131144.4 | GN28: 1380.5 | GP28: 5355.7 | GQ28: 911.9 | GS28: =ROUND(GB28/BS28,0) -> 259 | GT28: 19 | GU28: =ROUND(GB28/DM28,0) -> 2144 | GV28: 17
A29: 20 | B29: ЗАТО Северск | C29: 20 | D29: =E29+F29 -> 8 | E29: 7 | F29: 1 | G29: =H29+I29 -> 8 | H29: 7 | I29: 1 | J29: 6 | K29: 8 | L29: 1 | M29: 1 | N29: =M29-L29 -> 0 | Q29: =P29-O29 -> 0 | R29: =ROUND((L29+O29)/D29*100,1) -> 12.5 | S29: =ROUND((M29+P29)/G29*100,1) -> 12.5 | T29: 4 | U29: 4 | X29: =W29-V29 -> 0 | Y29: 8 | Z29: 8 | AA29: =Z29-Y29 -> 0 | AB29: 8 | AC29: 8 | AD29: =AC29-AB29 -> 0 | AE29: 8 | AF29: 8 | AG29: =AF29-AE29 -> 0 | AJ29: =AI29-AH29 -> 0 | AL29: 20 | AM29: ЗАТО Северск | AN29: 20 | AO29: 8 | AP29: 8 | AQ29: =AP29-AO29 -> 0 | AR29: 8 | AS29: 8 | AT29: =AS29-AR29 -> 0 | AU29: =ROUND(AO29/D29*100,1) -> 100 | AV29: =ROUND(AP29/G29*100,1) -> 100 | AW29: 5 | AX29: 5 | AY29: =AX29-AW29 -> 0 | AZ29: 2 | BA29: 2 | BB29: =BA29-AZ29 -> 0 | BC29: 2 | BD29: 2 | BE29: =BD29-BC29 -> 0 | BF29: 406.368 | BG29: 417.984 | BH29: =BG29-BF29 -> 11.616 | BI29: 406.368 | BJ29: 417.984 | BK29: =BJ29-BI29 -> 11.616 | BM29: 20 | BN29: ЗАТО Северск | BO29: 20 | BP29: =BQ29+BR29 -> 112.404 | BQ29: 106.133 | BR29: 6.271 | BS29: =BT29+BU29 -> 112 | BT29: 105.8 | BU29: 6.2 | BV29: =ROUND(BP29/D29,2) -> 14.05 | BW29: =ROUND(BQ29/E29,2) -> 15.16 | BX29: =ROUND(BR29/F29,2) -> 6.27 | BY29: =ROUND(BS29/G29,2) -> 14 | BZ29: =ROUND(BT29/H29,2) -> 15.11 | CA29: =ROUND(BU29/I29,2) -> 6.2 | CB29: =BY29-BV29 -> -0.05 | CC29: =BZ29-BW29 -> -0.05 | CD29: =CA29-BX29 -> -0.07 | CF29: 20 | CG29: ЗАТО Северск | CH29: 20 | CI29: =CL29+CO29 -> 372.327 | CJ29: =CM29+CP29 -> 374.391 | CK29: =CJ29-CI29 -> 2.064 | CL29: 362.93 | CM29: 366.92 | CN29: =CM29-CL29 -> 3.99 | CO29: 9.397 | CP29: 7.471 | CQ29: =CP29-CO29 -> -1.926 | CR29: =CU29+CX29 -> 7.359 | CS29: =CV29+CY29 -> 7.658 | CT29: =CS29-CR29 -> 0.299 | CU29: 7.209 | CV29: 7.164 | CW29: =CV29-CU29 -> -0.045 | CX29: 0.15 | CY29: 0.494 | CZ29: =CY29-CX29 -> 0.344 | DA29: =ROUND(CR29*1000/BP29,0) -> 65 | DB29: =ROUND(CS29*1000/BS29,0) -> 68 | DC29: =DB29-DA29 -> 3 | DD29: =ROUND(CI29/BP29,1) -> 3.3 | DE29: =ROUND(CJ29/BS29,1) -> 3.3 | DF29: =DE29-DD29 -> 0 | DG29: 17 | DI29: 20 | DJ29: ЗАТО Северск | DK29: 20 | DL29: 41.874 | DM29: 42.387 | DN29: =DM29-DL29 -> 0.513 | DO29: 41.874 | DP29: 42.387 | DQ29: =DP29-DO29 -> 0.513 | DR29: =ROUND(DL29/BP29*100,1) -> 37.3 | DS29: =ROUND(DM29/BS29*100,1) -> 37.8 | DT29: =DS29-DR29 -> 0.5 | DU29: 16 | DV29: 346.886 | DW29: 352.044 | DX29: =DW29-DV29 -> 5.158 | DY29: 326.963 | DZ29: 325.354 | EA29: =DZ29-DY29 -> -1.609 | EB29: 95.182 | EC29: 124.164 | ED29: =EC29-EB29 -> 28.982 | EE29: =ROUND(CI29/DL29,1) -> 8.9 | EF29: =ROUND(CJ29/DM29,1) -> 8.8 | EG29: =EF29-EE29 -> -0.1 | EH29: 5578 | EI29: 4846 | EJ29: =EI29-EH29 -> -732 | EK29: 723.579 | EL29: 716.858 | EM29: =EL29-EK29 -> -6.721 | EN29: =ROUND(EK29/DL29,1) -> 17.3 | EO29: =ROUND(EL29/DM29,1) -> 16.9 | EP29: =EO29-EN29 -> -0.4 | EQ29: =ROUND(EK29/CI29,1) -> 1.9 | ER29: =ROUND(EL29/CJ29,1) -> 1.9 | ES29: =ER29-EQ29 -> 0 | ET29: 51.374 | EU29: 49.026 | EV29: =EU29-ET29 -> -2.348 | EW29: 4.148 | EX29: 4.771 | EY29: =EX29-EW29 -> 0.623 | FA29: 20 | FB29: ЗАТО Северск | FC29: 20 | FD29: 118 | FE29: 118 | FF29: =FE29-FD29 -> 0 | FG29: 72 | FH29: 72 | FI29: =FH29-FG29 -> 0 | FJ29: 58 | FK29: 60 | FL29: =FK29-FJ29 -> 2 | FM29: 14 | FN29: 9 | FO29: =FN29-FM29 -> -5 | FP29: =ROUND((FK29+FN29)/FH29*100,1) -> 95.8 | FQ29: 5 | FR29: =ROUND(DL29*1000/FG29,0) -> 582 | FS29: =ROUND(DM29*1000/FH29,0) -> 589 | FT29: =FS29-FR29 -> 7 | FU29: =ROUND(EK29/FG29,1) -> 10 | FV29: =ROUND(EL29/FH29,1) -> 10 | FW29: =FV29-FU29 -> 0 | FY29: 20 | FZ29: ЗАТО Северск | GA29: 20 | GB29: =GE29+GF29+GG29 -> 96704.6 | GC29: =ROUND(GB29/G29,0) -> 12088 | GD29: 1 | GE29: 95905.1 | GF29: 449.6 | GG29: 349.9 | GH29: 195 | GJ29: =ROUND((GE29+GF29)/GB29*100,1) -> 99.6 | GK29: 91216.8 | GL29: 83919.9 | GN29: 1470.6 | GP29: 1476.8 | GR29: 45.5 | GS29: =ROUND(GB29/BS29,0) -> 863 | GT29: 17 | GU29: =ROUND(GB29/DM29,0) -> 2281 | GV29: 14
B30: Итого МУ: | C30: 21 | D30: =SUM(D10:D29) -> 318 | E30: =SUM(E10:E29) -> 49 | F30: =SUM(F10:F29) -> 269 | G30: =SUM(G10:G29) -> 317 | H30: =SUM(H10:H29) -> 50 | I30: =SUM(I10:I29) -> 267 | J30: =SUM(J10:J29) -> 190 | K30: =SUM(K10:K29) -> 266 | ... M30: =SUM(M10:M29) -> 3 | N30: =M30-L30 -> -1 | O30: =SUM(O10:O29) -> 1 | P30: =SUM(P10:P29) -> 0 | Q30: =P30-O30 -> -1 | R30: =ROUND((L30+O30)/D30*100,1) -> 1.6 | S30: =ROUND((M30+P30)/G30*100,1) -> 0.9 | T30: =SUM(T10:T29) -> 14 | U30: =SUM(U10:U29) -> 14 | V30: =SUM(V10:V29) -> 74 | W30: =SUM(W10:W29) -> 81 | X30: =W30-V30 -> 7 | Y30: =SUM(Y10:Y29) -> 312 | Z30: =SUM(Z10:Z29) -> 313 | AA30: =Z30-Y30 -> 1 | AB30: =SUM(AB10:AB29) -> 246 | AC30: =SUM(AC10:AC29) -> 249 | AD30: =AC30-AB30 -> 3 | AE30: =SUM(AE10:AE29) -> 232 | AF30: =SUM(AF10:AF29) -> 234 | AG30: =AF30-AE30 -> 2 | AH30: =SUM(AH10:AH29) -> 208 | AI30: =SUM(AI10:AI29) -> 200 | AJ30: =AI30-AH30 -> -8 | AM30: Итого МУ: | AN30: 21 | AO30: =SUM(AO10:AO29) -> 284 | AP30: =SUM(AP10:AP29) -> 286 | AQ30: =AP30-AO30 -> 2 | AR30: =SUM(AR10:AR29) -> 252 | AS30: =SUM(AS10:AS29) -> 254 | AT30: =AS30-AR30 -> 2 | AU30: =ROUND(AO30/D30*100,1) -> 89.3 | AV30: =ROUND(AP30/G30*100,1) -> 90.2 | AW30: =SUM(AW10:AW29) -> 178 | AX30: =SUM(AX10:AX29) -> 192 | AY30: =AX30-AW30 -> 14 | AZ30: =SUM(AZ10:AZ29) -> 22 | BA30: =SUM(BA10:BA29) -> 22 | BB30: =BA30-AZ30 -> 0 | BC30: =SUM(BC10:BC29) -> 21 | BD30: =SUM(BD10:BD29) -> 21 | BE30: =BD30-BC30 -> 0 | BF30: =SUM(BF10:BF29) -> 1600.351 | BG30: =SUM(BG10:BG29) -> 1640.678 | BH30: =BG30-BF30 -> 40.327 | BI30: =SUM(BI10:BI29) -> 1560.846 | BJ30: =SUM(BJ10:BJ29) -> 1596.354 | BK30: =BJ30-BI30 -> 35.508 | BN30: Итого: | BO30: 21 | BP30: =SUM(BP10:BP29) -> 1062.726 | BQ30: =SUM(BQ10:BQ29) -> 779.54 | BR30: =SUM(BR10:BR29) -> 283.186 | BS30: =SUM(BS10:BS29) -> 1052.1 | BT30: =SUM(BT10:BT29) -> 770.5 | BU30: =SUM(BU10:BU29) -> 281.6 | BV30: =ROUND(BP30/D30,2) -> 3.34 | BW30: =ROUND(BQ30/E30,2) -> 15.91 | BX30: =ROUND(BR30/F30,2) -> 1.05 | BY30: =ROUND(BS30/G30,2) -> 3.32 | BZ30: =ROUND(BT30/H30,2) -> 15.41 | CA30: =ROUND(BU30/I30,2) -> 1.05 | CB30: =BY30-BV30 -> -0.02 | CC30: =BZ30-BW30 -> -0.5 | CD30: =CA30-BX30 -> 0 | CG30: Итого МУ: | CH30: 21 | CI30: =SUM(CI10:CI29) -> 3422.618 | CJ30: =SUM(CJ10:CJ29) -> 3428.825 | CK30: =CJ30-CI30 -> 6.207 | CL30: =SUM(CL10:CL29) -> 1219.831 | CM30: =SUM(CM10:CM29) -> 1248.102 | CN30: =CM30-CL30 -> 28.271 | CO30: =SUM(CO10:CO29) -> 2202.787 | CP30: =SUM(CP10:CP29) -> 2180.723 | CQ30: =CP30-CO30 -> -22.064 | CR30: =SUM(CR10:CR29) -> 90.623 | CS30: =SUM(CS10:CS29) -> 101.538 | CT30: =CS30-CR30 -> 10.915 | CU30: =SUM(CU10:CU29) -> 33.048 | CV30: =SUM(CV10:CV29) -> 51.572 | CW30: =CV30-CU30 -> 18.524 | CX30: =SUM(CX10:CX29) -> 57.575 | CY30: =SUM(CY10:CY29) -> 49.966 | CZ30: =CY30-CX30 -> -7.609 | DA30: =ROUND(CR30*1000/BP30,0) -> 85 | DB30: =ROUND(CS30*1000/BS30,0) -> 97 | DC30: =DB30-DA30 -> 12 | DD30: =ROUND(CI30/BP30,1) -> 3.2 | DE30: =ROUND(CJ30/BS30,1) -> 3.3 | DF30: =DE30-DD30 -> 0.1 | DJ30: Итого МУ: | DK30: 21 | DL30: =SUM(DL10:DL29) -> 275.139 | DM30: =SUM(DM10:DM29) -> 268.626 | DN30: =DM30-DL30 -> -6.513 | DO30: =SUM(DO10:DO29) -> 250.742 | DP30: =SUM(DP10:DP29) -> 256.817 | DQ30: =DP30-DO30 -> 6.075 | DR30: =ROUND(DL30/BP30*100,1) -> 25.9 | DS30: =ROUND(DM30/BS30*100,1) -> 25.5 | DT30: =DS30-DR30 -> -0.4 | DV30: =SUM(DV10:DV29) -> 3149.742 | DW30: =SUM(DW10:DW29) -> 3836.474 | DX30: =DW30-DV30 -> 686.732 | DY30: =SUM(DY10:DY29) -> 2884.129 | DZ30: =SUM(DZ10:DZ29) -> 3372.833 | EA30: =DZ30-DY30 -> 488.704 | EB30: =SUM(EB10:EB29) -> 755.915 | EC30: =SUM(EC10:EC29) -> 1010.057 | ED30: =EC30-EB30 -> 254.142 | EE30: =ROUND(CI30/DL30,1) -> 12.4 | EF30: =ROUND(CJ30/DM30,1) -> 12.8 | EG30: =EF30-EE30 -> 0.4 | EH30: =SUM(EH10:EH29) -> 41491 | EI30: =SUM(EI10:EI29) -> 46238 | EJ30: =EI30-EH30 -> 4747 | EK30: =SUM(EK10:EK29) -> 5656.189 | EL30: =SUM(EL10:EL29) -> 5838.529 | EM30: =EL30-EK30 -> 182.34 | EN30: =ROUND(EK30/DL30,1) -> 20.6 | EO30: =ROUND(EL30/DM30,1) -> 21.7 | EP30: =EO30-EN30 -> 1.1 | EQ30: =ROUND(EK30/CI30,1) -> 1.7 | ER30: =ROUND(EL30/CJ30,1) -> 1.7 | ES30: =ER30-EQ30 -> 0 | ET30: =SUM(ET10:ET29) -> 366.497 | EU30: =SUM(EU10:EU29) -> 387.268 | EV30: =EU30-ET30 -> 20.771 | EW30: =SUM(EW10:EW29) -> 31.266 | EX30: =SUM(EX10:EX29) -> 38.629 | EY30: =EX30-EW30 -> 7.363 | FB30: Итого МУ: | FC30: 21 | FD30: =SUM(FD10:FD29) -> 1021 | FE30: =SUM(FE10:FE29) -> 1013 | FF30: =FE30-FD30 -> -8 | FG30: =SUM(FG10:FG29) -> 715 | FH30: =SUM(FH10:FH29) -> 719 | FI30: =FH30-FG30 -> 4 | FJ30: =SUM(FJ10:FJ29) -> 379 | FK30: =SUM(FK10:FK29) -> 381 | FL30: =FK30-FJ30 -> 2 | FM30: =SUM(FM10:FM29) -> 305 | FN30: =SUM(FN10:FN29) -> 305 | FO30: =FN30-FM30 -> 0 | FP30: =ROUND((FK30+FN30)/FH30*100,1) -> 95.4 | FR30: =ROUND(DL30*1000/FG30,0) -> 385 | FS30: =ROUND(DM30*1000/FH30,0) -> 374 | FT30: =FS30-FR30 -> -11 | FU30: =ROUND(EK30/FG30,1) -> 7.9 | FV30: =ROUND(EL30/FH30,1) -> 8.1 | FW30: =FV30-FU30 -> 0.2 | FZ30: Итого МУ: | GA30: 21 | GB30: =SUM(GB10:GB29) -> 776379.3 | GC30: =ROUND(GB30/G30,0) -> 2449 | GE30: =SUM(GE10:GE29) -> 677166.3 | GF30: =SUM(GF10:GF29) -> 94161.1 | GG30: =SUM(GG10:GG29) -> 5051.9 | GH30: =SUM(GH10:GH29) -> 598.9 | GI30: =SUM(GI10:GI29) -> 242 | GJ30: =ROUND((GE30+GF30)/GB30*100,1) -> 99.3 | GK30: =SUM(GK10:GK29) -> 769928 | GL30: =SUM(GL10:GL29) -> 610034 | GM30: =SUM(GM10:GM29) -> 13611.2 | GN30: =SUM(GN10:GN29) -> 28168.7 | GO30: =SUM(GO10:GO29) -> 466.2 | GP30: =SUM(GP10:GP29) -> 21957.5 | GQ30: =SUM(GQ10:GQ29) -> 2196.3 | GR30: =SUM(GR10:GR29) -> 45.5 | GS30: =ROUND(GB30/BS30,0) -> 738 | GU30: =ROUND(GB30/DM30,0) -> 2890
A31: 1 | B31: ТОДЮБ | C31: 22 | D31: =E31+F31 -> 1 | E31: 1 | G31: =H31+I31 -> 1 | H31: 1 | J31: 1 | K31: 1 | L31: 1 | M31: 1 | N31: =M31-L31 -> 0 | Q31: =P31-O31 -> 0 | R31: =ROUND((L31+O31)/D31*100,1) -> 100 | S31: =ROUND((M31+P31)/G31*100,1) -> 100 | T31: 1 | U31: 1 | V31: 1 | W31: 1 | X31: =W31-V31 -> 0 | Y31: 1 | Z31: 1 | AA31: =Z31-Y31 -> 0 | AB31: 1 | AC31: 1 | AD31: =AC31-AB31 -> 0 | AE31: 1 | AF31: 1 | AG31: =AF31-AE31 -> 0 | AH31: 6 | AI31: 6 | AJ31: =AI31-AH31 -> 0 | AL31: 1 | AM31: ТОДЮБ | AN31: 22 | AO31: 1 | AP31: 1 | AQ31: =AP31-AO31 -> 0 | AR31: 1 | AS31: 1 | AT31: =AS31-AR31 -> 0 | AU31: =ROUND(AO31/D31*100,1) -> 100 | AV31: =ROUND(AP31/G31*100,1) -> 100 | AW31: 1 | AX31: 1 | AY31: =AX31-AW31 -> 0 | AZ31: 1 | BA31: 1 | BB31: =BA31-AZ31 -> 0 | BC31: 1 | BD31: 1 | BE31: =BD31-BC31 -> 0 | BF31: 479.569 | BG31: 497.805 | BH31: =BG31-BF31 -> 18.236 | BI31: 478.635 | BJ31: 496.868 | BK31: =BJ31-BI31 -> 18.233 | CF31: 1 | CG31: ТОДЮБ | CH31: 22 | CI31: =CL31+CO31 -> 243.733 | CJ31: =CM31+CP31 -> 243.936 | CK31: =CJ31-CI31 -> 0.203 | CL31: 243.733 | CM31: 243.936 | CN31: =CM31-CL31 -> 0.203 | CQ31: =CP31-CO31 -> 0 | CR31: =CU31+CX31 -> 3.662 | CS31: =CV31+CY31 -> 3.341 | CT31: =CS31-CR31 -> -0.321 | CU31: 3.662 | CV31: 3.341 | CW31: =CV31-CU31 -> -0.321 | CZ31: =CY31-CX31 -> 0 | DI31: 1 | DJ31: ТОДЮБ | DK31: 22 | DL31: 27.003 | DM31: 27.018 | DN31: =DM31-DL31 -> 0.015 | DO31: 26.088 | DP31: 26.172 | DQ31: =DP31-DO31 -> 0.084 | DV31: 272.903 | DW31: 273.004 | DX31: =DW31-DV31 -> 0.101 | DY31: 267.899 | DZ31: 267.57 | EA31: =DZ31-DY31 -> -0.329 | EB31: 168.487 | EC31: 211.071 | ED31: =EC31-EB31 -> 42.584 | EE31: =ROUND(CI31/DL31,1) -> 9 | EF31: =ROUND(CJ31/DM31,1) -> 9 | EG31: =EF31-EE31 -> 0 | EH31: 1222 | EI31: 1223 | EJ31: =EI31-EH31 -> 1 | EK31: 619.669 | EL31: 619.195 | EM31: =EL31-EK31 -> -0.474 | EN31: =ROUND(EK31/DL31,1) -> 22.9 | EO31: =ROUND(EL31/DM31,1) -> 22.9 | EP31: =EO31-EN31 -> 0 | EQ31: =ROUND(EK31/CI31,1) -> 2.5 | ER31: =ROUND(EL31/CJ31,1) -> 2.5 | ES31: =ER31-EQ31 -> 0 | ET31: 10.284 | EU31: 10.612 | EV31: =EU31-ET31 -> 0.328 | EW31: 9.388 | EX31: 4.422 | EY31: =EX31-EW31 -> -4.966 | FA31: 1 | FB31: ТОДЮБ | FC31: 22 | FD31: 94 | FE31: 90 | FF31: =FE31-FD31 -> -4 | FG31: 38 | FH31: 38 | FI31: =FH31-FG31 -> 0 | FJ31: 31 | FK31: 32 | FL31: =FK31-FJ31 -> 1 | FM31: 7 | FN31: 6 | FO31: =FN31-FM31 -> -1 | FP31: =ROUND((FK31+FN31)/FH31*100,1) -> 100 | FR31: =ROUND(DL31*1000/FG31,0) -> 711 | FS31: =ROUND(DM31*1000/FH31,0) -> 711 | FT31: =FS31-FR31 -> 0 | FU31: =ROUND(EK31/FG31,1) -> 16.3 | FV31: =ROUND(EL31/FH31,1) -> 16.3 | FW31: =FV31-FU31 -> 0 | FY31: 1 | FZ31: ТОДЮБ | GA31: 22 | GB31: =GE31+GF31+GG31 -> 45672 | GC31: =ROUND(GB31/G31,0) -> 45672 | GE31: 44448.9 | GG31: 1223.1 | GH31: 253.6 | GI31: 55 | GJ31: =ROUND((GE31+GF31)/GB31*100,1) -> 97.3 | GK31: 44328.4 | GL31: 38340.7 | GN31: 487 | GO31: 168 | GP31: 1264.5 | GQ31: 390.9 | GR31: 340 | GU31: =ROUND(GB31/DM31,0) -> 1690
A32: 2 | B32: ТОУНБ им.А.С.Пушкина | C32: 23 | D32: =E32+F32 -> 1 | E32: 1 | G32: =H32+I32 -> 1 | H32: 1 | J32: 1 | K32: 1 | N32: =M32-L32 -> 0 | Q32: =P32-O32 -> 0 | R32: =ROUND((L32+O32)/D32*100,1) -> 0 | S32: =ROUND((M32+P32)/G32*100,1) -> 0 | V32: 1 | W32: 1 | X32: =W32-V32 -> 0 | Y32: 1 | Z32: 1 | AA32: =Z32-Y32 -> 0 | AB32: 1 | AC32: 1 | AD32: =AC32-AB32 -> 0 | AE32: 1 | AF32: 1 | AG32: =AF32-AE32 -> 0 | AH32: 16 | AI32: 16 | AJ32: =AI32-AH32 -> 0 | AL32: 2 | AM32: ТОУНБ им.А.С.Пушкина | AN32: 23 | AO32: 1 | AP32: 1 | AQ32: =AP32-AO32 -> 0 | AR32: 1 | AS32: 1 | AT32: =AS32-AR32 -> 0 | AU32: =ROUND(AO32/D32*100,1) -> 100 | AV32: =ROUND(AP32/G32*100,1) -> 100 | AW32: 1 | AX32: 1 | AY32: =AX32-AW32 -> 0 | AZ32: 1 | BA32: 1 | BB32: =BA32-AZ32 -> 0 | BC32: 1 | BD32: 1 | BE32: =BD32-BC32 -> 0 | BF32: 2039.22 | BG32: 2153.756 | BH32: =BG32-BF32 -> 114.536 | BI32: 2039.22 | BJ32: 2153.756 | BK32: =BJ32-BI32 -> 114.536 | BM32: *) - Численность населения представлена с учётом итогов Всероссийской переписи населения 2020 года | CF32: 2 | CG32: ТОУНБ им.А.С.Пушкина | CH32: 23 | CI32: =CL32+CO32 -> 1217.152 | CJ32: =CM32+CP32 -> 1224.949 | CK32: =CJ32-CI32 -> 7.797 | CL32: 1217.152 | CM32: 1224.949 | CN32: =CM32-CL32 -> 7.797 | CQ32: =CP32-CO32 -> 0 | CR32: =CU32+CX32 -> 16.859 | CS32: =CV32+CY32 -> 18.73 | CT32: =CS32-CR32 -> 1.871 | CU32: 16.859 | CV32: 18.73 | CW32: =CV32-CU32 -> 1.871 | CZ32: =CY32-CX32 -> 0 | DI32: 2 | DJ32: ТОУНБ им.А.С.Пушкина | DK32: 23 | DL32: 28.714 | DM32: 29.116 | DN32: =DM32-DL32 -> 0.402 | DO32: 26.443 | DP32: 26.181 | DQ32: =DP32-DO32 -> -0.262 | DV32: 216.209 | DW32: 226.046 | DX32: =DW32-DV32 -> 9.837 | DY32: 187.565 | DZ32: 207.875 | EA32: =DZ32-DY32 -> 20.31 | EB32: 579.413 | EC32: 670.397 | ED32: =EC32-EB32 -> 90.984 | EE32: =ROUND(CI32/DL32,1) -> 42.4 | EF32: =ROUND(CJ32/DM32,1) -> 42.1 | EG32: =EF32-EE32 -> -0.3 | EH32: 1826 | EI32: 1890 | EJ32: =EI32-EH32 -> 64 | EK32: 709.137 | EL32: 735.973 | EM32: =EL32-EK32 -> 26.836 | EN32: =ROUND(EK32/DL32,1) -> 24.7 | EO32: =ROUND(EL32/DM32,1) -> 25.3 | EP32: =EO32-EN32 -> 0.6 | EQ32: =ROUND(EK32/CI32,1) -> 0.6 | ER32: =ROUND(EL32/CJ32,1) -> 0.6 | ES32: =ER32-EQ32 -> 0 | ET32: 92.126 | EU32: 90.397 | EV32: =EU32-ET32 -> -1.729 | EW32: 15.541 | EX32: 22.703 | EY32: =EX32-EW32 -> 7.162 | FA32: 2 | FB32: ТОУНБ им.А.С.Пушкина | FC32: 23 | FD32: 150 | FE32: 155 | FF32: =FE32-FD32 -> 5 | FG32: 102 | FH32: 106 | FI32: =FH32-FG32 -> 4 | FJ32: 94 | FK32: 96 | FL32: =FK32-FJ32 -> 2 | FM32: 8 | FN32: 10 | FO32: =FN32-FM32 -> 2 | FP32: =ROUND((FK32+FN32)/FH32*100,1) -> 100 | FR32: =ROUND(DL32*1000/FG32,0) -> 282 | FS32: =ROUND(DM32*1000/FH32,0) -> 275 | FT32: =FS32-FR32 -> -7 | FU32: =ROUND(EK32/FG32,1) -> 7 | FV32: =ROUND(EL32/FH32,1) -> 6.9 | FW32: =FV32-FU32 -> -0.1 | FY32: 2 | FZ32: ТОУНБ им.А.С.Пушкина | GA32: 23 | GB32: =GE32+GF32+GG32 -> 129066.3 | GC32: =ROUND(GB32/G32,0) -> 129066 | GE32: 126724.6 | GG32: 2341.7 | GI32: 9 | GJ32: =ROUND((GE32+GF32)/GB32*100,1) -> 98.2 | GK32: 132102.8 | GL32: 102339.6 | GN32: 3011.1 | GP32: 5680.8 | GQ32: 1284.8 | GR32: 1270 | GU32: =ROUND(GB32/DM32,0) -> 4433
B33: Итого ОУ: | C33: 24 | D33: =SUM(D31:D32) -> 2 | E33: =SUM(E31:E32) -> 2 | F33: =SUM(F31:F32) -> 0 | G33: =SUM(G31:G32) -> 2 | H33: =SUM(H31:H32) -> 2 | I33: =SUM(I31:I32) -> 0 | J33: =SUM(J31:J32) -> 2 | K33: =SUM(K31:K32) -> 2 | ... M33: =SUM(M31:M32) -> 1 | N33: =M33-L33 -> 0 | O33: =SUM(O31:O32) -> 0 | P33: =SUM(P31:P32) -> 0 | Q33: =P33-O33 -> 0 | R33: =ROUND((L33+O33)/D33*100,1) -> 50 | S33: =ROUND((M33+P33)/G33*100,1) -> 50 | T33: =SUM(T31:T32) -> 1 | U33: =SUM(U31:U32) -> 1 | V33: =SUM(V31:V32) -> 2 | W33: =SUM(W31:W32) -> 2 | X33: =W33-V33 -> 0 | Y33: =SUM(Y31:Y32) -> 2 | Z33: =SUM(Z31:Z32) -> 2 | AA33: =Z33-Y33 -> 0 | AB33: =SUM(AB31:AB32) -> 2 | AC33: =SUM(AC31:AC32) -> 2 | AD33: =AC33-AB33 -> 0 | AE33: =SUM(AE31:AE32) -> 2 | AF33: =SUM(AF31:AF32) -> 2 | AG33: =AF33-AE33 -> 0 | AH33: =SUM(AH31:AH32) -> 22 | AI33: =SUM(AI31:AI32) -> 22 | AJ33: =AI33-AH33 -> 0 | AM33: Итого ОУ: | AN33: 24 | AO33: =SUM(AO31:AO32) -> 2 | AP33: =SUM(AP31:AP32) -> 2 | AQ33: =AP33-AO33 -> 0 | AR33: =SUM(AR31:AR32) -> 2 | AS33: =SUM(AS31:AS32) -> 2 | AT33: =AS33-AR33 -> 0 | AU33: =ROUND(AO33/D33*100,1) -> 100 | AV33: =ROUND(AP33/G33*100,1) -> 100 | AW33: =SUM(AW31:AW32) -> 2 | AX33: =SUM(AX31:AX32) -> 2 | AY33: =AX33-AW33 -> 0 | AZ33: =SUM(AZ31:AZ32) -> 2 | BA33: =SUM(BA31:BA32) -> 2 | BB33: =BA33-AZ33 -> 0 | BC33: =SUM(BC31:BC32) -> 2 | BD33: =SUM(BD31:BD32) -> 2 | BE33: =BD33-BC33 -> 0 | BF33: =SUM(BF31:BF32) -> 2518.789 | BG33: =SUM(BG31:BG32) -> 2651.561 | BH33: =BG33-BF33 -> 132.772 | BI33: =SUM(BI31:BI32) -> 2517.855 | BJ33: =SUM(BJ31:BJ32) -> 2650.624 | BK33: =BJ33-BI33 -> 132.769 | CG33: Итого ОУ: | CH33: 24 | CI33: =SUM(CI31:CI32) -> 1460.885 | CJ33: =SUM(CJ31:CJ32) -> 1468.885 | CK33: =CJ33-CI33 -> 8 | CL33: =SUM(CL31:CL32) -> 1460.885 | CM33: =SUM(CM31:CM32) -> 1468.885 | CN33: =CM33-CL33 -> 8 | CO33: =SUM(CO31:CO32) -> 0 | CP33: =SUM(CP31:CP32) -> 0 | CQ33: =CP33-CO33 -> 0 | CR33: =SUM(CR31:CR32) -> 20.521 | CS33: =SUM(CS31:CS32) -> 22.071 | CT33: =CS33-CR33 -> 1.55 | CU33: =SUM(CU31:CU32) -> 20.521 | CV33: =SUM(CV31:CV32) -> 22.071 | CW33: =CV33-CU33 -> 1.55 | CX33: =SUM(CX31:CX32) -> 0 | CY33: =SUM(CY31:CY32) -> 0 | CZ33: =CY33-CX33 -> 0 | DJ33: Итого ОУ: | DK33: 24 | DL33: =SUM(DL31:DL32) -> 55.717 | DM33: =SUM(DM31:DM32) -> 56.134 | DN33: =DM33-DL33 -> 0.417 | DO33: =SUM(DO31:DO32) -> 52.531 | DP33: =SUM(DP31:DP32) -> 52.353 | DQ33: =DP33-DO33 -> -0.178 | DV33: =SUM(DV31:DV32) -> 489.112 | DW33: =SUM(DW31:DW32) -> 499.05 | DX33: =DW33-DV33 -> 9.938 | DY33: =SUM(DY31:DY32) -> 455.464 | DZ33: =SUM(DZ31:DZ32) -> 475.445 | EA33: =DZ33-DY33 -> 19.981 | EB33: =SUM(EB31:EB32) -> 747.9 | EC33: =SUM(EC31:EC32) -> 881.468 | ED33: =EC33-EB33 -> 133.568 | EE33: =ROUND(CI33/DL33,1) -> 26.2 | EF33: =ROUND(CJ33/DM33,1) -> 26.2 | EG33: =EF33-EE33 -> 0 | EH33: =SUM(EH31:EH32) -> 3048 | EI33: =SUM(EI31:EI32) -> 3113 | EJ33: =EI33-EH33 -> 65 | EK33: =SUM(EK31:EK32) -> 1328.806 | EL33: =SUM(EL31:EL32) -> 1355.168 | EM33: =EL33-EK33 -> 26.362 | EN33: =ROUND(EK33/DL33,1) -> 23.8 | EO33: =ROUND(EL33/DM33,1) -> 24.1 | EP33: =EO33-EN33 -> 0.3 | EQ33: =ROUND(EK33/CI33,1) -> 0.9 | ER33: =ROUND(EL33/CJ33,1) -> 0.9 | ES33: =ER33-EQ33 -> 0 | ET33: =SUM(ET31:ET32) -> 102.41 | EU33: =SUM(EU31:EU32) -> 101.009 | EV33: =EU33-ET33 -> -1.401 | EW33: =SUM(EW31:EW32) -> 24.929 | EX33: =SUM(EX31:EX32) -> 27.125 | EY33: =EX33-EW33 -> 2.196 | FB33: Итого ОУ: | FC33: 24 | FD33: =SUM(FD31:FD32) -> 244 | FE33: =SUM(FE31:FE32) -> 245 | FF33: =FE33-FD33 -> 1 | FG33: =SUM(FG31:FG32) -> 140 | FH33: =SUM(FH31:FH32) -> 144 | FI33: =FH33-FG33 -> 4 | FJ33: =SUM(FJ31:FJ32) -> 125 | FK33: =SUM(FK31:FK32) -> 128 | FL33: =FK33-FJ33 -> 3 | FM33: =SUM(FM31:FM32) -> 15 | FN33: =SUM(FN31:FN32) -> 16 | FO33: =FN33-FM33 -> 1 | FP33: =ROUND((FK33+FN33)/FH33*100,1) -> 100 | FR33: =ROUND(DL33*1000/FG33,0) -> 398 | FS33: =ROUND(DM33*1000/FH33,0) -> 390 | FT33: =FS33-FR33 -> -8 | FU33: =ROUND(EK33/FG33,1) -> 9.5 | FV33: =ROUND(EL33/FH33,1) -> 9.4 | FW33: =FV33-FU33 -> -0.1 | FZ33: Итого ОУ: | GA33: 24 | GB33: =SUM(GB31:GB32) -> 174738.3 | GC33: =ROUND(GB33/G33,0) -> 87369 | GE33: =SUM(GE31:GE32) -> 171173.5 | GF33: =SUM(GF31:GF32) -> 0 | GG33: =SUM(GG31:GG32) -> 3564.8 | GH33: =SUM(GH31:GH32) -> 253.6 | GI33: =SUM(GI31:GI32) -> 64 | GJ33: =ROUND((GE33+GF33)/GB33*100,1) -> 98 | GK33: =SUM(GK31:GK32) -> 176431.2 | GL33: =SUM(GL31:GL32) -> 140680.3 | GM33: =SUM(GM31:GM32) -> 0 | GN33: =SUM(GN31:GN32) -> 3498.1 | GO33: =SUM(GO31:GO32) -> 168 | GP33: =SUM(GP31:GP32) -> 6945.3 | GQ33: =SUM(GQ31:GQ32) -> 1675.7 | GR33: =SUM(GR31:GR32) -> 1610 | GU33: =ROUND(GB33/DM33,0) -> 3113
B34: Всего: | C34: 25 | D34: =D30+D33 -> 320 | E34: =E30+E33 -> 51 | F34: =F30+F33 -> 269 | G34: =G30+G33 -> 319 | H34: =H30+H33 -> 52 | I34: =I30+I33 -> 267 | J34: =J30+J33 -> 192 | K34: =K30+K33 -> 268 | ... M34: =M30+M33 -> 4 | N34: =M34-L34 -> -1 | O34: =O30+O33 -> 1 | P34: =P30+P33 -> 0 | Q34: =P34-O34 -> -1 | R34: =ROUND((L34+O34)/D34*100,1) -> 1.9 | S34: =ROUND((M34+P34)/G34*100,1) -> 1.3 | T34: =T30+T33 -> 15 | U34: =U30+U33 -> 15 | V34: =V30+V33 -> 76 | W34: =W30+W33 -> 83 | X34: =W34-V34 -> 7 | Y34: =Y30+Y33 -> 314 | Z34: =Z30+Z33 -> 315 | AA34: =Z34-Y34 -> 1 | AB34: =AB30+AB33 -> 248 | AC34: =AC30+AC33 -> 251 | AD34: =AC34-AB34 -> 3 | AE34: =AE30+AE33 -> 234 | AF34: =AF30+AF33 -> 236 | AG34: =AF34-AE34 -> 2 | AH34: =AH30+AH33 -> 230 | AI34: =AI30+AI33 -> 222 | AJ34: =AI34-AH34 -> -8 | AM34: Всего: | AN34: 25 | AO34: =AO30+AO33 -> 286 | AP34: =AP30+AP33 -> 288 | AQ34: =AP34-AO34 -> 2 | AR34: =AR30+AR33 -> 254 | AS34: =AS30+AS33 -> 256 | AT34: =AS34-AR34 -> 2 | AU34: =ROUND(AO34/D34*100,1) -> 89.4 | AV34: =ROUND(AP34/G34*100,1) -> 90.3 | AW34: =AW30+AW33 -> 180 | AX34: =AX30+AX33 -> 194 | AY34: =AX34-AW34 -> 14 | AZ34: =AZ30+AZ33 -> 24 | BA34: =BA30+BA33 -> 24 | BB34: =BA34-AZ34 -> 0 | BC34: =BC30+BC33 -> 23 | BD34: =BD30+BD33 -> 23 | BE34: =BD34-BC34 -> 0 | BF34: =BF30+BF33 -> 4119.14 | BG34: =BG30+BG33 -> 4292.239 | BH34: =BG34-BF34 -> 173.099 | BI34: =BI30+BI33 -> 4078.701 | BJ34: =BJ30+BJ33 -> 4246.978 | BK34: =BJ34-BI34 -> 168.277 | CG34: Всего: | CH34: 25 | CI34: =CI30+CI33 -> 4883.503 | CJ34: =CJ30+CJ33 -> 4897.71 | CK34: =CJ34-CI34 -> 14.207 | CL34: =CL30+CL33 -> 2680.716 | CM34: =CM30+CM33 -> 2716.987 | CN34: =CM34-CL34 -> 36.271 | CO34: =CO30+CO33 -> 2202.787 | CP34: =CP30+CP33 -> 2180.723 | CQ34: =CP34-CO34 -> -22.064 | CR34: =CR30+CR33 -> 111.144 | CS34: =CS30+CS33 -> 123.609 | CT34: =CS34-CR34 -> 12.465 | CU34: =CU30+CU33 -> 53.569 | CV34: =CV30+CV33 -> 73.643 | CW34: =CV34-CU34 -> 20.074 | CX34: =CX30+CX33 -> 57.575 | CY34: =CY30+CY33 -> 49.966 | CZ34: =CY34-CX34 -> -7.609 | DA34: =ROUND(CR34*1000/BP30,0) -> 105 | DB34: =ROUND(CS34*1000/BS30,0) -> 117 | DC34: =DB34-DA34 -> 12 | DD34: =ROUND(CI34/BP30,1) -> 4.6 | DE34: =ROUND(CJ34/BS30,1) -> 4.7 | DF34: =DE34-DD34 -> 0.1 | DJ34: Всего: | DK34: 25 | DL34: =SUM(DL30+DL33) -> 330.856 | DM34: =SUM(DM30+DM33) -> 324.76 | DN34: =DM34-DL34 -> -6.096 | DO34: =SUM(DO30+DO33) -> 303.273 | DP34: =SUM(DP30+DP33) -> 309.17 | DQ34: =DP34-DO34 -> 5.897 | DR34: =ROUND(DL34/BP30*100,1) -> 31.1 | DS34: =ROUND(DM34/BS30*100,1) -> 30.9 | DT34: =DS34-DR34 -> -0.2 | DV34: =SUM(DV30+DV33) -> 3638.854 | DW34: =SUM(DW30+DW33) -> 4335.524 | DX34: =DW34-DV34 -> 696.67 | DY34: =SUM(DY30+DY33) -> 3339.593 | DZ34: =SUM(DZ30+DZ33) -> 3848.278 | EA34: =DZ34-DY34 -> 508.685 | EB34: =SUM(EB30+EB33) -> 1503.815 | EC34: =SUM(EC30+EC33) -> 1891.525 | ED34: =EC34-EB34 -> 387.71 | EE34: =ROUND(CI34/DL34,1) -> 14.8 | EF34: =ROUND(CJ34/DM34,1) -> 15.1 | EG34: =EF34-EE34 -> 0.3 | EH34: =SUM(EH30+EH33) -> 44539 | EI34: =SUM(EI30+EI33) -> 49351 | EJ34: =EI34-EH34 -> 4812 | EK34: =SUM(EK30+EK33) -> 6984.995 | EL34: =SUM(EL30+EL33) -> 7193.697 | EM34: =EL34-EK34 -> 208.702 | EN34: =ROUND(EK34/DL34,1) -> 21.1 | EO34: =ROUND(EL34/DM34,1) -> 22.2 | EP34: =EO34-EN34 -> 1.1 | EQ34: =ROUND(EK34/CI34,1) -> 1.4 | ER34: =ROUND(EL34/CJ34,1) -> 1.5 | ES34: =ER34-EQ34 -> 0.1 | ET34: =SUM(ET30+ET33) -> 468.907 | EU34: =SUM(EU30+EU33) -> 488.277 | EV34: =EU34-ET34 -> 19.37 | EW34: =SUM(EW30+EW33) -> 56.195 | EX34: =SUM(EX30+EX33) -> 65.754 | EY34: =EX34-EW34 -> 9.559 | FB34: Всего: | FC34: 25 | FD34: =SUM(FD30+FD33) -> 1265 | FE34: =SUM(FE30+FE33) -> 1258 | FF34: =FE34-FD34 -> -7 | FG34: =SUM(FG30+FG33) -> 855 | FH34: =SUM(FH30+FH33) -> 863 | FI34: =FH34-FG34 -> 8 | FJ34: =SUM(FJ30+FJ33) -> 504 | FK34: =SUM(FK30+FK33) -> 509 | FL34: =FK34-FJ34 -> 5 | FM34: =SUM(FM30+FM33) -> 320 | FN34: =SUM(FN30+FN33) -> 321 | FO34: =FN34-FM34 -> 1 | FP34: =ROUND((FK34+FN34)/FH34*100,1) -> 96.2 | FR34: =ROUND(DL34*1000/FG34,0) -> 387 | FS34: =ROUND(DM34*1000/FH34,0) -> 376 | FT34: =FS34-FR34 -> -11 | FU34: =ROUND(EK34/FG34,1) -> 8.2 | FV34: =ROUND(EL34/FH34,1) -> 8.3 | FW34: =FV34-FU34 -> 0.1 | FZ34: Всего: | GA34: 25 | GB34: =SUM(GB30+GB33) -> 951117.6 | GC34: =ROUND(GB34/G34,0) -> 2982 | GE34: =SUM(GE30+GE33) -> 848339.8 | GF34: =SUM(GF30+GF33) -> 94161.1 | GG34: =SUM(GG30+GG33) -> 8616.7 | GH34: =SUM(GH30+GH33) -> 852.5 | GI34: =SUM(GI30+GI33) -> 306 | GJ34: =ROUND((GE34+GF34)/GB34*100,1) -> 99.1 | GK34: =SUM(GK30+GK33) -> 946359.2 | GL34: =SUM(GL30+GL33) -> 750714.3 | GM34: =SUM(GM30+GM33) -> 13611.2 | GN34: =SUM(GN30+GN33) -> 31666.8 | GO34: =SUM(GO30+GO33) -> 634.2 | GP34: =SUM(GP30+GP33) -> 28902.8 | GQ34: =SUM(GQ30+GQ33) -> 3872 | GR34: =SUM(GR30+GR33) -> 1655.5 | GS34: =ROUND(GB34/BS30,0) -> 904 | GU34: =ROUND(GB34/DM34,0) -> 2929
A35: В том числе: Структурные подразделения учр-ний культуры, осуществляющие библиотечную деятельность | AL35: В том числе: Структурные подразделения учр-ний культуры, осуществляющие библиотечную деятельность | CF35: В том числе: Структурные подразделения учр-ний культуры, осуществляющие библиотечную деятельность | DI35: В том числе: Структурные подразделения учр-ний культуры, осуществляющие библиотечную деятельность | FA35: В том числе: Структурные подразделения учр-ний культуры, осуществляющие библиотечную деятельность
A36: 1 | B36: г.Стрежевой | C36: 01 | D36: =D27 -> 2 | E36: =E27 -> 2 | F36: =F27 -> 0 | G36: =G27 -> 2 | H36: =H27 -> 2 | I36: =I27 -> 0 | J36: =J27 -> 2 | K36: =K27 -> 2 | ... AJ36: =AJ27 -> 0 | AL36: 1 | AM36: г.Стрежевой | AN36: 01 | AO36: =AO27 -> 2 | AP36: =AP27 -> 2 | AQ36: =AQ27 -> 0 | AR36: =AR27 -> 2 | AS36: =AS27 -> 2 | AT36: =AT27 -> 0 | AU36: =AU27 -> 100 | AV36: =AV27 -> 100 | ... BK36: =BK27 -> 0.585 | CF36: 1 | CG36: г.Стрежевой | CH36: 01 | CI36: =CI27 -> 148.499 | CJ36: =CJ27 -> 147.626 | CK36: =CK27 -> -0.873 | CL36: =CL27 -> 148.499 | CM36: =CM27 -> 147.626 | CN36: =CN27 -> -0.873 | CO36: =CO27 -> 0 | CP36: =CP27 -> 0 | ... DF36: =DF27 -> 0.1 | DI36: 1 | DJ36: г.Стрежевой | DK36: 01 | DL36: =DL27 -> 10.651 | DM36: =DM27 -> 13.092 | DN36: =DN27 -> 2.441 | DO36: =DO27 -> 8.958 | DP36: =DP27 -> 12.913 | DQ36: =DQ27 -> 3.955 | DR36: =DR27 -> 27.4 | DS36: =DS27 -> 34.4 | DT36: =DT27 -> 7 | DV36: =DV27 -> 76.289 | DW36: =DW27 -> 210.268 | DX36: =DX27 -> 133.979 | DY36: =DY27 -> 59.332 | DZ36: =DZ27 -> 133.088 | EA36: =EA27 -> 73.756 | EB36: =EB27 -> 8.408 | EC36: =EC27 -> 7.071 | ... EY36: =EY27 -> 0 | FA36: 1 | FB36: г.Стрежевой | FC36: 01 | FD36: =FD27 -> 22 | FE36: =FE27 -> 26 | FF36: =FF27 -> 4 | FG36: =FG27 -> 22 | FH36: =FH27 -> 23 | FI36: =FI27 -> 1 | FJ36: =FJ27 -> 12 | FK36: =FK27 -> 13 | ... FP36: =FP27 -> 87 | FR36: =FR27 -> 484 | FS36: =FS27 -> 569 | FT36: =FT27 -> 85 | FU36: =FU27 -> 8.7 | FV36: =FV27 -> 14.7 | FW36: =FW27 -> 6

Sheet клубы
A1: Общие сведения по учреждениям культурно-досугового типа | AF1: Среднее количество населения на одно клубное учреждение в муниципальных образованиях (тыс.чел.) | AY1: Число клубных формирований. Среднее число формирований на одно учреждение. Участники клубных формирований. | DF1: Культурно-досуговая работа | DQ1: гр.5-13; 18-32 поменяла формулировку - как в ст.сборнике ГИВЦ | ES1: Персонал учреждений | FR1: Поступление и использование финансовых средств за 2023г. (тыс.руб.)
A3: N п/п | B3: Наименование | C3: Код стр. | D3: Число учреждений культурно-досугового типа (включая обособленные подразделения), сет.ед. | J3: Вместимость зрительных залов, мест | M3: Среднее число посадочных мест на одно учреждение | P3: Число зданий, ед. | S3: из них | Y3: % зданий в неудовлетворит. состоянии | AB3: Число специализированных транспортных средств, ед. | AF3: N п/п | AG3: Наименование районов и городов | AH3: Код стр. | AI3: Численность постоянного населения на 1 января соотв. года | AO3: Среднее число жителей на одно учреждение | AY3: N п/п | AZ3: Наименование | BA3: Код стр. | BB3: Число клубных формирований, ед. | BH3: Среднее число формирований на 1 учреждение, ед. | BK3: Число участников клубных формирований, чел. | BQ3: Среднее число участников в 1 формировании, чел. | BT3: Место среди районов | BU3: из общего числа клубных формирований | DF3: N п/п | DG3: Наименование | DH3: Код стр. | DI3: Число культурно-массовых мероприятий - всего, ед. | DL3: из них для детей, ед. | DO3: Число посетителей на мероприятиях всего, чел. | DR3: из них на мероприятииях для детей, чел. | DU3: Среднее число культурно-массовых мероприятий на 1 учреждение, ед. | DX3: Место среди районов | DY3: Число мероприятий на платной основе - всего, ед. | EB3: из них для детей, ед. | EE3: % платных мероприятий от общего числа | EH3: Число посетителей на платных мероприятиях, чел. | EK3: из них на мероприятиях для детей, чел. | EN3: Среднее число посетителей на одном платном мероприятии, чел. | EQ3: Место среди районов | ES3: N п/п | ET3: Наименование | EU3: Код стр. | EV3: Численность работников - всего, чел. | EY3: из них | FK3: % раб-ков основного персонала с высшим и средним профессиональным образованием | FM3: Место среди районов | FN3: Среднее число специалистов на 1 клубное учр-ие, чел. | FR3: N п/п | FS3: Наименование | FT3: Код стр. | FU3: Поступило за год, всего | FV3: Средний объем финанс. поступлений на 1 клуб | FW3: из общей суммы поступлений | GC3: Израсходовано, всего | GD3: из них расходы на:
BU4: формирования для детей до 14 лет | CG4: формирования самодеятельного народного творчества | EY4: штатных | FB4: работников, относящихся к основному персоналу | FE4: из численности работников, относящихся к основному персоналу, имеют образование | FW4: бюджетные ассигнования учредителя | FX4: финансирование из бюдж. других уровней | FY4: от предпринимательской и иной принос. доход деят-сти | FZ4: из них благотв. и спонсорские вклады | GA4: от сдачи имущества в аренду | GB4: % бюджетного финансирования | GD4: оплату труда | GE4: кап. ремонт и реставрацию | GF4: приобретение (замену) оборудования | GG4: из них для улучш. условий доступности для лиц с ОВЗ | GH4: социально-значимые мероприятия
S5: требуют капитального ремонта | V5: аварийные | AI5: 2022* | AL5: 2023 | AO5: 2022 г. | AR5: 2023 г. | AU5: Отклонения к 2022 г. | BU5: число формирований, ед. | CA5: в них участников, чел. | CG5: число формирований, ед. | CM5: из них, для детей до 14 лет | CS5: число участников в формированиях, чел. | CY5: из них детей до 14 лет
D6: 2022 | G6: 2023 | BB6: Всего | BE6: в т.ч. в сельской местности | BK6: Всего | BN6: в т.ч. в сельской местности | BU6: Всего | BX6: в т.ч. в сельской местности | CA6: Всего | CD6: в т.ч. в сельской местности | CG6: Всего | CJ6: в т.ч. в сельской местности | CM6: Всего | CP6: в т.ч. в сельской местности | CS6: Всего | CV6: в т.ч. в сельской местности | CY6: Всего | DB6: в т.ч. в сельской местности | FE6: высшее | FH6: среднее профессиональное
D7: Всего | E7: Город | F7: Село | G7: Всего | H7: Город | I7: Село | J7: 2022 | K7: 2023 | L7: отк. | M7: 2022 | N7: 2023 | O7: отк. | P7: 2022 | Q7: 2023 | R7: отк. | S7: 2022 | T7: 2023 | U7: отк. | V7: 2022 | W7: 2023 | X7: отк. | Y7: 2022 | Z7: 2023 | AA7: отк. | AB7: 2022 | AC7: 2023 | AD7: отк. | AI7: Всего | AJ7: Город | AK7: Село | AL7: Всего | AM7: Город | AN7: Село | AO7: Всего | AP7: Город | AQ7: Село | AR7: Всего | AS7: Город | AT7: Село | AU7: Всего | AV7: Город | AW7: Село | BB7: 2022 | BC7: 2023 | BD7: отк. | BE7: 2022 | BF7: 2023 | BG7: отк. | BH7: 2022 | BI7: 2023 | BJ7: отк. | BK7: 2022 | BL7: 2023 | BM7: отк. | BN7: 2022 | BO7: 2023 | BP7: отк. | BQ7: 2022 | BR7: 2023 | BS7: отк. | BU7: 2022 | BV7: 2023 | BW7: отк. | BX7: 2022 | BY7: 2023 | BZ7: отк. | CA7: 2022 | CB7: 2023 | CC7: отк. | CD7: 2022 | CE7: 2023 | CF7: отк. | CG7: 2022 | CH7: 2023 | CI7: отк. | CJ7: 2022 | CK7: 2023 | CL7: отк. | CM7: 2022 | CN7: 2023 | CO7: отк. | CP7: 2022 | CQ7: 2023 | CR7: отк. | CS7: 2022 | CT7: 2023 | CU7: отк. | CV7: 2022 | CW7: 2023 | CX7: отк. | CY7: 2022 | CZ7: 2023 | DA7: отк. | DB7: 2022 | DC7: 2023 | DD7: отк. | DI7: 2022 | DJ7: 2023 | DK7: отк. | DL7: 2022 | DM7: 2023 | DN7: отк. | DO7: 2022 | DP7: 2023 | DQ7: отк. | DR7: 2022 | DS7: 2023 | DT7: отк. | DU7: 2022 | DV7: 2023 | DW7: отк. | DY7: 2022 | DZ7: 2023 | EA7: отк. | EB7: 2022 | EC7: 2023 | ED7: отк. | EE7: 2022 | EF7: 2023 | EG7: отк. | EH7: 2022 | EI7: 2023 | EJ7: отк. | EK7: 2022 | EL7: 2023 | EM7: отк. | EN7: 2022 | EO7: 2023 | EP7: отк. | EV7: 2022 | EW7: 2023 | EX7: отк. | EY7: 2022 | EZ7: 2023 | FA7: отк. | FB7: 2022 | FC7: 2023 | FD7: отк. | FE7: 2022 | FF7: 2023 | FG7: отк. | FH7: 2022 | FI7: 2023 | FJ7: отк. | FK7: 2022 | FL7: 2023 | FN7: 2022 | FO7: 2023 | FP7: отк.
C8: 1 | D8: 2 | E8: 3 | F8: 4 | G8: 5 | H8: 6 | I8: 7 | J8: 8 | K8: 9 | L8: 10 | M8: 11 | N8: 12 | O8: 13 | P8: 14 | Q8: 15 | R8: 16 | S8: 17 | T8: 18 | U8: 19 | V8: 20 | W8: 21 | X8: 22 | Y8: 23 | Z8: 24 | AA8: 25 | AB8: 26 | AC8: 27 | AD8: 28 | AH8: 1 | AI8: 2 | AJ8: 3 | AK8: 4 | AL8: 5 | AM8: 6 | AN8: 7 | AO8: 8 | AP8: 9 | AQ8: 10 | AR8: 11 | AS8: 12 | AT8: 13 | AU8: 14 | AV8: 15 | AW8: 16 | BA8: 1 | BB8: 2 | BC8: 3 | BD8: 4 | BE8: 5 | BF8: 6 | BG8: 7 | BH8: 8 | BI8: 9 | BJ8: 10 | BK8: 11 | BL8: 12 | BM8: 13 | BN8: 14 | BO8: 15 | BP8: 16 | BQ8: 17 | BR8: 18 | BS8: 19 | BT8: 20 | BU8: 21 | BV8: 22 | BW8: 23 | BX8: 24 | BY8: 25 | BZ8: 26 | CA8: 27 | CB8: 28 | CC8: 29 | CD8: 30 | CE8: 31 | CF8: 32 | CG8: 33 | CH8: 34 | CI8: 35 | CJ8: 36 | CK8: 37 | CL8: 38 | CM8: 39 | CN8: 40 | CO8: 41 | CP8: 42 | CQ8: 43 | CR8: 44 | CS8: 45 | CT8: 46 | CU8: 47 | CV8: 48 | CW8: 49 | CX8: 50 | CY8: 51 | CZ8: 52 | DA8: 53 | DB8: 54 | DC8: 55 | DD8: 56 | DH8: 1 | DI8: 2 | DJ8: 3 | DK8: 4 | DL8: 5 | DM8: 6 | DN8: 7 | DO8: 8 | DP8: 9 | DQ8: 10 | DR8: 11 | DS8: 12 | DT8: 13 | DU8: 14 | DV8: 15 | DW8: 16 | DX8: 17 | DY8: 18 | DZ8: 19 | EA8: 20 | EB8: 21 | EC8: 22 | ED8: 23 | EE8: 24 | EF8: 25 | EG8: 26 | EH8: 27 | EI8: 28 | EJ8: 29 | EK8: 30 | EL8: 31 | EM8: 32 | EN8: 33 | EO8: 34 | EP8: 35 | EQ8: 36 | EU8: 1 | EV8: 2 | EW8: 3 | EX8: 4 | EY8: 5 | EZ8: 6 | FA8: 7 | FB8: 8 | FC8: 9 | FD8: 10 | FE8: 11 | FF8: 12 | FG8: 13 | FH8: 14 | FI8: 15 | FJ8: 16 | FK8: 17 | FL8: 18 | FM8: 19 | FN8: 20 | FO8: 21 | FP8: 22 | FT8: 1 | FU8: 2 | FV8: 3 | FW8: 4 | FX8: 5 | FY8: 6 | FZ8: 7 | GA8: 8 | GB8: 9 | GC8: 10 | GD8: 11 | GE8: 12 | GF8: 13 | GG8: 14 | GH8: 15
A9: 1 | B9: Александровский | C9: 01 | D9: =E9+F9 -> 8 | F9: 8 | G9: =H9+I9 -> 7 | I9: 7 | J9: 825 | K9: 745 | L9: =K9-J9 -> -80 | M9: =ROUND(J9/D9,0) -> 103 | N9: =ROUND(K9/G9,0) -> 106 | O9: =N9-M9 -> 3 | P9: 8 | Q9: 7 | R9: =Q9-P9 -> -1 | U9: =T9-S9 -> 0 | X9: =W9-V9 -> 0 | Y9: =ROUND((S9+V9)/P9*100,1) -> 0 | Z9: =ROUND((T9+W9)/Q9*100,1) -> 0 | AA9: =Z9-Y9 -> 0 | AD9: =AC9-AB9 -> 0 | AF9: 1 | AG9: Александровский | AH9: 01 | AI9: =AJ9+AK9 -> 7.598 | AK9: 7.598 | AL9: =AM9+AN9 -> 7.4 | AN9: 7.4 | AO9: =ROUND(AI9/D9,2) -> 0.95 | AQ9: =ROUND(AK9/F9,2) -> 0.95 | AR9: =ROUND(AL9/G9,2) -> 1.06 | AT9: =ROUND(AN9/I9,2) -> 1.06 | AU9: =AR9-AO9 -> 0.11 | AV9: =AS9-AP9 -> 0 | AW9: =AT9-AQ9 -> 0.11 | AY9: 1 | AZ9: Александровский | BA9: 01 | BB9: 65 | BC9: 59 | BD9: =BC9-BB9 -> -6 | BE9: 65 | BF9: 59 | BG9: =BF9-BE9 -> -6 | BH9: =ROUND(BB9/D9,0) -> 8 | BI9: =ROUND(BC9/G9,0) -> 8 | BJ9: =BI9-BH9 -> 0 | BK9: 819 | BL9: 766 | BM9: =BL9-BK9 -> -53 | BN9: 819 | BO9: 766 | BP9: =BO9-BN9 -> -53 | BQ9: =ROUND(BK9/BB9,0) -> 13 | BR9: =ROUND(BL9/BC9,0) -> 13 | BS9: =BR9-BQ9 -> 0 | BT9: 8 | BU9: 25 | BV9: 21 | BW9: =BV9-BU9 -> -4 | BX9: 25 | BY9: 21 | BZ9: =BY9-BX9 -> -4 | CA9: 330 | CB9: 268 | CC9: =CB9-CA9 -> -62 | CD9: 330 | CE9: 268 | CF9: =CE9-CD9 -> -62 | CG9: 47 | CH9: 45 | CI9: =CH9-CG9 -> -2 | CJ9: 47 | CK9: 45 | CL9: =CK9-CJ9 -> -2 | CM9: 18 | CN9: 17 | CO9: =CN9-CM9 -> -1 | CP9: 18 | CQ9: 17 | CR9: =CQ9-CP9 -> -1 | CS9: 564 | CT9: 548 | CU9: =CT9-CS9 -> -16 | CV9: 564 | CW9: 548 | CX9: =CW9-CV9 -> -16 | CY9: 227 | CZ9: 216 | DA9: =CZ9-CY9 -> -11 | DB9: 227 | DC9: 216 | DD9: =DC9-DB9 -> -11 | DF9: 1 | DG9: Александровский | DH9: 01 | DI9: 692 | DJ9: 714 | DK9: =DJ9-DI9 -> 22 | DL9: 249 | DM9: 233 | DN9: =DM9-DL9 -> -16 | DO9: 41699 | DP9: 101545 | DQ9: =DP9-DO9 -> 59846 | DR9: 8208 | DS9: 19322 | DT9: =DS9-DR9 -> 11114 | DU9: =ROUND(DI9/D9,0) -> 87 | DV9: =ROUND(DJ9/G9,0) -> 102 | DW9: =DV9-DU9 -> 15 | DX9: 17 | DY9: 34 | DZ9: 38 | EA9: =DZ9-DY9 -> 4 | EB9: 10 | EC9: 9 | ED9: =EC9-EB9 -> -1 | EE9: =ROUND(DY9/DI9*100,1) -> 4.9 | EF9: =ROUND(DZ9/DJ9*100,1) -> 5.3 | EG9: =EF9-EE9 -> 0.4 | EH9: 3758 | EI9: 4325 | EJ9: =EI9-EH9 -> 567 | EK9: 637 | EL9: 1370 | EM9: =EL9-EK9 -> 733 | EN9: =ROUND(EH9/DY9,0) -> 111 | EO9: =ROUND(EI9/DZ9,0) -> 114 | EP9: =EO9-EN9 -> 3 | EQ9: 3 | ES9: 1 | ET9: Александровский | EU9: 01 | EV9: 59 | EW9: 54 | EX9: =EW9-EV9 -> -5 | EY9: 59 | EZ9: 54 | FA9: =EZ9-EY9 -> -5 | FB9: 32 | FC9: 28 | FD9: =FC9-FB9 -> -4 | FE9: 7 | FF9: 8 | FG9: =FF9-FE9 -> 1 | FH9: 23 | FI9: 18 | FJ9: =FI9-FH9 -> -5 | FK9: =ROUND((FE9+FH9)/FB9*100,1) -> 93.8 | FL9: =ROUND((FF9+FI9)/FC9*100,1) -> 92.9 | FM9: 4 | FN9: =ROUND(FB9/D9,0) -> 4 | FO9: =ROUND(FC9/G9,0) -> 4 | FP9: =FO9-FN9 -> 0 | FR9: 1 | FS9: Александровский | FT9: 01 | FU9: =FW9+FX9+FY9+GA9 -> 58566.9 | FV9: =ROUND(FU9/G9,0) -> 8367 | FW9: 29664.8 | FX9: 26954.8 | FY9: 1560.9 | GA9: 386.4 | GB9: =ROUND((FW9+FX9)/FU9*100,1) -> 96.7 | GC9: 58488.8 | GD9: 49080.6 | GE9: 1000.9 | GF9: 340.4 | GH9: 483.6
A10: 2 | B10: Асиновский | C10: 02 | D10: =E10+F10 -> 17 | E10: 2 | F10: 15 | G10: =H10+I10 -> 17 | H10: 2 | I10: 15 | J10: 1491 | K10: 1491 | L10: =K10-J10 -> 0 | M10: =ROUND(J10/D10,0) -> 88 | N10: =ROUND(K10/G10,0) -> 88 | O10: =N10-M10 -> 0 | P10: 20 | Q10: 20 | R10: =Q10-P10 -> 0 | S10: 11 | T10: 11 | U10: =T10-S10 -> 0 | X10: =W10-V10 -> 0 | Y10: =ROUND((S10+V10)/P10*100,1) -> 55 | Z10: =ROUND((T10+W10)/Q10*100,1) -> 55 | AA10: =Z10-Y10 -> 0 | AB10: 1 | AC10: 2 | AD10: =AC10-AB10 -> 1 | AF10: 2 | AG10: Асиновский | AH10: 02 | AI10: =AJ10+AK10 -> 33.733 | AJ10: 24.818 | AK10: 8.915 | AL10: =AM10+AN10 -> 33.5 | AM10: 24.7 | AN10: 8.8 | AO10: =ROUND(AI10/D10,2) -> 1.98 | AP10: =ROUND(AJ10/E10,2) -> 12.41 | AQ10: =ROUND(AK10/F10,2) -> 0.59 | AR10: =ROUND(AL10/G10,2) -> 1.97 | AS10: =ROUND(AM10/H10,2) -> 12.35 | AT10: =ROUND(AN10/I10,2) -> 0.59 | AU10: =AR10-AO10 -> -0.01 | AV10: =AS10-AP10 -> -0.06 | AW10: =AT10-AQ10 -> 0 | AY10: 2 | AZ10: Асиновский | BA10: 02 | BB10: 93 | BC10: 93 | BD10: =BC10-BB10 -> 0 | BE10: 58 | BF10: 57 | BG10: =BF10-BE10 -> -1 | BH10: =ROUND(BB10/D10,0) -> 5 | BI10: =ROUND(BC10/G10,0) -> 5 | BJ10: =BI10-BH10 -> 0 | BK10: 1667 | BL10: 1667 | BM10: =BL10-BK10 -> 0 | BN10: 787 | BO10: 750 | BP10: =BO10-BN10 -> -37 | BQ10: =ROUND(BK10/BB10,0) -> 18 | BR10: =ROUND(BL10/BC10,0) -> 18 | BS10: =BR10-BQ10 -> 0 | BT10: 4 | BU10: 38 | BV10: 35 | BW10: =BV10-BU10 -> -3 | BX10: 27 | BY10: 24 | BZ10: =BY10-BX10 -> -3 | CA10: 722 | CB10: 682 | CC10: =CB10-CA10 -> -40 | CD10: 350 | CE10: 296 | CF10: =CE10-CD10 -> -54 | CG10: 51 | CH10: 51 | CI10: =CH10-CG10 -> 0 | CJ10: 26 | CK10: 26 | CL10: =CK10-CJ10 -> 0 | CM10: 22 | CN10: 18 | CO10: =CN10-CM10 -> -4 | CP10: 12 | CQ10: 8 | CR10: =CQ10-CP10 -> -4 | CS10: 806 | CT10: 837 | CU10: =CT10-CS10 -> 31 | CV10: 285 | CW10: 289 | CX10: =CW10-CV10 -> 4 | CY10: 497 | CZ10: 469 | DA10: =CZ10-CY10 -> -28 | DB10: 152 | DC10: 108 | DD10: =DC10-DB10 -> -44 | DF10: 2 | DG10: Асиновский | DH10: 02 | DI10: 2275 | DJ10: 2360 | DK10: =DJ10-DI10 -> 85 | DL10: 981 | DM10: 1025 | DN10: =DM10-DL10 -> 44 | DO10: 204631 | DP10: 222547 | DQ10: =DP10-DO10 -> 17916 | DR10: 23935 | DS10: 26646 | DT10: =DS10-DR10 -> 2711 | DU10: =ROUND(DI10/D10,0) -> 134 | DV10: =ROUND(DJ10/G10,0) -> 139 | DW10: =DV10-DU10 -> 5 | DX10: 10 | DY10: 900 | DZ10: 1000 | EA10: =DZ10-DY10 -> 100 | EB10: 290 | EC10: 376 | ED10: =EC10-EB10 -> 86 | EE10: =ROUND(DY10/DI10*100,1) -> 39.6 | EF10: =ROUND(DZ10/DJ10*100,1) -> 42.4 | EG10: =EF10-EE10 -> 2.8 | EH10: 49723 | EI10: 48727 | EJ10: =EI10-EH10 -> -996 | EK10: 7496 | EL10: 9417 | EM10: =EL10-EK10 -> 1921 | EN10: =ROUND(EH10/DY10,0) -> 55 | EO10: =ROUND(EI10/DZ10,0) -> 49 | EP10: =EO10-EN10 -> -6 | EQ10: 6 | ES10: 2 | ET10: Асиновский | EU10: 02 | EV10: 118 | EW10: 116 | EX10: =EW10-EV10 -> -2 | EY10: 113 | EZ10: 111 | FA10: =EZ10-EY10 -> -2 | FB10: 69 | FC10: 68 | FD10: =FC10-FB10 -> -1 | FE10: 10 | FF10: 12 | FG10: =FF10-FE10 -> 2 | FH10: 21 | FI10: 18 | FJ10: =FI10-FH10 -> -3 | FK10: =ROUND((FE10+FH10)/FB10*100,1) -> 44.9 | FL10: =ROUND((FF10+FI10)/FC10*100,1) -> 44.1 | FM10: 18 | FN10: =ROUND(FB10/D10,0) -> 4 | FO10: =ROUND(FC10/G10,0) -> 4 | FP10: =FO10-FN10 -> 0 | FR10: 2 | FS10: Асиновский | FT10: 02 | FU10: =FW10+FX10+FY10+GA10 -> 94022.9 | FV10: =ROUND(FU10/G10,0) -> 5531 | FW10: 52168.2 | FX10: 33994 | FY10: 7770.6 | FZ10: 3476.1 | GA10: 90.1 | GB10: =ROUND((FW10+FX10)/FU10*100,1) -> 91.6 | GC10: 92583.5 | GD10: 59920.9 | GF10: 1245.2 | GG10: 18.6 | GH10: 3015.8
A11: 3 | B11: Бакчарский | C11: 03 | D11: =E11+F11 -> 18 | F11: 18 | G11: =H11+I11 -> 18 | I11: 18 | J11: 720 | K11: 720 | L11: =K11-J11 -> 0 | M11: =ROUND(J11/D11,0) -> 40 | N11: =ROUND(K11/G11,0) -> 40 | O11: =N11-M11 -> 0 | P11: 17 | Q11: 18 | R11: =Q11-P11 -> 1 | S11: 3 | T11: 3 | U11: =T11-S11 -> 0 | X11: =W11-V11 -> 0 | Y11: =ROUND((S11+V11)/P11*100,1) -> 17.6 | Z11: =ROUND((T11+W11)/Q11*100,1) -> 16.7 | AA11: =Z11-Y11 -> -0.9 | AD11: =AC11-AB11 -> 0 | AF11: 3 | AG11: Бакчарский | AH11: 03 | AI11: =AJ11+AK11 -> 11.313 | AK11: 11.313 | AL11: =AM11+AN11 -> 11.2 | AN11: 11.2 | AO11: =ROUND(AI11/D11,2) -> 0.63 | AQ11: =ROUND(AK11/F11,2) -> 0.63 | AR11: =ROUND(AL11/G11,2) -> 0.62 | AT11: =ROUND(AN11/I11,2) -> 0.62 | AU11: =AR11-AO11 -> -0.01 | AV11: =AS11-AP11 -> 0 | AW11: =AT11-AQ11 -> -0.01 | AY11: 3 | AZ11: Бакчарский | BA11: 03 | BB11: 51 | BC11: 50 | BD11: =BC11-BB11 -> -1 | BE11: 51 | BF11: 50 | BG11: =BF11-BE11 -> -1 | BH11: =ROUND(BB11/D11,0) -> 3 | BI11: =ROUND(BC11/G11,0) -> 3 | BJ11: =BI11-BH11 -> 0 | BK11: 600 | BL11: 600 | BM11: =BL11-BK11 -> 0 | BN11: 600 | BO11: 600 | BP11: =BO11-BN11 -> 0 | BQ11: =ROUND(BK11/BB11,0) -> 12 | BR11: =ROUND(BL11/BC11,0) -> 12 | BS11: =BR11-BQ11 -> 0 | BT11: 9 | BU11: 20 | BV11: 23 | BW11: =BV11-BU11 -> 3 | BX11: 20 | BY11: 23 | BZ11: =BY11-BX11 -> 3 | CA11: 257 | CB11: 294 | CC11: =CB11-CA11 -> 37 | CD11: 257 | CE11: 294 | CF11: =CE11-CD11 -> 37 | CG11: 18 | CH11: 21 | CI11: =CH11-CG11 -> 3 | CJ11: 18 | CK11: 21 | CL11: =CK11-CJ11 -> 3 | CM11: 9 | CN11: 6 | CO11: =CN11-CM11 -> -3 | CP11: 9 | CQ11: 6 | CR11: =CQ11-CP11 -> -3 | CS11: 230 | CT11: 260 | CU11: =CT11-CS11 -> 30 | CV11: 230 | CW11: 260 | CX11: =CW11-CV11 -> 30 | CY11: 152 | CZ11: 60 | DA11: =CZ11-CY11 -> -92 | DB11: 152 | DC11: 60 | DD11: =DC11-DB11 -> -92 | DF11: 3 | DG11: Бакчарский | DH11: 03 | DI11: 1604 | DJ11: 1722 | DK11: =DJ11-DI11 -> 118 | DL11: 948 | DM11: 919 | DN11: =DM11-DL11 -> -29 | DO11: 44647 | DP11: 54453 | DQ11: =DP11-DO11 -> 9806 | DR11: 12165 | DS11: 15409 | DT11: =DS11-DR11 -> 3244 | DU11: =ROUND(DI11/D11,0) -> 89 | DV11: =ROUND(DJ11/G11,0) -> 96 | DW11: =DV11-DU11 -> 7 | DX11: 18 | DY11: 47 | DZ11: 102 | EA11: =DZ11-DY11 -> 55 | EB11: 14 | EC11: 25 | ED11: =EC11-EB11 -> 11 | EE11: =ROUND(DY11/DI11*100,1) -> 2.9 | EF11: =ROUND(DZ11/DJ11*100,1) -> 5.9 | EG11: =EF11-EE11 -> 3 | EH11: 1348 | EI11: 4041 | EJ11: =EI11-EH11 -> 2693 | EK11: 289 | EL11: 577 | EM11: =EL11-EK11 -> 288 | EN11: =ROUND(EH11/DY11,0) -> 29 | EO11: =ROUND(EI11/DZ11,0) -> 40 | EP11: =EO11-EN11 -> 11 | EQ11: 10 | ES11: 3 | ET11: Бакчарский | EU11: 03 | EV11: 52 | EW11: 51 | EX11: =EW11-EV11 -> -1 | EY11: 51 | EZ11: 50 | FA11: =EZ11-EY11 -> -1 | FB11: 26 | FC11: 29 | FD11: =FC11-FB11 -> 3 | FE11: 5 | FF11: 8 | FG11: =FF11-FE11 -> 3 | FH11: 13 | FI11: 12 | FJ11: =FI11-FH11 -> -1 | FK11: =ROUND((FE11+FH11)/FB11*100,1) -> 69.2 | FL11: =ROUND((FF11+FI11)/FC11*100,1) -> 69 | FM11: 13 | FN11: =ROUND(FB11/D11,0) -> 1 | FO11: =ROUND(FC11/G11,0) -> 2 | FP11: =FO11-FN11 -> 1 | FR11: 3 | FS11: Бакчарский | FT11: 03 | FU11: =FW11+FX11+FY11+GA11 -> 35281 | FV11: =ROUND(FU11/G11,0) -> 1960 | FW11: 19827 | FX11: 14611 | FY11: 723 | GA11: 120 | GB11: =ROUND((FW11+FX11)/FU11*100,1) -> 97.6 | GC11: 35281 | GD11: 28523 | GF11: 348 | GG11: 44 | GH11: 348
A12: 4 | B12: Верхнекетский | C12: 04 | D12: =E12+F12 -> 9 | E12: 2 | F12: 7 | G12: =H12+I12 -> 9 | H12: 2 | I12: 7 | J12: 801 | K12: 801 | L12: =K12-J12 -> 0 | M12: =ROUND(J12/D12,0) -> 89 | N12: =ROUND(K12/G12,0) -> 89 | O12: =N12-M12 -> 0 | P12: 9 | Q12: 9 | R12: =Q12-P12 -> 0 | T12: 1 | U12: =T12-S12 -> 1 | X12: =W12-V12 -> 0 | Y12: =ROUND((S12+V12)/P12*100,1) -> 0 | Z12: =ROUND((T12+W12)/Q12*100,1) -> 11.1 | AA12: =Z12-Y12 -> 11.1 | AD12: =AC12-AB12 -> 0 | AF12: 4 | AG12: Верхнекетский | AH12: 04 | AI12: =AJ12+AK12 -> 14.766 | AJ12: 7.882 | AK12: 6.884 | AL12: =AM12+AN12 -> 14.6 | AM12: 7.8 | AN12: 6.8 | AO12: =ROUND(AI12/D12,2) -> 1.64 | AP12: =ROUND(AJ12/E12,2) -> 3.94 | AQ12: =ROUND(AK12/F12,2) -> 0.98 | AR12: =ROUND(AL12/G12,2) -> 1.62 | AS12: =ROUND(AM12/H12,2) -> 3.9 | AT12: =ROUND(AN12/I12,2) -> 0.97 | AU12: =AR12-AO12 -> -0.02 | AV12: =AS12-AP12 -> -0.04 | AW12: =AT12-AQ12 -> -0.01 | AY12: 4 | AZ12: Верхнекетский | BA12: 04 | BB12: 36 | BC12: 33 | BD12: =BC12-BB12 -> -3 | BE12: 22 | BF12: 19 | BG12: =BF12-BE12 -> -3 | BH12: =ROUND(BB12/D12,0) -> 4 | BI12: =ROUND(BC12/G12,0) -> 4 | BJ12: =BI12-BH12 -> 0 | BK12: 520 | BL12: 489 | BM12: =BL12-BK12 -> -31 | BN12: 286 | BO12: 247 | BP12: =BO12-BN12 -> -39 | BQ12: =ROUND(BK12/BB12,0) -> 14 | BR12: =ROUND(BL12/BC12,0) -> 15 | BS12: =BR12-BQ12 -> 1 | BT12: 6 | BU12: 16 | BV12: 15 | BW12: =BV12-BU12 -> -1 | BX12: 12 | BY12: 11 | BZ12: =BY12-BX12 -> -1 | CA12: 289 | CB12: 285 | CC12: =CB12-CA12 -> -4 | CD12: 169 | CE12: 156 | CF12: =CE12-CD12 -> -13 | CG12: 36 | CH12: 33 | CI12: =CH12-CG12 -> -3 | CJ12: 22 | CK12: 19 | CL12: =CK12-CJ12 -> -3 | CM12: 16 | CN12: 15 | CO12: =CN12-CM12 -> -1 | CP12: 12 | CQ12: 11 | CR12: =CQ12-CP12 -> -1 | CS12: 520 | CT12: 489 | CU12: =CT12-CS12 -> -31 | CV12: 286 | CW12: 247 | CX12: =CW12-CV12 -> -39 | CY12: 289 | CZ12: 285 | DA12: =CZ12-CY12 -> -4 | DB12: 169 | DC12: 156 | DD12: =DC12-DB12 -> -13 | DF12: 4 | DG12: Верхнекетский | DH12: 04 | DI12: 1271 | DJ12: 1372 | DK12: =DJ12-DI12 -> 101 | DL12: 494 | DM12: 508 | DN12: =DM12-DL12 -> 14 | DO12: 57375 | DP12: 59553 | DQ12: =DP12-DO12 -> 2178 | DR12: 14844 | DS12: 15932 | DT12: =DS12-DR12 -> 1088 | DU12: =ROUND(DI12/D12,0) -> 141 | DV12: =ROUND(DJ12/G12,0) -> 152 | DW12: =DV12-DU12 -> 11 | DX12: 8 | DY12: 470 | DZ12: 453 | EA12: =DZ12-DY12 -> -17 | EB12: 199 | EC12: 177 | ED12: =EC12-EB12 -> -22 | EE12: =ROUND(DY12/DI12*100,1) -> 37 | EF12: =ROUND(DZ12/DJ12*100,1) -> 33 | EG12: =EF12-EE12 -> -4 | EH12: 11569 | EI12: 12239 | EJ12: =EI12-EH12 -> 670 | EK12: 4537 | EL12: 4169 | EM12: =EL12-EK12 -> -368 | EN12: =ROUND(EH12/DY12,0) -> 25 | EO12: =ROUND(EI12/DZ12,0) -> 27 | EP12: =EO12-EN12 -> 2 | EQ12: 14 | ES12: 4 | ET12: Верхнекетский | EU12: 04 | EV12: 75 | EW12: 74 | EX12: =EW12-EV12 -> -1 | EY12: 75 | EZ12: 74 | FA12: =EZ12-EY12 -> -1 | FB12: 46 | FC12: 43 | FD12: =FC12-FB12 -> -3 | FE12: 9 | FF12: 7 | FG12: =FF12-FE12 -> -2 | FH12: 26 | FI12: 22 | FJ12: =FI12-FH12 -> -4 | FK12: =ROUND((FE12+FH12)/FB12*100,1) -> 76.1 | FL12: =ROUND((FF12+FI12)/FC12*100,1) -> 67.4 | FM12: 14 | FN12: =ROUND(FB12/D12,0) -> 5 | FO12: =ROUND(FC12/G12,0) -> 5 | FP12: =FO12-FN12 -> 0 | FR12: 4 | FS12: Верхнекетский | FT12: 04 | FU12: =FW12+FX12+FY12+GA12 -> 78804.8 | FV12: =ROUND(FU12/G12,0) -> 8756 | FW12: 73946.8 | FY12: 4850 | FZ12: 1367 | GA12: 8 | GB12: =ROUND((FW12+FX12)/FU12*100,1) -> 93.8 | GC12: 78804.8 | GD12: 55243 | GE12: 859.4 | GF12: 4480 | GH12: 1279.9
A13: 5 | B13: Зырянский | C13: 05 | D13: =E13+F13 -> 21 | F13: 21 | G13: =H13+I13 -> 21 | I13: 21 | J13: 1672 | K13: 1643 | L13: =K13-J13 -> -29 | M13: =ROUND(J13/D13,0) -> 80 | N13: =ROUND(K13/G13,0) -> 78 | O13: =N13-M13 -> -2 | P13: 21 | Q13: 21 | R13: =Q13-P13 -> 0 | S13: 6 | T13: 5 | U13: =T13-S13 -> -1 | X13: =W13-V13 -> 0 | Y13: =ROUND((S13+V13)/P13*100,1) -> 28.6 | Z13: =ROUND((T13+W13)/Q13*100,1) -> 23.8 | AA13: =Z13-Y13 -> -4.8 | AD13: =AC13-AB13 -> 0 | AF13: 5 | AG13: Зырянский | AH13: 05 | AI13: =AJ13+AK13 -> 11.232 | AK13: 11.232 | AL13: =AM13+AN13 -> 11.1 | AN13: 11.1 | AO13: =ROUND(AI13/D13,2) -> 0.53 | AQ13: =ROUND(AK13/F13,2) -> 0.53 | AR13: =ROUND(AL13/G13,2) -> 0.53 | AT13: =ROUND(AN13/I13,2) -> 0.53 | AU13: =AR13-AO13 -> 0 | AV13: =AS13-AP13 -> 0 | AW13: =AT13-AQ13 -> 0 | AY13: 5 | AZ13: Зырянский | BA13: 05 | BB13: 118 | BC13: 118 | BD13: =BC13-BB13 -> 0 | BE13: 118 | BF13: 118 | BG13: =BF13-BE13 -> 0 | BH13: =ROUND(BB13/D13,0) -> 6 | BI13: =ROUND(BC13/G13,0) -> 6 | BJ13: =BI13-BH13 -> 0 | BK13: 1403 | BL13: 1405 | BM13: =BL13-BK13 -> 2 | BN13: 1403 | BO13: 1405 | BP13: =BO13-BN13 -> 2 | BQ13: =ROUND(BK13/BB13,0) -> 12 | BR13: =ROUND(BL13/BC13,0) -> 12 | BS13: =BR13-BQ13 -> 0 | BT13: 9 | BU13: 66 | BV13: 68 | BW13: =BV13-BU13 -> 2 | BX13: 66 | BY13: 68 | BZ13: =BY13-BX13 -> 2 | CA13: 707 | CB13: 732 | CC13: =CB13-CA13 -> 25 | CD13: 707 | CE13: 732 | CF13: =CE13-CD13 -> 25 | CG13: 91 | CH13: 91 | CI13: =CH13-CG13 -> 0 | CJ13: 91 | CK13: 91 | CL13: =CK13-CJ13 -> 0 | CM13: 57 | CN13: 58 | CO13: =CN13-CM13 -> 1 | CP13: 57 | CQ13: 58 | CR13: =CQ13-CP13 -> 1 | CS13: 1041 | CT13: 1033 | CU13: =CT13-CS13 -> -8 | CV13: 1041 | CW13: 1033 | CX13: =CW13-CV13 -> -8 | CY13: 586 | CZ13: 584 | DA13: =CZ13-CY13 -> -2 | DB13: 586 | DC13: 584 | DD13: =DC13-DB13 -> -2 | DF13: 5 | DG13: Зырянский | DH13: 05 | DI13: 2528 | DJ13: 2597 | DK13: =DJ13-DI13 -> 69 | DL13: 910 | DM13: 917 | DN13: =DM13-DL13 -> 7 | DO13: 102890 | DP13: 129718 | DQ13: =DP13-DO13 -> 26828 | DR13: 26349 | DS13: 26455 | DT13: =DS13-DR13 -> 106 | DU13: =ROUND(DI13/D13,0) -> 120 | DV13: =ROUND(DJ13/G13,0) -> 124 | DW13: =DV13-DU13 -> 4 | DX13: 13 | DY13: 1184 | DZ13: 1161 | EA13: =DZ13-DY13 -> -23 | EB13: 240 | EC13: 239 | ED13: =EC13-EB13 -> -1 | EE13: =ROUND(DY13/DI13*100,1) -> 46.8 | EF13: =ROUND(DZ13/DJ13*100,1) -> 44.7 | EG13: =EF13-EE13 -> -2.1 | EH13: 18613 | EI13: 20401 | EJ13: =EI13-EH13 -> 1788 | EK13: 4356 | EL13: 4367 | EM13: =EL13-EK13 -> 11 | EN13: =ROUND(EH13/DY13,0) -> 16 | EO13: =ROUND(EI13/DZ13,0) -> 18 | EP13: =EO13-EN13 -> 2 | EQ13: 17 | ES13: 5 | ET13: Зырянский | EU13: 05 | EV13: 78 | EW13: 85 | EX13: =EW13-EV13 -> 7 | EY13: 78 | EZ13: 85 | FA13: =EZ13-EY13 -> 7 | FB13: 54 | FC13: 58 | FD13: =FC13-FB13 -> 4 | FE13: 5 | FF13: 5 | FG13: =FF13-FE13 -> 0 | FH13: 16 | FI13: 17 | FJ13: =FI13-FH13 -> 1 | FK13: =ROUND((FE13+FH13)/FB13*100,1) -> 38.9 | FL13: =ROUND((FF13+FI13)/FC13*100,1) -> 37.9 | FM13: 19 | FN13: =ROUND(FB13/D13,0) -> 3 | FO13: =ROUND(FC13/G13,0) -> 3 | FP13: =FO13-FN13 -> 0 | FR13: 5 | FS13: Зырянский | FT13: 05 | FU13: =FW13+FX13+FY13+GA13 -> 46840 | FV13: =ROUND(FU13/G13,0) -> 2230 | FW13: 24094 | FX13: 20711 | FY13: 2035 | FZ13: 488 | GB13: =ROUND((FW13+FX13)/FU13*100,1) -> 95.7 | GC13: 46822 | GD13: 34638 | GF13: 3251 | GH13: 986
A14: 6 | B14: Каргасокский | C14: 06 | D14: =E14+F14 -> 18 | F14: 18 | G14: =H14+I14 -> 18 | I14: 18 | J14: 1781 | K14: 1781 | L14: =K14-J14 -> 0 | M14: =ROUND(J14/D14,0) -> 99 | N14: =ROUND(K14/G14,0) -> 99 | O14: =N14-M14 -> 0 | P14: 18 | Q14: 18 | R14: =Q14-P14 -> 0 | S14: 2 | T14: 2 | U14: =T14-S14 -> 0 | X14: =W14-V14 -> 0 | Y14: =ROUND((S14+V14)/P14*100,1) -> 11.1 | Z14: =ROUND((T14+W14)/Q14*100,1) -> 11.1 | AA14: =Z14-Y14 -> 0 | AD14: =AC14-AB14 -> 0 | AF14: 6 | AG14: Каргасокский | AH14: 06 | AI14: =AJ14+AK14 -> 17.642 | AK14: 17.642 | AL14: =AM14+AN14 -> 17.5 | AN14: 17.5 | AO14: =ROUND(AI14/D14,2) -> 0.98 | AQ14: =ROUND(AK14/F14,2) -> 0.98 | AR14: =ROUND(AL14/G14,2) -> 0.97 | AT14: =ROUND(AN14/I14,2) -> 0.97 | AU14: =AR14-AO14 -> -0.01 | AV14: =AS14-AP14 -> 0 | AW14: =AT14-AQ14 -> -0.01 | AY14: 6 | AZ14: Каргасокский | BA14: 06 | BB14: 158 | BC14: 158 | BD14: =BC14-BB14 -> 0 | BE14: 158 | BF14: 158 | BG14: =BF14-BE14 -> 0 | BH14: =ROUND(BB14/D14,0) -> 9 | BI14: =ROUND(BC14/G14,0) -> 9 | BJ14: =BI14-BH14 -> 0 | BK14: 2996 | BL14: 2953 | BM14: =BL14-BK14 -> -43 | BN14: 2996 | BO14: 2953 | BP14: =BO14-BN14 -> -43 | BQ14: =ROUND(BK14/BB14,0) -> 19 | BR14: =ROUND(BL14/BC14,0) -> 19 | BS14: =BR14-BQ14 -> 0 | BT14: 3 | BU14: 82 | BV14: 80 | BW14: =BV14-BU14 -> -2 | BX14: 82 | BY14: 80 | BZ14: =BY14-BX14 -> -2 | CA14: 1625 | CB14: 1554 | CC14: =CB14-CA14 -> -71 | CD14: 1625 | CE14: 1554 | CF14: =CE14-CD14 -> -71 | CG14: 116 | CH14: 117 | CI14: =CH14-CG14 -> 1 | CJ14: 116 | CK14: 117 | CL14: =CK14-CJ14 -> 1 | CM14: 68 | CN14: 66 | CO14: =CN14-CM14 -> -2 | CP14: 68 | CQ14: 66 | CR14: =CQ14-CP14 -> -2 | CS14: 2069 | CT14: 2017 | CU14: =CT14-CS14 -> -52 | CV14: 2069 | CW14: 2017 | CX14: =CW14-CV14 -> -52 | CY14: 1318 | CZ14: 1258 | DA14: =CZ14-CY14 -> -60 | DB14: 1318 | DC14: 1258 | DD14: =DC14-DB14 -> -60 | DF14: 6 | DG14: Каргасокский | DH14: 06 | DI14: 2883 | DJ14: 3181 | DK14: =DJ14-DI14 -> 298 | DL14: 1232 | DM14: 1376 | DN14: =DM14-DL14 -> 144 | DO14: 145500 | DP14: 234762 | DQ14: =DP14-DO14 -> 89262 | DR14: 43375 | DS14: 58980 | DT14: =DS14-DR14 -> 15605 | DU14: =ROUND(DI14/D14,0) -> 160 | DV14: =ROUND(DJ14/G14,0) -> 177 | DW14: =DV14-DU14 -> 17 | DX14: 5 | DY14: 832 | DZ14: 523 | EA14: =DZ14-DY14 -> -309 | EB14: 380 | EC14: 332 | ED14: =EC14-EB14 -> -48 | EE14: =ROUND(DY14/DI14*100,1) -> 28.9 | EF14: =ROUND(DZ14/DJ14*100,1) -> 16.4 | EG14: =EF14-EE14 -> -12.5 | EH14: 24277 | EI14: 23461 | EJ14: =EI14-EH14 -> -816 | EK14: 11926 | EL14: 12566 | EM14: =EL14-EK14 -> 640 | EN14: =ROUND(EH14/DY14,0) -> 29 | EO14: =ROUND(EI14/DZ14,0) -> 45 | EP14: =EO14-EN14 -> 16 | EQ14: 7 | ES14: 6 | ET14: Каргасокский | EU14: 06 | EV14: 107 | EW14: 107 | EX14: =EW14-EV14 -> 0 | EY14: 107 | EZ14: 107 | FA14: =EZ14-EY14 -> 0 | FB14: 66 | FC14: 66 | FD14: =FC14-FB14 -> 0 | FE14: 20 | FF14: 20 | FG14: =FF14-FE14 -> 0 | FH14: 45 | FI14: 46 | FJ14: =FI14-FH14 -> 1 | FK14: =ROUND((FE14+FH14)/FB14*100,1) -> 98.5 | FL14: =ROUND((FF14+FI14)/FC14*100,1) -> 100 | FM14: 1 | FN14: =ROUND(FB14/D14,0) -> 4 | FO14: =ROUND(FC14/G14,0) -> 4 | FP14: =FO14-FN14 -> 0 | FR14: 6 | FS14: Каргасокский | FT14: 06 | FU14: =FW14+FX14+FY14+GA14 -> 104189.4 | FV14: =ROUND(FU14/G14,0) -> 5788 | FW14: 49484.4 | FX14: 51359.4 | FY14: 3345.6 | FZ14: 2320.3 | GB14: =ROUND((FW14+FX14)/FU14*100,1) -> 96.8 | GC14: 103182.8 | GD14: 81635.4 | GF14: 2350.4 | GH14: 1013.4
A15: 7 | B15: Кожевниковский | C15: 07 | D15: =E15+F15 -> 24 | F15: 24 | G15: =H15+I15 -> 24 | I15: 24 | J15: 2021 | K15: 2021 | L15: =K15-J15 -> 0 | M15: =ROUND(J15/D15,0) -> 84 | N15: =ROUND(K15/G15,0) -> 84 | O15: =N15-M15 -> 0 | P15: 23 | Q15: 22 | R15: =Q15-P15 -> -1 | U15: =T15-S15 -> 0 | X15: =W15-V15 -> 0 | Y15: =ROUND((S15+V15)/P15*100,1) -> 0 | Z15: =ROUND((T15+W15)/Q15*100,1) -> 0 | AA15: =Z15-Y15 -> 0 | AD15: =AC15-AB15 -> 0 | AF15: 7 | AG15: Кожевниковский | AH15: 07 | AI15: =AJ15+AK15 -> 20.366 | AK15: 20.366 | AL15: =AM15+AN15 -> 20.3 | AN15: 20.3 | AO15: =ROUND(AI15/D15,2) -> 0.85 | AQ15: =ROUND(AK15/F15,2) -> 0.85 | AR15: =ROUND(AL15/G15,2) -> 0.85 | AT15: =ROUND(AN15/I15,2) -> 0.85 | AU15: =AR15-AO15 -> 0 | AV15: =AS15-AP15 -> 0 | AW15: =AT15-AQ15 -> 0 | AY15: 7 | AZ15: Кожевниковский | BA15: 07 | BB15: 111 | BC15: 109 | BD15: =BC15-BB15 -> -2 | BE15: 111 | BF15: 109 | BG15: =BF15-BE15 -> -2 | BH15: =ROUND(BB15/D15,0) -> 5 | BI15: =ROUND(BC15/G15,0) -> 5 | BJ15: =BI15-BH15 -> 0 | BK15: 1578 | BL15: 1441 | BM15: =BL15-BK15 -> -137 | BN15: 1578 | BO15: 1441 | BP15: =BO15-BN15 -> -137 | BQ15: =ROUND(BK15/BB15,0) -> 14 | BR15: =ROUND(BL15/BC15,0) -> 13 | BS15: =BR15-BQ15 -> -1 | BT15: 8 | BU15: 49 | BV15: 50 | BW15: =BV15-BU15 -> 1 | BX15: 49 | BY15: 50 | BZ15: =BY15-BX15 -> 1 | CA15: 636 | CB15: 614 | CC15: =CB15-CA15 -> -22 | CD15: 636 | CE15: 614 | CF15: =CE15-CD15 -> -22 | CG15: 69 | CH15: 67 | CI15: =CH15-CG15 -> -2 | CJ15: 69 | CK15: 67 | CL15: =CK15-CJ15 -> -2 | CM15: 33 | CN15: 32 | CO15: =CN15-CM15 -> -1 | CP15: 33 | CQ15: 32 | CR15: =CQ15-CP15 -> -1 | CS15: 879 | CT15: 818 | CU15: =CT15-CS15 -> -61 | CV15: 879 | CW15: 818 | CX15: =CW15-CV15 -> -61 | CY15: 470 | CZ15: 445 | DA15: =CZ15-CY15 -> -25 | DB15: 470 | DC15: 445 | DD15: =DC15-DB15 -> -25 | DF15: 7 | DG15: Кожевниковский | DH15: 07 | DI15: 2632 | DJ15: 2867 | DK15: =DJ15-DI15 -> 235 | DL15: 1420 | DM15: 1455 | DN15: =DM15-DL15 -> 35 | DO15: 84959 | DP15: 121218 | DQ15: =DP15-DO15 -> 36259 | DR15: 30278 | DS15: 30207 | DT15: =DS15-DR15 -> -71 | DU15: =ROUND(DI15/D15,0) -> 110 | DV15: =ROUND(DJ15/G15,0) -> 119 | DW15: =DV15-DU15 -> 9 | DX15: 14 | DY15: 513 | DZ15: 691 | EA15: =DZ15-DY15 -> 178 | EB15: 210 | EC15: 287 | ED15: =EC15-EB15 -> 77 | EE15: =ROUND(DY15/DI15*100,1) -> 19.5 | EF15: =ROUND(DZ15/DJ15*100,1) -> 24.1 | EG15: =EF15-EE15 -> 4.6 | EH15: 13499 | EI15: 23423 | EJ15: =EI15-EH15 -> 9924 | EK15: 6541 | EL15: 7068 | EM15: =EL15-EK15 -> 527 | EN15: =ROUND(EH15/DY15,0) -> 26 | EO15: =ROUND(EI15/DZ15,0) -> 34 | EP15: =EO15-EN15 -> 8 | EQ15: 12 | ES15: 7 | ET15: Кожевниковский | EU15: 07 | EV15: 77 | EW15: 75 | EX15: =EW15-EV15 -> -2 | EY15: 77 | EZ15: 75 | FA15: =EZ15-EY15 -> -2 | FB15: 46 | FC15: 44 | FD15: =FC15-FB15 -> -2 | FE15: 6 | FF15: 6 | FG15: =FF15-FE15 -> 0 | FH15: 13 | FI15: 15 | FJ15: =FI15-FH15 -> 2 | FK15: =ROUND((FE15+FH15)/FB15*100,1) -> 41.3 | FL15: =ROUND((FF15+FI15)/FC15*100,1) -> 47.7 | FM15: 16 | FN15: =ROUND(FB15/D15,0) -> 2 | FO15: =ROUND(FC15/G15,0) -> 2 | FP15: =FO15-FN15 -> 0 | FR15: 7 | FS15: Кожевниковский | FT15: 07 | FU15: =FW15+FX15+FY15+GA15 -> 48536 | FV15: =ROUND(FU15/G15,0) -> 2022 | FW15: 30353.4 | FX15: 14898.1 | FY15: 3284.5 | FZ15: 1590 | GB15: =ROUND((FW15+FX15)/FU15*100,1) -> 93.2 | GC15: 42039.5 | GD15: 30498.7 | GE15: 149 | GF15: 1643.4
A16: 8 | B16: Колпашевский | C16: 08 | D16: =E16+F16 -> 17 | E16: 2 | F16: 15 | G16: =H16+I16 -> 17 | H16: 2 | I16: 15 | J16: 1448 | K16: 1448 | L16: =K16-J16 -> 0 | M16: =ROUND(J16/D16,0) -> 85 | N16: =ROUND(K16/G16,0) -> 85 | O16: =N16-M16 -> 0 | P16: 17 | Q16: 17 | R16: =Q16-P16 -> 0 | T16: 1 | U16: =T16-S16 -> 1 | X16: =W16-V16 -> 0 | Y16: =ROUND((S16+V16)/P16*100,1) -> 0 | Z16: =ROUND((T16+W16)/Q16*100,1) -> 5.9 | AA16: =Z16-Y16 -> 5.9 | AC16: 1 | AD16: =AC16-AB16 -> 1 | AF16: 8 | AG16: Колпашевский | AH16: 08 | AI16: =AJ16+AK16 -> 33.07 | AJ16: 20.677 | AK16: 12.393 | AL16: =AM16+AN16 -> 32.6 | AM16: 20.3 | AN16: 12.3 | AO16: =ROUND(AI16/D16,2) -> 1.95 | AP16: =ROUND(AJ16/E16,2) -> 10.34 | AQ16: =ROUND(AK16/F16,2) -> 0.83 | AR16: =ROUND(AL16/G16,2) -> 1.92 | AS16: =ROUND(AM16/H16,2) -> 10.15 | AT16: =ROUND(AN16/I16,2) -> 0.82 | AU16: =AR16-AO16 -> -0.03 | AV16: =AS16-AP16 -> -0.19 | AW16: =AT16-AQ16 -> -0.01 | AY16: 8 | AZ16: Колпашевский | BA16: 08 | BB16: 85 | BC16: 85 | BD16: =BC16-BB16 -> 0 | BE16: 62 | BF16: 61 | BG16: =BF16-BE16 -> -1 | BH16: =ROUND(BB16/D16,0) -> 5 | BI16: =ROUND(BC16/G16,0) -> 5 | BJ16: =BI16-BH16 -> 0 | BK16: 1271 | BL16: 1272 | BM16: =BL16-BK16 -> 1 | BN16: 882 | BO16: 803 | BP16: =BO16-BN16 -> -79 | BQ16: =ROUND(BK16/BB16,0) -> 15 | BR16: =ROUND(BL16/BC16,0) -> 15 | BS16: =BR16-BQ16 -> 0 | BT16: 6 | BU16: 35 | BV16: 34 | BW16: =BV16-BU16 -> -1 | BX16: 28 | BY16: 29 | BZ16: =BY16-BX16 -> 1 | CA16: 659 | CB16: 526 | CC16: =CB16-CA16 -> -133 | CD16: 451 | CE16: 390 | CF16: =CE16-CD16 -> -61 | CG16: 59 | CH16: 59 | CI16: =CH16-CG16 -> 0 | CJ16: 42 | CK16: 42 | CL16: =CK16-CJ16 -> 0 | CM16: 24 | CN16: 25 | CO16: =CN16-CM16 -> 1 | CP16: 18 | CQ16: 21 | CR16: =CQ16-CP16 -> 3 | CS16: 915 | CT16: 892 | CU16: =CT16-CS16 -> -23 | CV16: 588 | CW16: 544 | CX16: =CW16-CV16 -> -44 | CY16: 507 | CZ16: 420 | DA16: =CZ16-CY16 -> -87 | DB16: 305 | DC16: 294 | DD16: =DC16-DB16 -> -11 | DF16: 8 | DG16: Колпашевский | DH16: 08 | DI16: 2099 | DJ16: 2321 | DK16: =DJ16-DI16 -> 222 | DL16: 883 | DM16: 923 | DN16: =DM16-DL16 -> 40 | DO16: 251677 | DP16: 258983 | DQ16: =DP16-DO16 -> 7306 | DR16: 63308 | DS16: 65616 | DT16: =DS16-DR16 -> 2308 | DU16: =ROUND(DI16/D16,0) -> 123 | DV16: =ROUND(DJ16/G16,0) -> 137 | DW16: =DV16-DU16 -> 14 | DX16: 11 | DY16: 952 | DZ16: 1005 | EA16: =DZ16-DY16 -> 53 | EB16: 302 | EC16: 234 | ED16: =EC16-EB16 -> -68 | EE16: =ROUND(DY16/DI16*100,1) -> 45.4 | EF16: =ROUND(DZ16/DJ16*100,1) -> 43.3 | EG16: =EF16-EE16 -> -2.1 | EH16: 36090 | EI16: 43084 | EJ16: =EI16-EH16 -> 6994 | EK16: 11580 | EL16: 11119 | EM16: =EL16-EK16 -> -461 | EN16: =ROUND(EH16/DY16,0) -> 38 | EO16: =ROUND(EI16/DZ16,0) -> 43 | EP16: =EO16-EN16 -> 5 | EQ16: 8 | ES16: 8 | ET16: Колпашевский | EU16: 08 | EV16: 150 | EW16: 149 | EX16: =EW16-EV16 -> -1 | EY16: 150 | EZ16: 149 | FA16: =EZ16-EY16 -> -1 | FB16: 80 | FC16: 83 | FD16: =FC16-FB16 -> 3 | FE16: 10 | FF16: 11 | FG16: =FF16-FE16 -> 1 | FH16: 24 | FI16: 27 | FJ16: =FI16-FH16 -> 3 | FK16: =ROUND((FE16+FH16)/FB16*100,1) -> 42.5 | FL16: =ROUND((FF16+FI16)/FC16*100,1) -> 45.8 | FM16: 17 | FN16: =ROUND(FB16/D16,0) -> 5 | FO16: =ROUND(FC16/G16,0) -> 5 | FP16: =FO16-FN16 -> 0 | FR16: 8 | FS16: Колпашевский | FT16: 08 | FU16: =FW16+FX16+FY16+GA16 -> 152551.2 | FV16: =ROUND(FU16/G16,0) -> 8974 | FW16: 77858.9 | FX16: 66903.9 | FY16: 7709 | FZ16: 3368.9 | GA16: 79.4 | GB16: =ROUND((FW16+FX16)/FU16*100,1) -> 94.9 | GC16: 153209 | GD16: 113489 | GF16: 1654.7 | GG16: 73.7 | GH16: 1646.8
A17: 9 | B17: Кривошеинский | C17: 09 | D17: =E17+F17 -> 15 | F17: 15 | G17: =H17+I17 -> 15 | I17: 15 | J17: 662 | K17: 662 | L17: =K17-J17 -> 0 | M17: =ROUND(J17/D17,0) -> 44 | N17: =ROUND(K17/G17,0) -> 44 | O17: =N17-M17 -> 0 | P17: 15 | Q17: 15 | R17: =Q17-P17 -> 0 | S17: 2 | U17: =T17-S17 -> -2 | X17: =W17-V17 -> 0 | Y17: =ROUND((S17+V17)/P17*100,1) -> 13.3 | Z17: =ROUND((T17+W17)/Q17*100,1) -> 0 | AA17: =Z17-Y17 -> -13.3 | AD17: =AC17-AB17 -> 0 | AF17: 9 | AG17: Кривошеинский | AH17: 09 | AI17: =AJ17+AK17 -> 12.153 | AK17: 12.153 | AL17: =AM17+AN17 -> 12.1 | AN17: 12.1 | AO17: =ROUND(AI17/D17,2) -> 0.81 | AQ17: =ROUND(AK17/F17,2) -> 0.81 | AR17: =ROUND(AL17/G17,2) -> 0.81 | AT17: =ROUND(AN17/I17,2) -> 0.81 | AU17: =AR17-AO17 -> 0 | AV17: =AS17-AP17 -> 0 | AW17: =AT17-AQ17 -> 0 | AY17: 9 | AZ17: Кривошеинский | BA17: 09 | BB17: 143 | BC17: 130 | BD17: =BC17-BB17 -> -13 | BE17: 143 | BF17: 130 | BG17: =BF17-BE17 -> -13 | BH17: =ROUND(BB17/D17,0) -> 10 | BI17: =ROUND(BC17/G17,0) -> 9 | BJ17: =BI17-BH17 -> -1 | BK17: 2264 | BL17: 2111 | BM17: =BL17-BK17 -> -153 | BN17: 2264 | BO17: 2111 | BP17: =BO17-BN17 -> -153 | BQ17: =ROUND(BK17/BB17,0) -> 16 | BR17: =ROUND(BL17/BC17,0) -> 16 | BS17: =BR17-BQ17 -> 0 | BT17: 5 | BU17: 75 | BV17: 58 | BW17: =BV17-BU17 -> -17 | BX17: 75 | BY17: 58 | BZ17: =BY17-BX17 -> -17 | CA17: 1086 | CB17: 957 | CC17: =CB17-CA17 -> -129 | CD17: 1086 | CE17: 957 | CF17: =CE17-CD17 -> -129 | CG17: 72 | CH17: 68 | CI17: =CH17-CG17 -> -4 | CJ17: 72 | CK17: 68 | CL17: =CK17-CJ17 -> -4 | CM17: 41 | CN17: 36 | CO17: =CN17-CM17 -> -5 | CP17: 41 | CQ17: 36 | CR17: =CQ17-CP17 -> -5 | CS17: 1187 | CT17: 1147 | CU17: =CT17-CS17 -> -40 | CV17: 1187 | CW17: 1147 | CX17: =CW17-CV17 -> -40 | CY17: 649 | CZ17: 622 | DA17: =CZ17-CY17 -> -27 | DB17: 649 | DC17: 622 | DD17: =DC17-DB17 -> -27 | DF17: 9 | DG17: Кривошеинский | DH17: 09 | DI17: 3956 | DJ17: 4710 | DK17: =DJ17-DI17 -> 754 | DL17: 1987 | DM17: 2163 | DN17: =DM17-DL17 -> 176 | DO17: 131300 | DP17: 150692 | DQ17: =DP17-DO17 -> 19392 | DR17: 54052 | DS17: 54911 | DT17: =DS17-DR17 -> 859 | DU17: =ROUND(DI17/D17,0) -> 264 | DV17: =ROUND(DJ17/G17,0) -> 314 | DW17: =DV17-DU17 -> 50 | DX17: 2 | DY17: 500 | DZ17: 539 | EA17: =DZ17-DY17 -> 39 | EB17: 280 | EC17: 331 | ED17: =EC17-EB17 -> 51 | EE17: =ROUND(DY17/DI17*100,1) -> 12.6 | EF17: =ROUND(DZ17/DJ17*100,1) -> 11.4 | EG17: =EF17-EE17 -> -1.2 | EH17: 11751 | EI17: 11474 | EJ17: =EI17-EH17 -> -277 | EK17: 3465 | EL17: 5102 | EM17: =EL17-EK17 -> 1637 | EN17: =ROUND(EH17/DY17,0) -> 24 | EO17: =ROUND(EI17/DZ17,0) -> 21 | EP17: =EO17-EN17 -> -3 | EQ17: 16 | ES17: 9 | ET17: Кривошеинский | EU17: 09 | EV17: 56 | EW17: 51 | EX17: =EW17-EV17 -> -5 | EY17: 50 | EZ17: 44 | FA17: =EZ17-EY17 -> -6 | FB17: 36 | FC17: 34 | FD17: =FC17-FB17 -> -2 | FE17: 14 | FF17: 11 | FG17: =FF17-FE17 -> -3 | FH17: 19 | FI17: 20 | FJ17: =FI17-FH17 -> 1 | FK17: =ROUND((FE17+FH17)/FB17*100,1) -> 91.7 | FL17: =ROUND((FF17+FI17)/FC17*100,1) -> 91.2 | FM17: 5 | FN17: =ROUND(FB17/D17,0) -> 2 | FO17: =ROUND(FC17/G17,0) -> 2 | FP17: =FO17-FN17 -> 0 | FR17: 9 | FS17: Кривошеинский | FT17: 09 | FU17: =FW17+FX17+FY17+GA17 -> 44378.3 | FV17: =ROUND(FU17/G17,0) -> 2959 | FW17: 23010.6 | FX17: 17481 | FY17: 3886.7 | FZ17: 40 | GB17: =ROUND((FW17+FX17)/FU17*100,1) -> 91.2 | GC17: 44318.9 | GD17: 34200.2 | GF17: 1196.9 | GH17: 71.8
A18: 10 | B18: Молчановский | C18: 10 | D18: =E18+F18 -> 8 | F18: 8 | G18: =H18+I18 -> 8 | I18: 8 | J18: 875 | K18: 875 | L18: =K18-J18 -> 0 | M18: =ROUND(J18/D18,0) -> 109 | N18: =ROUND(K18/G18,0) -> 109 | O18: =N18-M18 -> 0 | P18: 10 | Q18: 10 | R18: =Q18-P18 -> 0 | S18: 5 | T18: 5 | U18: =T18-S18 -> 0 | X18: =W18-V18 -> 0 | Y18: =ROUND((S18+V18)/P18*100,1) -> 50 | Z18: =ROUND((T18+W18)/Q18*100,1) -> 50 | AA18: =Z18-Y18 -> 0 | AD18: =AC18-AB18 -> 0 | AF18: 10 | AG18: Молчановский | AH18: 10 | AI18: =AJ18+AK18 -> 12.274 | AK18: 12.274 | AL18: =AM18+AN18 -> 12.2 | AN18: 12.2 | AO18: =ROUND(AI18/D18,2) -> 1.53 | AQ18: =ROUND(AK18/F18,2) -> 1.53 | AR18: =ROUND(AL18/G18,2) -> 1.53 | AT18: =ROUND(AN18/I18,2) -> 1.53 | AU18: =AR18-AO18 -> 0 | AV18: =AS18-AP18 -> 0 | AW18: =AT18-AQ18 -> 0 | AY18: 10 | AZ18: Молчановский | BA18: 10 | BB18: 82 | BC18: 83 | BD18: =BC18-BB18 -> 1 | BE18: 82 | BF18: 83 | BG18: =BF18-BE18 -> 1 | BH18: =ROUND(BB18/D18,0) -> 10 | BI18: =ROUND(BC18/G18,0) -> 10 | BJ18: =BI18-BH18 -> 0 | BK18: 1589 | BL18: 1589 | BM18: =BL18-BK18 -> 0 | BN18: 1589 | BO18: 1589 | BP18: =BO18-BN18 -> 0 | BQ18: =ROUND(BK18/BB18,0) -> 19 | BR18: =ROUND(BL18/BC18,0) -> 19 | BS18: =BR18-BQ18 -> 0 | BT18: 3 | BU18: 22 | BV18: 29 | BW18: =BV18-BU18 -> 7 | BX18: 22 | BY18: 29 | BZ18: =BY18-BX18 -> 7 | CA18: 461 | CB18: 620 | CC18: =CB18-CA18 -> 159 | CD18: 461 | CE18: 620 | CF18: =CE18-CD18 -> 159 | CG18: 59 | CH18: 59 | CI18: =CH18-CG18 -> 0 | CJ18: 59 | CK18: 59 | CL18: =CK18-CJ18 -> 0 | CM18: 21 | CN18: 17 | CO18: =CN18-CM18 -> -4 | CP18: 21 | CQ18: 17 | CR18: =CQ18-CP18 -> -4 | CS18: 1062 | CT18: 1086 | CU18: =CT18-CS18 -> 24 | CV18: 1062 | CW18: 1086 | CX18: =CW18-CV18 -> 24 | CY18: 414 | CZ18: 265 | DA18: =CZ18-CY18 -> -149 | DB18: 414 | DC18: 265 | DD18: =DC18-DB18 -> -149 | DF18: 10 | DG18: Молчановский | DH18: 10 | DI18: 657 | DJ18: 816 | DK18: =DJ18-DI18 -> 159 | DL18: 246 | DM18: 326 | DN18: =DM18-DL18 -> 80 | DO18: 40103 | DP18: 42612 | DQ18: =DP18-DO18 -> 2509 | DR18: 6658 | DS18: 10381 | DT18: =DS18-DR18 -> 3723 | DU18: =ROUND(DI18/D18,0) -> 82 | DV18: =ROUND(DJ18/G18,0) -> 102 | DW18: =DV18-DU18 -> 20 | DX18: 17 | DY18: 96 | DZ18: 140 | EA18: =DZ18-DY18 -> 44 | EB18: 34 | EC18: 53 | ED18: =EC18-EB18 -> 19 | EE18: =ROUND(DY18/DI18*100,1) -> 14.6 | EF18: =ROUND(DZ18/DJ18*100,1) -> 17.2 | EG18: =EF18-EE18 -> 2.6 | EH18: 2145 | EI18: 3612 | EJ18: =EI18-EH18 -> 1467 | EK18: 762 | EL18: 1456 | EM18: =EL18-EK18 -> 694 | EN18: =ROUND(EH18/DY18,0) -> 22 | EO18: =ROUND(EI18/DZ18,0) -> 26 | EP18: =EO18-EN18 -> 4 | EQ18: 15 | ES18: 10 | ET18: Молчановский | EU18: 10 | EV18: 64 | EW18: 70 | EX18: =EW18-EV18 -> 6 | EY18: 64 | EZ18: 70 | FA18: =EZ18-EY18 -> 6 | FB18: 35 | FC18: 40 | FD18: =FC18-FB18 -> 5 | FE18: 8 | FF18: 10 | FG18: =FF18-FE18 -> 2 | FH18: 25 | FI18: 28 | FJ18: =FI18-FH18 -> 3 | FK18: =ROUND((FE18+FH18)/FB18*100,1) -> 94.3 | FL18: =ROUND((FF18+FI18)/FC18*100,1) -> 95 | FM18: 2 | FN18: =ROUND(FB18/D18,0) -> 4 | FO18: =ROUND(FC18/G18,0) -> 5 | FP18: =FO18-FN18 -> 1 | FR18: 10 | FS18: Молчановский | FT18: 10 | FU18: =FW18+FX18+FY18+GA18 -> 61835.7 | FV18: =ROUND(FU18/G18,0) -> 7729 | FW18: 27749.1 | FX18: 31376.4 | FY18: 2710.2 | FZ18: 1160.8 | GB18: =ROUND((FW18+FX18)/FU18*100,1) -> 95.6 | GC18: 61517.4 | GD18: 45969 | GE18: 2611.2 | GF18: 2461.6 | GH18: 491
A19: 11 | B19: Парабельский | C19: 11 | D19: =E19+F19 -> 12 | F19: 12 | G19: =H19+I19 -> 12 | I19: 12 | J19: 969 | K19: 969 | L19: =K19-J19 -> 0 | M19: =ROUND(J19/D19,0) -> 81 | N19: =ROUND(K19/G19,0) -> 81 | O19: =N19-M19 -> 0 | P19: 12 | Q19: 12 | R19: =Q19-P19 -> 0 | S19: 1 | T19: 1 | U19: =T19-S19 -> 0 | X19: =W19-V19 -> 0 | Y19: =ROUND((S19+V19)/P19*100,1) -> 8.3 | Z19: =ROUND((T19+W19)/Q19*100,1) -> 8.3 | AA19: =Z19-Y19 -> 0 | AB19: 1 | AC19: 1 | AD19: =AC19-AB19 -> 0 | AF19: 11 | AG19: Парабельский | AH19: 11 | AI19: =AJ19+AK19 -> 11.466 | AK19: 11.466 | AL19: =AM19+AN19 -> 11.4 | AN19: 11.4 | AO19: =ROUND(AI19/D19,2) -> 0.96 | AQ19: =ROUND(AK19/F19,2) -> 0.96 | AR19: =ROUND(AL19/G19,2) -> 0.95 | AT19: =ROUND(AN19/I19,2) -> 0.95 | AU19: =AR19-AO19 -> -0.01 | AV19: =AS19-AP19 -> 0 | AW19: =AT19-AQ19 -> -0.01 | AY19: 11 | AZ19: Парабельский | BA19: 11 | BB19: 81 | BC19: 78 | BD19: =BC19-BB19 -> -3 | BE19: 81 | BF19: 78 | BG19: =BF19-BE19 -> -3 | BH19: =ROUND(BB19/D19,0) -> 7 | BI19: =ROUND(BC19/G19,0) -> 7 | BJ19: =BI19-BH19 -> 0 | BK19: 1131 | BL19: 1096 | BM19: =BL19-BK19 -> -35 | BN19: 1131 | BO19: 1096 | BP19: =BO19-BN19 -> -35 | BQ19: =ROUND(BK19/BB19,0) -> 14 | BR19: =ROUND(BL19/BC19,0) -> 14 | BS19: =BR19-BQ19 -> 0 | BT19: 7 | BU19: 22 | BV19: 21 | BW19: =BV19-BU19 -> -1 | BX19: 22 | BY19: 21 | BZ19: =BY19-BX19 -> -1 | CA19: 241 | CB19: 252 | CC19: =CB19-CA19 -> 11 | CD19: 241 | CE19: 252 | CF19: =CE19-CD19 -> 11 | CG19: 50 | CH19: 47 | CI19: =CH19-CG19 -> -3 | CJ19: 50 | CK19: 47 | CL19: =CK19-CJ19 -> -3 | CM19: 10 | CN19: 11 | CO19: =CN19-CM19 -> 1 | CP19: 10 | CQ19: 11 | CR19: =CQ19-CP19 -> 1 | CS19: 820 | CT19: 790 | CU19: =CT19-CS19 -> -30 | CV19: 820 | CW19: 790 | CX19: =CW19-CV19 -> -30 | CY19: 127 | CZ19: 149 | DA19: =CZ19-CY19 -> 22 | DB19: 127 | DC19: 149 | DD19: =DC19-DB19 -> 22 | DF19: 11 | DG19: Парабельский | DH19: 11 | DI19: 1949 | DJ19: 2041 | DK19: =DJ19-DI19 -> 92 | DL19: 839 | DM19: 926 | DN19: =DM19-DL19 -> 87 | DO19: 75775 | DP19: 86662 | DQ19: =DP19-DO19 -> 10887 | DR19: 13693 | DS19: 18200 | DT19: =DS19-DR19 -> 4507 | DU19: =ROUND(DI19/D19,0) -> 162 | DV19: =ROUND(DJ19/G19,0) -> 170 | DW19: =DV19-DU19 -> 8 | DX19: 6 | DY19: 941 | DZ19: 910 | EA19: =DZ19-DY19 -> -31 | EB19: 395 | EC19: 379 | ED19: =EC19-EB19 -> -16 | EE19: =ROUND(DY19/DI19*100,1) -> 48.3 | EF19: =ROUND(DZ19/DJ19*100,1) -> 44.6 | EG19: =EF19-EE19 -> -3.7 | EH19: 29792 | EI19: 25105 | EJ19: =EI19-EH19 -> -4687 | EK19: 5936 | EL19: 5405 | EM19: =EL19-EK19 -> -531 | EN19: =ROUND(EH19/DY19,0) -> 32 | EO19: =ROUND(EI19/DZ19,0) -> 28 | EP19: =EO19-EN19 -> -4 | EQ19: 13 | ES19: 11 | ET19: Парабельский | EU19: 11 | EV19: 55 | EW19: 65 | EX19: =EW19-EV19 -> 10 | EY19: 55 | EZ19: 58 | FA19: =EZ19-EY19 -> 3 | FB19: 34 | FC19: 34 | FD19: =FC19-FB19 -> 0 | FE19: 13 | FF19: 9 | FG19: =FF19-FE19 -> -4 | FH19: 17 | FI19: 23 | FJ19: =FI19-FH19 -> 6 | FK19: =ROUND((FE19+FH19)/FB19*100,1) -> 88.2 | FL19: =ROUND((FF19+FI19)/FC19*100,1) -> 94.1 | FM19: 3 | FN19: =ROUND(FB19/D19,0) -> 3 | FO19: =ROUND(FC19/G19,0) -> 3 | FP19: =FO19-FN19 -> 0 | FR19: 11 | FS19: Парабельский | FT19: 11 | FU19: =FW19+FX19+FY19+GA19 -> 97674.5 | FV19: =ROUND(FU19/G19,0) -> 8140 | FW19: 29947.8 | FX19: 63611.9 | FY19: 4114.8 | FZ19: 384.8 | GB19: =ROUND((FW19+FX19)/FU19*100,1) -> 95.8 | GC19: 95322.3 | GD19: 49836.7 | GE19: 24462.4 | GF19: 3850.2 | GG19: 251 | GH19: 958.6
A20: 12 | B20: Первомайский | C20: 12 | D20: =E20+F20 -> 22 | F20: 22 | G20: =H20+I20 -> 22 | I20: 22 | J20: 1473 | K20: 1473 | L20: =K20-J20 -> 0 | M20: =ROUND(J20/D20,0) -> 67 | N20: =ROUND(K20/G20,0) -> 67 | O20: =N20-M20 -> 0 | P20: 22 | Q20: 22 | R20: =Q20-P20 -> 0 | S20: 3 | T20: 3 | U20: =T20-S20 -> 0 | V20: 1 | W20: 1 | X20: =W20-V20 -> 0 | Y20: =ROUND((S20+V20)/P20*100,1) -> 18.2 | Z20: =ROUND((T20+W20)/Q20*100,1) -> 18.2 | AA20: =Z20-Y20 -> 0 | AC20: 1 | AD20: =AC20-AB20 -> 1 | AF20: 12 | AG20: Первомайский | AH20: 12 | AI20: =AJ20+AK20 -> 16.955 | AK20: 16.955 | AL20: =AM20+AN20 -> 16.7 | AN20: 16.7 | AO20: =ROUND(AI20/D20,2) -> 0.77 | AQ20: =ROUND(AK20/F20,2) -> 0.77 | AR20: =ROUND(AL20/G20,2) -> 0.76 | AT20: =ROUND(AN20/I20,2) -> 0.76 | AU20: =AR20-AO20 -> -0.01 | AV20: =AS20-AP20 -> 0 | AW20: =AT20-AQ20 -> -0.01 | AY20: 12 | AZ20: Первомайский | BA20: 12 | BB20: 134 | BC20: 133 | BD20: =BC20-BB20 -> -1 | BE20: 134 | BF20: 133 | BG20: =BF20-BE20 -> -1 | BH20: =ROUND(BB20/D20,0) -> 6 | BI20: =ROUND(BC20/G20,0) -> 6 | BJ20: =BI20-BH20 -> 0 | BK20: 1974 | BL20: 1983 | BM20: =BL20-BK20 -> 9 | BN20: 1974 | BO20: 1983 | BP20: =BO20-BN20 -> 9 | BQ20: =ROUND(BK20/BB20,0) -> 15 | BR20: =ROUND(BL20/BC20,0) -> 15 | BS20: =BR20-BQ20 -> 0 | BT20: 6 | BU20: 43 | BV20: 42 | BW20: =BV20-BU20 -> -1 | BX20: 43 | BY20: 42 | BZ20: =BY20-BX20 -> -1 | CA20: 607 | CB20: 610 | CC20: =CB20-CA20 -> 3 | CD20: 607 | CE20: 610 | CF20: =CE20-CD20 -> 3 | CG20: 88 | CH20: 88 | CI20: =CH20-CG20 -> 0 | CJ20: 88 | CK20: 88 | CL20: =CK20-CJ20 -> 0 | CM20: 26 | CN20: 28 | CO20: =CN20-CM20 -> 2 | CP20: 26 | CQ20: 28 | CR20: =CQ20-CP20 -> 2 | CS20: 1181 | CT20: 1211 | CU20: =CT20-CS20 -> 30 | CV20: 1181 | CW20: 1211 | CX20: =CW20-CV20 -> 30 | CY20: 328 | CZ20: 354 | DA20: =CZ20-CY20 -> 26 | DB20: 328 | DC20: 354 | DD20: =DC20-DB20 -> 26 | DF20: 12 | DG20: Первомайский | DH20: 12 | DI20: 2285 | DJ20: 2744 | DK20: =DJ20-DI20 -> 459 | DL20: 859 | DM20: 1049 | DN20: =DM20-DL20 -> 190 | DO20: 141747 | DP20: 173882 | DQ20: =DP20-DO20 -> 32135 | DR20: 21527 | DS20: 25317 | DT20: =DS20-DR20 -> 3790 | DU20: =ROUND(DI20/D20,0) -> 104 | DV20: =ROUND(DJ20/G20,0) -> 125 | DW20: =DV20-DU20 -> 21 | DX20: 12 | DY20: 685 | DZ20: 825 | EA20: =DZ20-DY20 -> 140 | EB20: 130 | EC20: 175 | ED20: =EC20-EB20 -> 45 | EE20: =ROUND(DY20/DI20*100,1) -> 30 | EF20: =ROUND(DZ20/DJ20*100,1) -> 30.1 | EG20: =EF20-EE20 -> 0.1 | EH20: 11212 | EI20: 13074 | EJ20: =EI20-EH20 -> 1862 | EK20: 3063 | EL20: 3273 | EM20: =EL20-EK20 -> 210 | EN20: =ROUND(EH20/DY20,0) -> 16 | EO20: =ROUND(EI20/DZ20,0) -> 16 | EP20: =EO20-EN20 -> 0 | EQ20: 18 | ES20: 12 | ET20: Первомайский | EU20: 12 | EV20: 88 | EW20: 91 | EX20: =EW20-EV20 -> 3 | EY20: 88 | EZ20: 91 | FA20: =EZ20-EY20 -> 3 | FB20: 60 | FC20: 58 | FD20: =FC20-FB20 -> -2 | FE20: 3 | FF20: 3 | FG20: =FF20-FE20 -> 0 | FH20: 20 | FI20: 19 | FJ20: =FI20-FH20 -> -1 | FK20: =ROUND((FE20+FH20)/FB20*100,1) -> 38.3 | FL20: =ROUND((FF20+FI20)/FC20*100,1) -> 37.9 | FM20: 19 | FN20: =ROUND(FB20/D20,0) -> 3 | FO20: =ROUND(FC20/G20,0) -> 3 | FP20: =FO20-FN20 -> 0 | FR20: 12 | FS20: Первомайский | FT20: 12 | FU20: =FW20+FX20+FY20+GA20 -> 78954.6 | FV20: =ROUND(FU20/G20,0) -> 3589 | FW20: 70214.9 | FY20: 8461.6 | FZ20: 5450 | GA20: 278.1 | GB20: =ROUND((FW20+FX20)/FU20*100,1) -> 88.9 | GC20: 78954.6 | GD20: 43646.8 | GF20: 9286 | GH20: 2137.5
A21: 13 | B21: Тегульдетский | C21: 13 | D21: =E21+F21 -> 6 | F21: 6 | G21: =H21+I21 -> 6 | I21: 6 | J21: 372 | K21: 372 | L21: =K21-J21 -> 0 | M21: =ROUND(J21/D21,0) -> 62 | N21: =ROUND(K21/G21,0) -> 62 | O21: =N21-M21 -> 0 | P21: 6 | Q21: 6 | R21: =Q21-P21 -> 0 | S21: 1 | T21: 1 | U21: =T21-S21 -> 0 | X21: =W21-V21 -> 0 | Y21: =ROUND((S21+V21)/P21*100,1) -> 16.7 | Z21: =ROUND((T21+W21)/Q21*100,1) -> 16.7 | AA21: =Z21-Y21 -> 0 | AB21: 1 | AC21: 1 | AD21: =AC21-AB21 -> 0 | AF21: 13 | AG21: Тегульдетский | AH21: 13 | AI21: =AJ21+AK21 -> 6.427 | AK21: 6.427 | AL21: =AM21+AN21 -> 6.4 | AN21: 6.4 | AO21: =ROUND(AI21/D21,2) -> 1.07 | AQ21: =ROUND(AK21/F21,2) -> 1.07 | AR21: =ROUND(AL21/G21,2) -> 1.07 | AT21: =ROUND(AN21/I21,2) -> 1.07 | AU21: =AR21-AO21 -> 0 | AV21: =AS21-AP21 -> 0 | AW21: =AT21-AQ21 -> 0 | AY21: 13 | AZ21: Тегульдетский | BA21: 13 | BB21: 26 | BC21: 27 | BD21: =BC21-BB21 -> 1 | BE21: 26 | BF21: 27 | BG21: =BF21-BE21 -> 1 | BH21: =ROUND(BB21/D21,0) -> 4 | BI21: =ROUND(BC21/G21,0) -> 5 | BJ21: =BI21-BH21 -> 1 | BK21: 470 | BL21: 475 | BM21: =BL21-BK21 -> 5 | BN21: 470 | BO21: 475 | BP21: =BO21-BN21 -> 5 | BQ21: =ROUND(BK21/BB21,0) -> 18 | BR21: =ROUND(BL21/BC21,0) -> 18 | BS21: =BR21-BQ21 -> 0 | BT21: 4 | BU21: 12 | BV21: 12 | BW21: =BV21-BU21 -> 0 | BX21: 12 | BY21: 12 | BZ21: =BY21-BX21 -> 0 | CA21: 241 | CB21: 247 | CC21: =CB21-CA21 -> 6 | CD21: 241 | CE21: 247 | CF21: =CE21-CD21 -> 6 | CG21: 12 | CH21: 13 | CI21: =CH21-CG21 -> 1 | CJ21: 12 | CK21: 13 | CL21: =CK21-CJ21 -> 1 | CM21: 6 | CN21: 8 | CO21: =CN21-CM21 -> 2 | CP21: 6 | CQ21: 8 | CR21: =CQ21-CP21 -> 2 | CS21: 288 | CT21: 308 | CU21: =CT21-CS21 -> 20 | CV21: 288 | CW21: 308 | CX21: =CW21-CV21 -> 20 | CY21: 163 | CZ21: 196 | DA21: =CZ21-CY21 -> 33 | DB21: 163 | DC21: 196 | DD21: =DC21-DB21 -> 33 | DF21: 13 | DG21: Тегульдетский | DH21: 13 | DI21: 787 | DJ21: 995 | DK21: =DJ21-DI21 -> 208 | DL21: 350 | DM21: 393 | DN21: =DM21-DL21 -> 43 | DO21: 51114 | DP21: 76302 | DQ21: =DP21-DO21 -> 25188 | DR21: 5270 | DS21: 14047 | DT21: =DS21-DR21 -> 8777 | DU21: =ROUND(DI21/D21,0) -> 131 | DV21: =ROUND(DJ21/G21,0) -> 166 | DW21: =DV21-DU21 -> 35 | DX21: 7 | DY21: 160 | DZ21: 319 | EA21: =DZ21-DY21 -> 159 | EB21: 26 | EC21: 100 | ED21: =EC21-EB21 -> 74 | EE21: =ROUND(DY21/DI21*100,1) -> 20.3 | EF21: =ROUND(DZ21/DJ21*100,1) -> 32.1 | EG21: =EF21-EE21 -> 11.8 | EH21: 3335 | EI21: 8836 | EJ21: =EI21-EH21 -> 5501 | EK21: 957 | EL21: 1590 | EM21: =EL21-EK21 -> 633 | EN21: =ROUND(EH21/DY21,0) -> 21 | EO21: =ROUND(EI21/DZ21,0) -> 28 | EP21: =EO21-EN21 -> 7 | EQ21: 13 | ES21: 13 | ET21: Тегульдетский | EU21: 13 | EV21: 36 | EW21: 36 | EX21: =EW21-EV21 -> 0 | EY21: 36 | EZ21: 36 | FA21: =EZ21-EY21 -> 0 | FB21: 15 | FC21: 15 | FD21: =FC21-FB21 -> 0 | FE21: 2 | FF21: 3 | FG21: =FF21-FE21 -> 1 | FH21: 7 | FI21: 6 | FJ21: =FI21-FH21 -> -1 | FK21: =ROUND((FE21+FH21)/FB21*100,1) -> 60 | FL21: =ROUND((FF21+FI21)/FC21*100,1) -> 60 | FM21: 15 | FN21: =ROUND(FB21/D21,0) -> 3 | FO21: =ROUND(FC21/G21,0) -> 3 | FP21: =FO21-FN21 -> 0 | FR21: 13 | FS21: Тегульдетский | FT21: 13 | FU21: =FW21+FX21+FY21+GA21 -> 37149.7 | FV21: =ROUND(FU21/G21,0) -> 6192 | FW21: 25630.7 | FX21: 10628.1 | FY21: 879.3 | GA21: 11.6 | GB21: =ROUND((FW21+FX21)/FU21*100,1) -> 97.6 | GC21: 34587.2 | GD21: 23144.6 | GF21: 835.9 | GH21: 69.1
A22: 14 | B22: Томский | C22: 14 | D22: =E22+F22 -> 39 | F22: 39 | G22: =H22+I22 -> 39 | I22: 39 | J22: 5827 | K22: 5827 | L22: =K22-J22 -> 0 | M22: =ROUND(J22/D22,0) -> 149 | N22: =ROUND(K22/G22,0) -> 149 | O22: =N22-M22 -> 0 | P22: 42 | Q22: 43 | R22: =Q22-P22 -> 1 | S22: 11 | T22: 10 | U22: =T22-S22 -> -1 | V22: 1 | W22: 1 | X22: =W22-V22 -> 0 | Y22: =ROUND((S22+V22)/P22*100,1) -> 28.6 | Z22: =ROUND((T22+W22)/Q22*100,1) -> 25.6 | AA22: =Z22-Y22 -> -3 | AB22: 1 | AC22: 2 | AD22: =AC22-AB22 -> 1 | AF22: 14 | AG22: Томский | AH22: 14 | AI22: =AJ22+AK22 -> 88.816 | AK22: 88.816 | AL22: =AM22+AN22 -> 88.8 | AN22: 88.8 | AO22: =ROUND(AI22/D22,2) -> 2.28 | AQ22: =ROUND(AK22/F22,2) -> 2.28 | AR22: =ROUND(AL22/G22,2) -> 2.28 | AT22: =ROUND(AN22/I22,2) -> 2.28 | AU22: =AR22-AO22 -> 0 | AV22: =AS22-AP22 -> 0 | AW22: =AT22-AQ22 -> 0 | AY22: 14 | AZ22: Томский | BA22: 14 | BB22: 332 | BC22: 346 | BD22: =BC22-BB22 -> 14 | BE22: 332 | BF22: 346 | BG22: =BF22-BE22 -> 14 | BH22: =ROUND(BB22/D22,0) -> 9 | BI22: =ROUND(BC22/G22,0) -> 9 | BJ22: =BI22-BH22 -> 0 | BK22: 4233 | BL22: 4311 | BM22: =BL22-BK22 -> 78 | BN22: 4233 | BO22: 4311 | BP22: =BO22-BN22 -> 78 | BQ22: =ROUND(BK22/BB22,0) -> 13 | BR22: =ROUND(BL22/BC22,0) -> 12 | BS22: =BR22-BQ22 -> -1 | BT22: 9 | BU22: 175 | BV22: 171 | BW22: =BV22-BU22 -> -4 | BX22: 175 | BY22: 171 | BZ22: =BY22-BX22 -> -4 | CA22: 2263 | CB22: 2142 | CC22: =CB22-CA22 -> -121 | CD22: 2263 | CE22: 2142 | CF22: =CE22-CD22 -> -121 | CG22: 195 | CH22: 224 | CI22: =CH22-CG22 -> 29 | CJ22: 195 | CK22: 224 | CL22: =CK22-CJ22 -> 29 | CM22: 100 | CN22: 108 | CO22: =CN22-CM22 -> 8 | CP22: 100 | CQ22: 108 | CR22: =CQ22-CP22 -> 8 | CS22: 2377 | CT22: 2627 | CU22: =CT22-CS22 -> 250 | CV22: 2377 | CW22: 2627 | CX22: =CW22-CV22 -> 250 | CY22: 1320 | CZ22: 1366 | DA22: =CZ22-CY22 -> 46 | DB22: 1320 | DC22: 1366 | DD22: =DC22-DB22 -> 46 | DF22: 14 | DG22: Томский | DH22: 14 | DI22: 3289 | DJ22: 3263 | DK22: =DJ22-DI22 -> -26 | DL22: 1571 | DM22: 1655 | DN22: =DM22-DL22 -> 84 | DO22: 214749 | DP22: 238825 | DQ22: =DP22-DO22 -> 24076 | DR22: 65337 | DS22: 70505 | DT22: =DS22-DR22 -> 5168 | DU22: =ROUND(DI22/D22,0) -> 84 | DV22: =ROUND(DJ22/G22,0) -> 84 | DW22: =DV22-DU22 -> 0 | DX22: 19 | DY22: 59 | DZ22: 130 | EA22: =DZ22-DY22 -> 71 | EB22: 18 | EC22: 37 | ED22: =EC22-EB22 -> 19 | EE22: =ROUND(DY22/DI22*100,1) -> 1.8 | EF22: =ROUND(DZ22/DJ22*100,1) -> 4 | EG22: =EF22-EE22 -> 2.2 | EH22: 3399 | EI22: 5286 | EJ22: =EI22-EH22 -> 1887 | EK22: 602 | EL22: 1713 | EM22: =EL22-EK22 -> 1111 | EN22: =ROUND(EH22/DY22,0) -> 58 | EO22: =ROUND(EI22/DZ22,0) -> 41 | EP22: =EO22-EN22 -> -17 | EQ22: 9 | ES22: 14 | ET22: Томский | EU22: 14 | EV22: 286 | EW22: 281 | EX22: =EW22-EV22 -> -5 | EY22: 232 | EZ22: 242 | FA22: =EZ22-EY22 -> 10 | FB22: 157 | FC22: 163 | FD22: =FC22-FB22 -> 6 | FE22: 66 | FF22: 65 | FG22: =FF22-FE22 -> -1 | FH22: 73 | FI22: 75 | FJ22: =FI22-FH22 -> 2 | FK22: =ROUND((FE22+FH22)/FB22*100,1) -> 88.5 | FL22: =ROUND((FF22+FI22)/FC22*100,1) -> 85.9 | FM22: 7 | FN22: =ROUND(FB22/D22,0) -> 4 | FO22: =ROUND(FC22/G22,0) -> 4 | FP22: =FO22-FN22 -> 0 | FR22: 14 | FS22: Томский | FT22: 14 | FU22: =FW22+FX22+FY22+GA22 -> 192398.9 | FV22: =ROUND(FU22/G22,0) -> 4933 | FW22: 113915.7 | FX22: 75762.7 | FY22: 1990.7 | FZ22: 1380 | GA22: 729.8 | GB22: =ROUND((FW22+FX22)/FU22*100,1) -> 98.6 | GC22: 188413.4 | GD22: 124098 | GE22: 2853.9 | GF22: 2994.4 | GG22: 554 | GH22: 4478.5
A23: 15 | B23: Чаинский | C23: 15 | D23: =E23+F23 -> 14 | F23: 14 | G23: =H23+I23 -> 14 | I23: 14 | J23: 1726 | K23: 1686 | L23: =K23-J23 -> -40 | M23: =ROUND(J23/D23,0) -> 123 | N23: =ROUND(K23/G23,0) -> 120 | O23: =N23-M23 -> -3 | P23: 14 | Q23: 14 | R23: =Q23-P23 -> 0 | S23: 2 | T23: 2 | U23: =T23-S23 -> 0 | X23: =W23-V23 -> 0 | Y23: =ROUND((S23+V23)/P23*100,1) -> 14.3 | Z23: =ROUND((T23+W23)/Q23*100,1) -> 14.3 | AA23: =Z23-Y23 -> 0 | AD23: =AC23-AB23 -> 0 | AF23: 15 | AG23: Чаинский | AH23: 15 | AI23: =AJ23+AK23 -> 11.717 | AK23: 11.717 | AL23: =AM23+AN23 -> 11.7 | AN23: 11.7 | AO23: =ROUND(AI23/D23,2) -> 0.84 | AQ23: =ROUND(AK23/F23,2) -> 0.84 | AR23: =ROUND(AL23/G23,2) -> 0.84 | AT23: =ROUND(AN23/I23,2) -> 0.84 | AU23: =AR23-AO23 -> 0 | AV23: =AS23-AP23 -> 0 | AW23: =AT23-AQ23 -> 0 | AY23: 15 | AZ23: Чаинский | BA23: 15 | BB23: 86 | BC23: 89 | BD23: =BC23-BB23 -> 3 | BE23: 86 | BF23: 89 | BG23: =BF23-BE23 -> 3 | BH23: =ROUND(BB23/D23,0) -> 6 | BI23: =ROUND(BC23/G23,0) -> 6 | BJ23: =BI23-BH23 -> 0 | BK23: 1172 | BL23: 1175 | BM23: =BL23-BK23 -> 3 | BN23: 1172 | BO23: 1175 | BP23: =BO23-BN23 -> 3 | BQ23: =ROUND(BK23/BB23,0) -> 14 | BR23: =ROUND(BL23/BC23,0) -> 13 | BS23: =BR23-BQ23 -> -1 | BT23: 8 | BU23: 23 | BV23: 24 | BW23: =BV23-BU23 -> 1 | BX23: 23 | BY23: 24 | BZ23: =BY23-BX23 -> 1 | CA23: 316 | CB23: 349 | CC23: =CB23-CA23 -> 33 | CD23: 316 | CE23: 349 | CF23: =CE23-CD23 -> 33 | CG23: 65 | CH23: 53 | CI23: =CH23-CG23 -> -12 | CJ23: 65 | CK23: 53 | CL23: =CK23-CJ23 -> -12 | CM23: 18 | CN23: 16 | CO23: =CN23-CM23 -> -2 | CP23: 18 | CQ23: 16 | CR23: =CQ23-CP23 -> -2 | CS23: 892 | CT23: 700 | CU23: =CT23-CS23 -> -192 | CV23: 892 | CW23: 700 | CX23: =CW23-CV23 -> -192 | CY23: 218 | CZ23: 209 | DA23: =CZ23-CY23 -> -9 | DB23: 218 | DC23: 209 | DD23: =DC23-DB23 -> -9 | DF23: 15 | DG23: Чаинский | DH23: 15 | DI23: 991 | DJ23: 1510 | DK23: =DJ23-DI23 -> 519 | DL23: 271 | DM23: 290 | DN23: =DM23-DL23 -> 19 | DO23: 88102 | DP23: 120331 | DQ23: =DP23-DO23 -> 32229 | DR23: 6807 | DS23: 11078 | DT23: =DS23-DR23 -> 4271 | DU23: =ROUND(DI23/D23,0) -> 71 | DV23: =ROUND(DJ23/G23,0) -> 108 | DW23: =DV23-DU23 -> 37 | DX23: 16 | DY23: 326 | DZ23: 383 | EA23: =DZ23-DY23 -> 57 | EB23: 60 | EC23: 75 | ED23: =EC23-EB23 -> 15 | EE23: =ROUND(DY23/DI23*100,1) -> 32.9 | EF23: =ROUND(DZ23/DJ23*100,1) -> 25.4 | EG23: =EF23-EE23 -> -7.5 | EH23: 18862 | EI23: 33364 | EJ23: =EI23-EH23 -> 14502 | EK23: 1375 | EL23: 2954 | EM23: =EL23-EK23 -> 1579 | EN23: =ROUND(EH23/DY23,0) -> 58 | EO23: =ROUND(EI23/DZ23,0) -> 87 | EP23: =EO23-EN23 -> 29 | EQ23: 5 | ES23: 15 | ET23: Чаинский | EU23: 15 | EV23: 61 | EW23: 62 | EX23: =EW23-EV23 -> 1 | EY23: 56 | EZ23: 55 | FA23: =EZ23-EY23 -> -1 | FB23: 32 | FC23: 32 | FD23: =FC23-FB23 -> 0 | FE23: 6 | FF23: 6 | FG23: =FF23-FE23 -> 0 | FH23: 18 | FI23: 17 | FJ23: =FI23-FH23 -> -1 | FK23: =ROUND((FE23+FH23)/FB23*100,1) -> 75 | FL23: =ROUND((FF23+FI23)/FC23*100,1) -> 71.9 | FM23: 12 | FN23: =ROUND(FB23/D23,0) -> 2 | FO23: =ROUND(FC23/G23,0) -> 2 | FP23: =FO23-FN23 -> 0 | FR23: 15 | FS23: Чаинский | FT23: 15 | FU23: =FW23+FX23+FY23+GA23 -> 46551.5 | FV23: =ROUND(FU23/G23,0) -> 3325 | FW23: 29028.4 | FX23: 16703.4 | FY23: 792.4 | GA23: 27.3 | GB23: =ROUND((FW23+FX23)/FU23*100,1) -> 98.2 | GC23: 46240.1 | GD23: 37859.8 | GE23: 35.5 | GF23: 322.2 | GH23: 42.3
A24: 16 | B24: Шегарский | C24: 16 | D24: =E24+F24 -> 14 | F24: 14 | G24: =H24+I24 -> 12 | I24: 12 | J24: 1032 | K24: 1062 | L24: =K24-J24 -> 30 | M24: =ROUND(J24/D24,0) -> 74 | N24: =ROUND(K24/G24,0) -> 89 | O24: =N24-M24 -> 15 | P24: 13 | Q24: 12 | R24: =Q24-P24 -> -1 | S24: 8 | T24: 7 | U24: =T24-S24 -> -1 | X24: =W24-V24 -> 0 | Y24: =ROUND((S24+V24)/P24*100,1) -> 61.5 | Z24: =ROUND((T24+W24)/Q24*100,1) -> 58.3 | AA24: =Z24-Y24 -> -3.2 | AD24: =AC24-AB24 -> 0 | AF24: 16 | AG24: Шегарский | AH24: 16 | AI24: =AJ24+AK24 -> 19.922 | AK24: 19.922 | AL24: =AM24+AN24 -> 19.9 | AN24: 19.9 | AO24: =ROUND(AI24/D24,2) -> 1.42 | AQ24: =ROUND(AK24/F24,2) -> 1.42 | AR24: =ROUND(AL24/G24,2) -> 1.66 | AT24: =ROUND(AN24/I24,2) -> 1.66 | AU24: =AR24-AO24 -> 0.24 | AV24: =AS24-AP24 -> 0 | AW24: =AT24-AQ24 -> 0.24 | AY24: 16 | AZ24: Шегарский | BA24: 16 | BB24: 55 | BC24: 47 | BD24: =BC24-BB24 -> -8 | BE24: 55 | BF24: 47 | BG24: =BF24-BE24 -> -8 | BH24: =ROUND(BB24/D24,0) -> 4 | BI24: =ROUND(BC24/G24,0) -> 4 | BJ24: =BI24-BH24 -> 0 | BK24: 698 | BL24: 640 | BM24: =BL24-BK24 -> -58 | BN24: 698 | BO24: 640 | BP24: =BO24-BN24 -> -58 | BQ24: =ROUND(BK24/BB24,0) -> 13 | BR24: =ROUND(BL24/BC24,0) -> 14 | BS24: =BR24-BQ24 -> 1 | BT24: 7 | BU24: 34 | BV24: 27 | BW24: =BV24-BU24 -> -7 | BX24: 34 | BY24: 27 | BZ24: =BY24-BX24 -> -7 | CA24: 446 | CB24: 381 | CC24: =CB24-CA24 -> -65 | CD24: 446 | CE24: 381 | CF24: =CE24-CD24 -> -65 | CG24: 26 | CH24: 23 | CI24: =CH24-CG24 -> -3 | CJ24: 26 | CK24: 23 | CL24: =CK24-CJ24 -> -3 | CM24: 15 | CN24: 11 | CO24: =CN24-CM24 -> -4 | CP24: 15 | CQ24: 11 | CR24: =CQ24-CP24 -> -4 | CS24: 343 | CT24: 311 | CU24: =CT24-CS24 -> -32 | CV24: 343 | CW24: 311 | CX24: =CW24-CV24 -> -32 | CY24: 212 | CZ24: 164 | DA24: =CZ24-CY24 -> -48 | DB24: 212 | DC24: 164 | DD24: =DC24-DB24 -> -48 | DF24: 16 | DG24: Шегарский | DH24: 16 | DI24: 1624 | DJ24: 1751 | DK24: =DJ24-DI24 -> 127 | DL24: 968 | DM24: 1007 | DN24: =DM24-DL24 -> 39 | DO24: 61671 | DP24: 77200 | DQ24: =DP24-DO24 -> 15529 | DR24: 17293 | DS24: 24494 | DT24: =DS24-DR24 -> 7201 | DU24: =ROUND(DI24/D24,0) -> 116 | DV24: =ROUND(DJ24/G24,0) -> 146 | DW24: =DV24-DU24 -> 30 | DX24: 9 | DY24: 286 | DZ24: 452 | EA24: =DZ24-DY24 -> 166 | EB24: 155 | EC24: 213 | ED24: =EC24-EB24 -> 58 | EE24: =ROUND(DY24/DI24*100,1) -> 17.6 | EF24: =ROUND(DZ24/DJ24*100,1) -> 25.8 | EG24: =EF24-EE24 -> 8.2 | EH24: 4356 | EI24: 8163 | EJ24: =EI24-EH24 -> 3807 | EK24: 2434 | EL24: 3727 | EM24: =EL24-EK24 -> 1293 | EN24: =ROUND(EH24/DY24,0) -> 15 | EO24: =ROUND(EI24/DZ24,0) -> 18 | EP24: =EO24-EN24 -> 3 | EQ24: 17 | ES24: 16 | ET24: Шегарский | EU24: 16 | EV24: 49 | EW24: 46 | EX24: =EW24-EV24 -> -3 | EY24: 49 | EZ24: 46 | FA24: =EZ24-EY24 -> -3 | FB24: 33 | FC24: 29 | FD24: =FC24-FB24 -> -4 | FE24: 1 | FF24: 3 | FG24: =FF24-FE24 -> 2 | FH24: 21 | FI24: 20 | FJ24: =FI24-FH24 -> -1 | FK24: =ROUND((FE24+FH24)/FB24*100,1) -> 66.7 | FL24: =ROUND((FF24+FI24)/FC24*100,1) -> 79.3 | FM24: 10 | FN24: =ROUND(FB24/D24,0) -> 2 | FO24: =ROUND(FC24/G24,0) -> 2 | FP24: =FO24-FN24 -> 0 | FR24: 16 | FS24: Шегарский | FT24: 16 | FU24: =FW24+FX24+FY24+GA24 -> 35561.9 | FV24: =ROUND(FU24/G24,0) -> 2963 | FW24: 18419.8 | FX24: 16493.4 | FY24: 648.7 | GB24: =ROUND((FW24+FX24)/FU24*100,1) -> 98.2 | GC24: 35055.4 | GD24: 29486.1 | GF24: 1956.3 | GH24: 587.6
A25: 17 | B25: г.Кедровый | C25: 17 | D25: =E25+F25 -> 2 | E25: 1 | F25: 1 | G25: =H25+I25 -> 2 | H25: 1 | I25: 1 | J25: 162 | K25: 162 | L25: =K25-J25 -> 0 | M25: =ROUND(J25/D25,0) -> 81 | N25: =ROUND(K25/G25,0) -> 81 | O25: =N25-M25 -> 0 | P25: 2 | Q25: 2 | R25: =Q25-P25 -> 0 | S25: 2 | T25: 2 | U25: =T25-S25 -> 0 | X25: =W25-V25 -> 0 | Y25: =ROUND((S25+V25)/P25*100,1) -> 100 | Z25: =ROUND((T25+W25)/Q25*100,1) -> 100 | AA25: =Z25-Y25 -> 0 | AD25: =AC25-AB25 -> 0 | AF25: 17 | AG25: г.Кедровый | AH25: 17 | AI25: =AJ25+AK25 -> 2.638 | AJ25: 1.796 | AK25: 0.842 | AL25: =AM25+AN25 -> 2.6 | AM25: 1.8 | AN25: 0.8 | AO25: =ROUND(AI25/D25,2) -> 1.32 | AP25: =ROUND(AJ25/E25,2) -> 1.8 | AQ25: =ROUND(AK25/F25,2) -> 0.84 | AR25: =ROUND(AL25/G25,2) -> 1.3 | AS25: =ROUND(AM25/H25,2) -> 1.8 | AT25: =ROUND(AN25/I25,2) -> 0.8 | AU25: =AR25-AO25 -> -0.02 | AV25: =AS25-AP25 -> 0 | AW25: =AT25-AQ25 -> -0.04 | AY25: 17 | AZ25: г.Кедровый | BA25: 17 | BB25: 8 | BC25: 8 | BD25: =BC25-BB25 -> 0 | BE25: 4 | BF25: 4 | BG25: =BF25-BE25 -> 0 | BH25: =ROUND(BB25/D25,0) -> 4 | BI25: =ROUND(BC25/G25,0) -> 4 | BJ25: =BI25-BH25 -> 0 | BK25: 89 | BL25: 95 | BM25: =BL25-BK25 -> 6 | BN25: 46 | BO25: 47 | BP25: =BO25-BN25 -> 1 | BQ25: =ROUND(BK25/BB25,0) -> 11 | BR25: =ROUND(BL25/BC25,0) -> 12 | BS25: =BR25-BQ25 -> 1 | BT25: 9 | BU25: 3 | BV25: 2 | BW25: =BV25-BU25 -> -1 | BX25: 1 | BY25: 1 | BZ25: =BY25-BX25 -> 0 | CA25: 28 | CB25: 35 | CC25: =CB25-CA25 -> 7 | CD25: 5 | CE25: 12 | CF25: =CE25-CD25 -> 7 | CG25: 6 | CH25: 6 | CI25: =CH25-CG25 -> 0 | CJ25: 3 | CK25: 3 | CL25: =CK25-CJ25 -> 0 | CM25: 3 | CN25: 2 | CO25: =CN25-CM25 -> -1 | CP25: 1 | CQ25: 1 | CR25: =CQ25-CP25 -> 0 | CS25: 59 | CT25: 72 | CU25: =CT25-CS25 -> 13 | CV25: 26 | CW25: 35 | CX25: =CW25-CV25 -> 9 | CY25: 28 | CZ25: 35 | DA25: =CZ25-CY25 -> 7 | DB25: 5 | DC25: 12 | DD25: =DC25-DB25 -> 7 | DF25: 17 | DG25: г.Кедровый | DH25: 17 | DI25: 206 | DJ25: 234 | DK25: =DJ25-DI25 -> 28 | DL25: 103 | DM25: 119 | DN25: =DM25-DL25 -> 16 | DO25: 10646 | DP25: 13743 | DQ25: =DP25-DO25 -> 3097 | DR25: 2919 | DS25: 4695 | DT25: =DS25-DR25 -> 1776 | DU25: =ROUND(DI25/D25,0) -> 103 | DV25: =ROUND(DJ25/G25,0) -> 117 | DW25: =DV25-DU25 -> 14 | DX25: 15 | DY25: 43 | DZ25: 42 | EA25: =DZ25-DY25 -> -1 | EB25: 16 | EC25: 11 | ED25: =EC25-EB25 -> -5 | EE25: =ROUND(DY25/DI25*100,1) -> 20.9 | EF25: =ROUND(DZ25/DJ25*100,1) -> 17.9 | EG25: =EF25-EE25 -> -3 | EH25: 1279 | EI25: 1572 | EJ25: =EI25-EH25 -> 293 | EK25: 365 | EL25: 407 | EM25: =EL25-EK25 -> 42 | EN25: =ROUND(EH25/DY25,0) -> 30 | EO25: =ROUND(EI25/DZ25,0) -> 37 | EP25: =EO25-EN25 -> 7 | EQ25: 11 | ES25: 17 | ET25: г.Кедровый | EU25: 17 | EV25: 17 | EW25: 18 | EX25: =EW25-EV25 -> 1 | EY25: 16 | EZ25: 17 | FA25: =EZ25-EY25 -> 1 | FB25: 8 | FC25: 9 | FD25: =FC25-FB25 -> 1 | FE25: 2 | FF25: 4 | FG25: =FF25-FE25 -> 2 | FH25: 3 | FI25: 3 | FJ25: =FI25-FH25 -> 0 | FK25: =ROUND((FE25+FH25)/FB25*100,1) -> 62.5 | FL25: =ROUND((FF25+FI25)/FC25*100,1) -> 77.8 | FM25: 11 | FN25: =ROUND(FB25/D25,0) -> 4 | FO25: =ROUND(FC25/G25,0) -> 5 | FP25: =FO25-FN25 -> 1 | FR25: 17 | FS25: г.Кедровый | FT25: 17 | FU25: =FW25+FX25+FY25+GA25 -> 20038.3 | FV25: =ROUND(FU25/G25,0) -> 10019 | FW25: 9248.8 | FX25: 9014.5 | FY25: 1775 | FZ25: 1545 | GB25: =ROUND((FW25+FX25)/FU25*100,1) -> 91.1 | GC25: 19899.9 | GD25: 14328.5 | GF25: 3021.9 | GH25: 213.9
A26: 18 | B26: г.Стрежевой | C26: 18 | D26: =E26+F26 -> 1 | E26: 1 | G26: =H26+I26 -> 1 | H26: 1 | J26: 385 | K26: 385 | L26: =K26-J26 -> 0 | M26: =ROUND(J26/D26,0) -> 385 | N26: =ROUND(K26/G26,0) -> 385 | O26: =N26-M26 -> 0 | P26: 4 | Q26: 5 | R26: =Q26-P26 -> 1 | U26: =T26-S26 -> 0 | X26: =W26-V26 -> 0 | Y26: =ROUND((S26+V26)/P26*100,1) -> 0 | Z26: =ROUND((T26+W26)/Q26*100,1) -> 0 | AA26: =Z26-Y26 -> 0 | AD26: =AC26-AB26 -> 0 | AF26: 18 | AG26: г.Стрежевой | AH26: 18 | AI26: =AJ26+AK26 -> 38.905 | AJ26: 38.905 | AL26: =AM26+AN26 -> 38.1 | AM26: 38.1 | AO26: =ROUND(AI26/D26,2) -> 38.91 | AP26: =ROUND(AJ26/E26,2) -> 38.91 | AR26: =ROUND(AL26/G26,2) -> 38.1 | AS26: =ROUND(AM26/H26,2) -> 38.1 | AU26: =AR26-AO26 -> -0.81 | AV26: =AS26-AP26 -> -0.81 | AW26: =AT26-AQ26 -> 0 | AY26: 18 | AZ26: г.Стрежевой | BA26: 18 | BB26: 46 | BC26: 44 | BD26: =BC26-BB26 -> -2 | BG26: =BF26-BE26 -> 0 | BH26: =ROUND(BB26/D26,0) -> 46 | BI26: =ROUND(BC26/G26,0) -> 44 | BJ26: =BI26-BH26 -> -2 | BK26: 837 | BL26: 846 | BM26: =BL26-BK26 -> 9 | BP26: =BO26-BN26 -> 0 | BQ26: =ROUND(BK26/BB26,0) -> 18 | BR26: =ROUND(BL26/BC26,0) -> 19 | BS26: =BR26-BQ26 -> 1 | BT26: 3 | BU26: 20 | BV26: 20 | BW26: =BV26-BU26 -> 0 | BZ26: =BY26-BX26 -> 0 | CA26: 328 | CB26: 382 | CC26: =CB26-CA26 -> 54 | CF26: =CE26-CD26 -> 0 | CG26: 30 | CH26: 27 | CI26: =CH26-CG26 -> -3 | CL26: =CK26-CJ26 -> 0 | CM26: 14 | CN26: 13 | CO26: =CN26-CM26 -> -1 | CR26: =CQ26-CP26 -> 0 | CS26: 448 | CT26: 410 | CU26: =CT26-CS26 -> -38 | CX26: =CW26-CV26 -> 0 | CY26: 212 | CZ26: 199 | DA26: =CZ26-CY26 -> -13 | DD26: =DC26-DB26 -> 0 | DF26: 18 | DG26: г.Стрежевой | DH26: 18 | DI26: 432 | DJ26: 567 | DK26: =DJ26-DI26 -> 135 | DL26: 225 | DM26: 196 | DN26: =DM26-DL26 -> -29 | DO26: 236056 | DP26: 257515 | DQ26: =DP26-DO26 -> 21459 | DR26: 23481 | DS26: 30565 | DT26: =DS26-DR26 -> 7084 | DU26: =ROUND(DI26/D26,0) -> 432 | DV26: =ROUND(DJ26/G26,0) -> 567 | DW26: =DV26-DU26 -> 135 | DX26: 1 | DY26: 38 | DZ26: 68 | EA26: =DZ26-DY26 -> 30 | EB26: 9 | EC26: 16 | ED26: =EC26-EB26 -> 7 | EE26: =ROUND(DY26/DI26*100,1) -> 8.8 | EF26: =ROUND(DZ26/DJ26*100,1) -> 12 | EG26: =EF26-EE26 -> 3.2 | EH26: 12698 | EI26: 20449 | EJ26: =EI26-EH26 -> 7751 | EK26: 3395 | EL26: 4963 | EM26: =EL26-EK26 -> 1568 | EN26: =ROUND(EH26/DY26,0) -> 334 | EO26: =ROUND(EI26/DZ26,0) -> 301 | EP26: =EO26-EN26 -> -33 | EQ26: 1 | ES26: 18 | ET26: г.Стрежевой | EU26: 18 | EV26: 33 | EW26: 33 | EX26: =EW26-EV26 -> 0 | EY26: 33 | EZ26: 33 | FA26: =EZ26-EY26 -> 0 | FB26: 29 | FC26: 31 | FD26: =FC26-FB26 -> 2 | FE26: 11 | FF26: 16 | FG26: =FF26-FE26 -> 5 | FH26: 11 | FI26: 10 | FJ26: =FI26-FH26 -> -1 | FK26: =ROUND((FE26+FH26)/FB26*100,1) -> 75.9 | FL26: =ROUND((FF26+FI26)/FC26*100,1) -> 83.9 | FM26: 8 | FN26: =ROUND(FB26/D26,0) -> 29 | FO26: =ROUND(FC26/G26,0) -> 31 | FP26: =FO26-FN26 -> 2 | FR26: 18 | FS26: г.Стрежевой | FT26: 18 | FU26: =FW26+FX26+FY26+GA26 -> 131867.9 | FV26: =ROUND(FU26/G26,0) -> 131868 | FW26: 77899.9 | FX26: 45048.1 | FY26: 7911.1 | FZ26: 895 | GA26: 1008.8 | GB26: =ROUND((FW26+FX26)/FU26*100,1) -> 93.2 | GC26: 130713.7 | GD26: 90017.9 | GF26: 1725 | GH26: 3310
A27: 19 | B27: г.Томск | C27: 19 | D27: =E27+F27 -> 5 | E27: 5 | G27: =H27+I27 -> 5 | H27: 5 | J27: 947 | K27: 947 | L27: =K27-J27 -> 0 | M27: =ROUND(J27/D27,0) -> 189 | N27: =ROUND(K27/G27,0) -> 189 | O27: =N27-M27 -> 0 | P27: 8 | Q27: 9 | R27: =Q27-P27 -> 1 | S27: 3 | T27: 6 | U27: =T27-S27 -> 3 | X27: =W27-V27 -> 0 | Y27: =ROUND((S27+V27)/P27*100,1) -> 37.5 | Z27: =ROUND((T27+W27)/Q27*100,1) -> 66.7 | AA27: =Z27-Y27 -> 29.2 | AD27: =AC27-AB27 -> 0 | AF27: 19 | AG27: г.Томск | AH27: 19 | AI27: =AJ27+AK27 -> 579.329 | AJ27: 579.329 | AL27: =AM27+AN27 -> 572 | AM27: 572 | AO27: =ROUND(AI27/D27,2) -> 115.87 | AP27: =ROUND(AJ27/E27,2) -> 115.87 | AR27: =ROUND(AL27/G27,2) -> 114.4 | AS27: =ROUND(AM27/H27,2) -> 114.4 | AU27: =AR27-AO27 -> -1.47 | AV27: =AS27-AP27 -> -1.47 | AW27: =AT27-AQ27 -> 0 | AY27: 19 | AZ27: г.Томск | BA27: 19 | BB27: 85 | BC27: 87 | BD27: =BC27-BB27 -> 2 | BG27: =BF27-BE27 -> 0 | BH27: =ROUND(BB27/D27,0) -> 17 | BI27: =ROUND(BC27/G27,0) -> 17 | BJ27: =BI27-BH27 -> 0 | BK27: 1701 | BL27: 1844 | BM27: =BL27-BK27 -> 143 | BP27: =BO27-BN27 -> 0 | BQ27: =ROUND(BK27/BB27,0) -> 20 | BR27: =ROUND(BL27/BC27,0) -> 21 | BS27: =BR27-BQ27 -> 1 | BT27: 2 | BU27: 43 | BV27: 43 | BW27: =BV27-BU27 -> 0 | BZ27: =BY27-BX27 -> 0 | CA27: 1046 | CB27: 1052 | CC27: =CB27-CA27 -> 6 | CF27: =CE27-CD27 -> 0 | CG27: 71 | CH27: 76 | CI27: =CH27-CG27 -> 5 | CL27: =CK27-CJ27 -> 0 | CM27: 35 | CN27: 36 | CO27: =CN27-CM27 -> 1 | CR27: =CQ27-CP27 -> 0 | CS27: 1428 | CT27: 1602 | CU27: =CT27-CS27 -> 174 | CX27: =CW27-CV27 -> 0 | CY27: 851 | CZ27: 924 | DA27: =CZ27-CY27 -> 73 | DD27: =DC27-DB27 -> 0 | DF27: 19 | DG27: г.Томск | DH27: 19 | DI27: 1140 | DJ27: 1238 | DK27: =DJ27-DI27 -> 98 | DL27: 511 | DM27: 570 | DN27: =DM27-DL27 -> 59 | DO27: 446035 | DP27: 360379 | DQ27: =DP27-DO27 -> -85656 | DR27: 82711 | DS27: 78324 | DT27: =DS27-DR27 -> -4387 | DU27: =ROUND(DI27/D27,0) -> 228 | DV27: =ROUND(DJ27/G27,0) -> 248 | DW27: =DV27-DU27 -> 20 | DX27: 4 | DY27: 269 | DZ27: 441 | EA27: =DZ27-DY27 -> 172 | EB27: 156 | EC27: 159 | ED27: =EC27-EB27 -> 3 | EE27: =ROUND(DY27/DI27*100,1) -> 23.6 | EF27: =ROUND(DZ27/DJ27*100,1) -> 35.6 | EG27: =EF27-EE27 -> 12 | EH27: 66856 | EI27: 128664 | EJ27: =EI27-EH27 -> 61808 | EK27: 13234 | EL27: 25193 | EM27: =EL27-EK27 -> 11959 | EN27: =ROUND(EH27/DY27,0) -> 249 | EO27: =ROUND(EI27/DZ27,0) -> 292 | EP27: =EO27-EN27 -> 43 | EQ27: 2 | ES27: 19 | ET27: г.Томск | EU27: 19 | EV27: 276 | EW27: 288 | EX27: =EW27-EV27 -> 12 | EY27: 262 | EZ27: 275 | FA27: =EZ27-EY27 -> 13 | FB27: 199 | FC27: 206 | FD27: =FC27-FB27 -> 7 | FE27: 102 | FF27: 127 | FG27: =FF27-FE27 -> 25 | FH27: 55 | FI27: 53 | FJ27: =FI27-FH27 -> -2 | FK27: =ROUND((FE27+FH27)/FB27*100,1) -> 78.9 | FL27: =ROUND((FF27+FI27)/FC27*100,1) -> 87.4 | FM27: 6 | FN27: =ROUND(FB27/D27,0) -> 40 | FO27: =ROUND(FC27/G27,0) -> 41 | FP27: =FO27-FN27 -> 1 | FR27: 19 | FS27: г.Томск | FT27: 19 | FU27: =FW27+FX27+FY27+GA27 -> 223058.3 | FV27: =ROUND(FU27/G27,0) -> 44612 | FW27: 198333.1 | FX27: 426.5 | FY27: 23696.2 | FZ27: 6782 | GA27: 602.5 | GB27: =ROUND((FW27+FX27)/FU27*100,1) -> 89.1 | GC27: 221233.5 | GD27: 161849.6 | GF27: 3602.7 | GH27: 32109.3
A28: 20 | B28: ЗАТО Северск | C28: 20 | D28: =E28+F28 -> 2 | E28: 1 | F28: 1 | G28: =H28+I28 -> 2 | H28: 1 | I28: 1 | J28: 661 | K28: 661 | L28: =K28-J28 -> 0 | M28: =ROUND(J28/D28,0) -> 331 | N28: =ROUND(K28/G28,0) -> 331 | O28: =N28-M28 -> 0 | P28: 2 | Q28: 2 | R28: =Q28-P28 -> 0 | S28: 1 | T28: 1 | U28: =T28-S28 -> 0 | X28: =W28-V28 -> 0 | Y28: =ROUND((S28+V28)/P28*100,1) -> 50 | Z28: =ROUND((T28+W28)/Q28*100,1) -> 50 | AA28: =Z28-Y28 -> 0 | AD28: =AC28-AB28 -> 0 | AF28: 20 | AG28: ЗАТО Северск | AH28: 20 | AI28: =AJ28+AK28 -> 112.404 | AJ28: 106.133 | AK28: 6.271 | AL28: =AM28+AN28 -> 112 | AM28: 105.8 | AN28: 6.2 | AO28: =ROUND(AI28/D28,2) -> 56.2 | AP28: =ROUND(AJ28/E28,2) -> 106.13 | AQ28: =ROUND(AK28/F28,2) -> 6.27 | AR28: =ROUND(AL28/G28,2) -> 56 | AS28: =ROUND(AM28/H28,2) -> 105.8 | AT28: =ROUND(AN28/I28,2) -> 6.2 | AU28: =AR28-AO28 -> -0.2 | AV28: =AS28-AP28 -> -0.33 | AW28: =AT28-AQ28 -> -0.07 | AY28: 20 | AZ28: ЗАТО Северск | BA28: 20 | BB28: 40 | BC28: 40 | BD28: =BC28-BB28 -> 0 | BE28: 10 | BF28: 10 | BG28: =BF28-BE28 -> 0 | BH28: =ROUND(BB28/D28,0) -> 20 | BI28: =ROUND(BC28/G28,0) -> 20 | BJ28: =BI28-BH28 -> 0 | BK28: 1154 | BL28: 1209 | BM28: =BL28-BK28 -> 55 | BN28: 150 | BO28: 160 | BP28: =BO28-BN28 -> 10 | BQ28: =ROUND(BK28/BB28,0) -> 29 | BR28: =ROUND(BL28/BC28,0) -> 30 | BS28: =BR28-BQ28 -> 1 | BT28: 1 | BU28: 14 | BV28: 16 | BW28: =BV28-BU28 -> 2 | BX28: 2 | BY28: 4 | BZ28: =BY28-BX28 -> 2 | CA28: 590 | CB28: 616 | CC28: =CB28-CA28 -> 26 | CD28: 75 | CE28: 64 | CF28: =CE28-CD28 -> -11 | CG28: 31 | CH28: 30 | CI28: =CH28-CG28 -> -1 | CJ28: 8 | CK28: 7 | CL28: =CK28-CJ28 -> -1 | CM28: 13 | CN28: 15 | CO28: =CN28-CM28 -> 2 | CP28: 2 | CQ28: 4 | CR28: =CQ28-CP28 -> 2 | CS28: 896 | CT28: 922 | CU28: =CT28-CS28 -> 26 | CV28: 128 | CW28: 113 | CX28: =CW28-CV28 -> -15 | CY28: 561 | CZ28: 597 | DA28: =CZ28-CY28 -> 36 | DB28: 75 | DC28: 64 | DD28: =DC28-DB28 -> -11 | DF28: 20 | DG28: ЗАТО Северск | DH28: 20 | DI28: 478 | DJ28: 620 | DK28: =DJ28-DI28 -> 142 | DL28: 213 | DM28: 278 | DN28: =DM28-DL28 -> 65 | DO28: 109780 | DP28: 98768 | DQ28: =DP28-DO28 -> -11012 | DR28: 15527 | DS28: 21386 | DT28: =DS28-DR28 -> 5859 | DU28: =ROUND(DI28/D28,0) -> 239 | DV28: =ROUND(DJ28/G28,0) -> 310 | DW28: =DV28-DU28 -> 71 | DX28: 3 | DY28: 189 | DZ28: 283 | EA28: =DZ28-DY28 -> 94 | EB28: 99 | EC28: 113 | ED28: =EC28-EB28 -> 14 | EE28: =ROUND(DY28/DI28*100,1) -> 39.5 | EF28: =ROUND(DZ28/DJ28*100,1) -> 45.6 | EG28: =EF28-EE28 -> 6.1 | EH28: 18482 | EI28: 28485 | EJ28: =EI28-EH28 -> 10003 | EK28: 7843 | EL28: 12841 | EM28: =EL28-EK28 -> 4998 | EN28: =ROUND(EH28/DY28,0) -> 98 | EO28: =ROUND(EI28/DZ28,0) -> 101 | EP28: =EO28-EN28 -> 3 | EQ28: 4 | ES28: 20 | ET28: ЗАТО Северск | EU28: 20 | EV28: 103 | EW28: 106 | EX28: =EW28-EV28 -> 3 | EY28: 90 | EZ28: 95 | FA28: =EZ28-EY28 -> 5 | FB28: 55 | FC28: 58 | FD28: =FC28-FB28 -> 3 | FE28: 26 | FF28: 26 | FG28: =FF28-FE28 -> 0 | FH28: 23 | FI28: 21 | FJ28: =FI28-FH28 -> -2 | FK28: =ROUND((FE28+FH28)/FB28*100,1) -> 89.1 | FL28: =ROUND((FF28+FI28)/FC28*100,1) -> 81 | FM28: 9 | FN28: =ROUND(FB28/D28,0) -> 28 | FO28: =ROUND(FC28/G28,0) -> 29 | FP28: =FO28-FN28 -> 1 | FR28: 20 | FS28: ЗАТО Северск | FT28: 20 | FU28: =FW28+FX28+FY28+GA28 -> 84532.2 | FV28: =ROUND(FU28/G28,0) -> 42266 | FW28: 35564.4 | FX28: 38640.3 | FY28: 10127.5 | FZ28: 784 | GA28: 200 | GB28: =ROUND((FW28+FX28)/FU28*100,1) -> 87.8 | GC28: 76560.8 | GD28: 59306.8 | GF28: 6061.5 | GH28: 9273.9
B29: Итого МУ: | C29: 21 | D29: =SUM(D9:D28) -> 272 | E29: =SUM(E9:E28) -> 14 | F29: =SUM(F9:F28) -> 258 | G29: =SUM(G9:G28) -> 269 | H29: =SUM(H9:H28) -> 14 | I29: =SUM(I9:I28) -> 255 | J29: =SUM(J9:J28) -> 25850 | K29: =SUM(K9:K28) -> 25731 | L29: =K29-J29 -> -119 | M29: =ROUND(J29/D29,0) -> 95 | N29: =ROUND(K29/G29,0) -> 96 | O29: =N29-M29 -> 1 | P29: =SUM(P9:P28) -> 283 | Q29: =SUM(Q9:Q28) -> 284 | R29: =Q29-P29 -> 1 | S29: =SUM(S9:S28) -> 61 | T29: =SUM(T9:T28) -> 61 | U29: =T29-S29 -> 0 | V29: =SUM(V9:V28) -> 2 | W29: =SUM(W9:W28) -> 2 | X29: =W29-V29 -> 0 | Y29: =ROUND((S29+V29)/P29*100,1) -> 22.3 | Z29: =ROUND((T29+W29)/Q29*100,1) -> 22.2 | AA29: =Z29-Y29 -> -0.1 | AB29: =SUM(AB9:AB28) -> 4 | AC29: =SUM(AC9:AC28) -> 8 | AD29: =AC29-AB29 -> 4 | AG29: Итого: | AH29: 21 | AI29: =SUM(AI9:AI28) -> 1062.726 | AJ29: =SUM(AJ9:AJ28) -> 779.54 | AK29: =SUM(AK9:AK28) -> 283.186 | AL29: =SUM(AL9:AL28) -> 1052.1 | AM29: =SUM(AM9:AM28) -> 770.5 | AN29: =SUM(AN9:AN28) -> 281.6 | AO29: =ROUND(AI29/D29,2) -> 3.91 | AP29: =ROUND(AJ29/E29,2) -> 55.68 | AQ29: =ROUND(AK29/F29,2) -> 1.1 | AR29: =ROUND(AL29/G29,2) -> 3.91 | AS29: =ROUND(AM29/H29,2) -> 55.04 | AT29: =ROUND(AN29/I29,2) -> 1.1 | AU29: =AR29-AO29 -> 0 | AV29: =AS29-AP29 -> -0.64 | AW29: =AT29-AQ29 -> 0 | AZ29: Итого МУ: | BA29: 21 | BB29: =SUM(BB9:BB28) -> 1835 | BC29: =SUM(BC9:BC28) -> 1817 | BD29: =BC29-BB29 -> -18 | BE29: =SUM(BE9:BE28) -> 1598 | BF29: =SUM(BF9:BF28) -> 1578 | BG29: =BF29-BE29 -> -20 | BH29: =ROUND(BB29/D29,0) -> 7 | BI29: =ROUND(BC29/G29,0) -> 7 | BJ29: =BI29-BH29 -> 0 | BK29: =SUM(BK9:BK28) -> 28166 | BL29: =SUM(BL9:BL28) -> 27967 | BM29: =BL29-BK29 -> -199 | BN29: =SUM(BN9:BN28) -> 23078 | BO29: =SUM(BO9:BO28) -> 22552 | BP29: =BO29-BN29 -> -526 | BQ29: =ROUND(BK29/BB29,0) -> 15 | BR29: =ROUND(BL29/BC29,0) -> 15 | BS29: =BR29-BQ29 -> 0 | BU29: =SUM(BU9:BU28) -> 817 | BV29: =SUM(BV9:BV28) -> 791 | BW29: =BV29-BU29 -> -26 | BX29: =SUM(BX9:BX28) -> 718 | BY29: =SUM(BY9:BY28) -> 695 | BZ29: =BY29-BX29 -> -23 | CA29: =SUM(CA9:CA28) -> 12878 | CB29: =SUM(CB9:CB28) -> 12598 | CC29: =CB29-CA29 -> -280 | CD29: =SUM(CD9:CD28) -> 10266 | CE29: =SUM(CE9:CE28) -> 9938 | CF29: =CE29-CD29 -> -328 | CG29: =SUM(CG9:CG28) -> 1192 | CH29: =SUM(CH9:CH28) -> 1198 | CI29: =CH29-CG29 -> 6 | CJ29: =SUM(CJ9:CJ28) -> 1009 | CK29: =SUM(CK9:CK28) -> 1013 | CL29: =CK29-CJ29 -> 4 | CM29: =SUM(CM9:CM28) -> 549 | CN29: =SUM(CN9:CN28) -> 538 | CO29: =CN29-CM29 -> -11 | CP29: =SUM(CP9:CP28) -> 467 | CQ29: =SUM(CQ9:CQ28) -> 459 | CR29: =CQ29-CP29 -> -8 | CS29: =SUM(CS9:CS28) -> 18005 | CT29: =SUM(CT9:CT28) -> 18080 | CU29: =CT29-CS29 -> 75 | CV29: =SUM(CV9:CV28) -> 14246 | CW29: =SUM(CW9:CW28) -> 14084 | CX29: =CW29-CV29 -> -162 | CY29: =SUM(CY9:CY28) -> 9129 | CZ29: =SUM(CZ9:CZ28) -> 8817 | DA29: =CZ29-CY29 -> -312 | DB29: =SUM(DB9:DB28) -> 6890 | DC29: =SUM(DC9:DC28) -> 6522 | DD29: =DC29-DB29 -> -368 | DG29: Итого МУ: | DH29: 21 | DI29: =SUM(DI9:DI28) -> 33778 | DJ29: =SUM(DJ9:DJ28) -> 37623 | DK29: =DJ29-DI29 -> 3845 | DL29: =SUM(DL9:DL28) -> 15260 | DM29: =SUM(DM9:DM28) -> 16328 | DN29: =DM29-DL29 -> 1068 | DO29: =SUM(DO9:DO28) -> 2540456 | DP29: =SUM(DP9:DP28) -> 2879690 | DQ29: =DP29-DO29 -> 339234 | DR29: =SUM(DR9:DR28) -> 537737 | DS29: =SUM(DS9:DS28) -> 622470 | DT29: =DS29-DR29 -> 84733 | DU29: =ROUND(DI29/D29,0) -> 124 | DV29: =ROUND(DJ29/G29,0) -> 140 | DW29: =DV29-DU29 -> 16 | DY29: =SUM(DY9:DY28) -> 8524 | DZ29: =SUM(DZ9:DZ28) -> 9505 | EA29: =DZ29-DY29 -> 981 | EB29: =SUM(EB9:EB28) -> 3023 | EC29: =SUM(EC9:EC28) -> 3341 | ED29: =EC29-EB29 -> 318 | EE29: =ROUND(DY29/DI29*100,1) -> 25.2 | EF29: =ROUND(DZ29/DJ29*100,1) -> 25.3 | EG29: =EF29-EE29 -> 0.1 | EH29: =SUM(EH9:EH28) -> 343044 | EI29: =SUM(EI9:EI28) -> 467785 | EJ29: =EI29-EH29 -> 124741 | EK29: =SUM(EK9:EK28) -> 90793 | EL29: =SUM(EL9:EL28) -> 119277 | EM29: =EL29-EK29 -> 28484 | EN29: =ROUND(EH29/DY29,0) -> 40 | EO29: =ROUND(EI29/DZ29,0) -> 49 | EP29: =EO29-EN29 -> 9 | ET29: Итого МУ: | EU29: 21 | EV29: =SUM(EV9:EV28) -> 1840 | EW29: =SUM(EW9:EW28) -> 1858 | EX29: =EW29-EV29 -> 18 | EY29: =SUM(EY9:EY28) -> 1741 | EZ29: =SUM(EZ9:EZ28) -> 1767 | FA29: =EZ29-EY29 -> 26 | FB29: =SUM(FB9:FB28) -> 1112 | FC29: =SUM(FC9:FC28) -> 1128 | FD29: =FC29-FB29 -> 16 | FE29: =SUM(FE9:FE28) -> 326 | FF29: =SUM(FF9:FF28) -> 360 | FG29: =FF29-FE29 -> 34 | FH29: =SUM(FH9:FH28) -> 473 | FI29: =SUM(FI9:FI28) -> 470 | FJ29: =FI29-FH29 -> -3 | FK29: =ROUND((FE29+FH29)/FB29*100,1) -> 71.9 | FL29: =ROUND((FF29+FI29)/FC29*100,1) -> 73.6 | FN29: =ROUND(FB29/D29,0) -> 4 | FO29: =ROUND(FC29/G29,0) -> 4 | FP29: =FO29-FN29 -> 0 | FS29: Итого МУ: | FT29: 21 | FU29: =SUM(FU9:FU28) -> 1672794 | FV29: =ROUND(FU29/G29,0) -> 6219 | FW29: =SUM(FW9:FW28) -> 1016360.7 | FX29: =SUM(FX9:FX28) -> 554618.5 | FY29: =SUM(FY9:FY28) -> 98272.8 | FZ29: =SUM(FZ9:FZ28) -> 31031.9 | GA29: =SUM(GA9:GA28) -> 3542 | GB29: =ROUND((FW29+FX29)/FU29*100,1) -> 93.9 | GC29: =SUM(GC9:GC28) -> 1643228.6 | GD29: =SUM(GD9:GD28) -> 1166772.6 | GE29: =SUM(GE9:GE28) -> 31972.3 | GF29: =SUM(GF9:GF28) -> 52627.7 | GG29: =SUM(GG9:GG28) -> 941.3 | GH29: =SUM(GH9:GH28) -> 62517
A30: 1 | B30: ДНТ"Авангард" | C30: 22 | D30: =E30+F30 -> 1 | E30: 1 | G30: =H30+I30 -> 1 | H30: 1 | J30: 614 | K30: 614 | L30: =K30-J30 -> 0 | P30: 1 | Q30: 1 | R30: =Q30-P30 -> 0 | U30: =T30-S30 -> 0 | X30: =W30-V30 -> 0 | Y30: =ROUND((S30+V30)/P30*100,1) -> 0 | Z30: =ROUND((T30+W30)/Q30*100,1) -> 0 | AA30: =Z30-Y30 -> 0 | AB30: 1 | AC30: 1 | AD30: =AC30-AB30 -> 0 | AY30: 1 | AZ30: ДНТ"Авангард" | BA30: 22 | BB30: 26 | BC30: 26 | BD30: =BC30-BB30 -> 0 | BG30: =BF30-BE30 -> 0 | BK30: 877 | BL30: 1066 | BM30: =BL30-BK30 -> 189 | BP30: =BO30-BN30 -> 0 | BQ30: =ROUND(BK30/BB30,0) -> 34 | BR30: =ROUND(BL30/BC30,0) -> 41 | BS30: =BR30-BQ30 -> 7 | BU30: 11 | BV30: 16 | BW30: =BV30-BU30 -> 5 | BZ30: =BY30-BX30 -> 0 | CA30: 637 | CB30: 771 | CC30: =CB30-CA30 -> 134 | CF30: =CE30-CD30 -> 0 | CG30: 22 | CH30: 23 | CI30: =CH30-CG30 -> 1 | CL30: =CK30-CJ30 -> 0 | CM30: 10 | CN30: 14 | CO30: =CN30-CM30 -> 4 | CR30: =CQ30-CP30 -> 0 | CS30: 812 | CT30: 995 | CU30: =CT30-CS30 -> 183 | CX30: =CW30-CV30 -> 0 | CY30: 637 | CZ30: 730 | DA30: =CZ30-CY30 -> 93 | DD30: =DC30-DB30 -> 0 | DF30: 1 | DG30: ДНТ"Авангард" | DH30: 22 | DI30: 1051 | DJ30: 968 | DK30: =DJ30-DI30 -> -83 | DL30: 221 | DM30: 126 | DN30: =DM30-DL30 -> -95 | DO30: 505205 | DP30: 751206 | DQ30: =DP30-DO30 -> 246001 | DR30: 162463 | DS30: 103159 | DT30: =DS30-DR30 -> -59304 | DY30: 608 | DZ30: 376 | EA30: =DZ30-DY30 -> -232 | EB30: 82 | EC30: 83 | ED30: =EC30-EB30 -> 1 | EE30: =ROUND(DY30/DI30*100,1) -> 57.8 | EF30: =ROUND(DZ30/DJ30*100,1) -> 38.8 | EG30: =EF30-EE30 -> -19 | EH30: 198456 | EI30: 141446 | EJ30: =EI30-EH30 -> -57010 | EK30: 40973 | EL30: 70286 | EM30: =EL30-EK30 -> 29313 | EN30: =ROUND(EH30/DY30,0) -> 326 | EO30: =ROUND(EI30/DZ30,0) -> 376 | EP30: =EO30-EN30 -> 50 | ES30: 1 | ET30: ДНТ"Авангард" | EU30: 22 | EV30: 113 | EW30: 111 | EX30: =EW30-EV30 -> -2 | EY30: 102 | EZ30: 99 | FA30: =EZ30-EY30 -> -3 | FB30: 62 | FC30: 61 | FD30: =FC30-FB30 -> -1 | FE30: 22 | FF30: 21 | FG30: =FF30-FE30 -> -1 | FH30: 5 | FI30: 1 | FJ30: =FI30-FH30 -> -4 | FK30: =ROUND((FE30+FH30)/FB30*100,1) -> 43.5 | FL30: =ROUND((FF30+FI30)/FC30*100,1) -> 36.1 | FR30: 1 | FS30: ДНТ"Авангард" | FT30: 22 | FU30: =FW30+FX30+FY30+GA30 -> 193936.3 | FV30: =ROUND(FU30/G30,0) -> 193936 | FW30: 176427.8 | FY30: 17138.6 | GA30: 369.9 | GB30: =ROUND((FW30+FX30)/FU30*100,1) -> 91 | GC30: 193442 | GD30: 75526.3 | GF30: 21057.5 | GH30: 80576.8
